Workbook
Name Average: 'Data for Rough Cost'!$D$111:$D$122
Name Average1: 'Data for Rough Cost'!$DK$2:$DK$5
Name Average10: 'Data for Rough Cost'!$DT$2:$DT$5
Name Average11: 'Data for Rough Cost'!$DU$2:$DU$3
Name Average12: 'Data for Rough Cost'!$DV$2:$DV$3
Name Average2: 'Data for Rough Cost'!$DL$2:$DL$5
Name Average3: 'Data for Rough Cost'!$DM$2:$DM$5
Name Average4: 'Data for Rough Cost'!$DN$2:$DN$5
Name Average5: 'Data for Rough Cost'!$DO$2:$DO$5
Name Average6: 'Data for Rough Cost'!$DP$2:$DP$5
Name Average7: 'Data for Rough Cost'!$DQ$2:$DQ$5
Name Average8: 'Data for Rough Cost'!$DR$2:$DR$5
Name Average9: 'Data for Rough Cost'!$DS$2:$DS$5
Name Categories: 'Data for Rough Cost'!$A$2:$A$3
Name Commercial: 'Data for Rough Cost'!$B$2
Name Custom: 'Data for Rough Cost'!$D$123:$D$132
Name Custom1: 'Data for Rough Cost'!$DW$2:$DW$5
Name Custom10: 'Data for Rough Cost'!$EF$2:$EF$5
Name Custom2: 'Data for Rough Cost'!$DX$2:$DX$5
Name Custom3: 'Data for Rough Cost'!$DY$2:$DY$5
Name Custom4: 'Data for Rough Cost'!$DZ$2:$DZ$5
Name Custom5: 'Data for Rough Cost'!$EA$2:$EA$5
Name Custom6: 'Data for Rough Cost'!$EB$2:$EB$5
Name Custom7: 'Data for Rough Cost'!$EC$2:$EC$5
Name Custom8: 'Data for Rough Cost'!$ED$2:$ED$5
Name Custom9: 'Data for Rough Cost'!$EE$2:$EE$5
Name Default: 'Data for Rough Cost'!$D$2:$D$102
Name Default1: 'Data for Rough Cost'!$F$2:$F$7
Name Default10: 'Data for Rough Cost'!$O$2:$O$7
Name Default100: 'Data for Rough Cost'!$DA$2:$DA$7
Name Default101: 'Data for Rough Cost'!$DB$2:$DB$7
Name Default11: 'Data for Rough Cost'!$P$2:$P$7
Name Default12: 'Data for Rough Cost'!$Q$2:$Q$7
Name Default13: 'Data for Rough Cost'!$R$2:$R$7
Name Default14: 'Data for Rough Cost'!$S$2:$S$7
Name Default15: 'Data for Rough Cost'!$T$2:$T$7
Name Default16: 'Data for Rough Cost'!$U$2:$U$7
Name Default17: 'Data for Rough Cost'!$V$2:$V$7
Name Default18: 'Data for Rough Cost'!$W$2:$W$7
Name Default19: 'Data for Rough Cost'!$X$2:$X$7
Name Default2: 'Data for Rough Cost'!$G$2:$G$7
Name Default20: 'Data for Rough Cost'!$Y$2:$Y$7
Name Default21: 'Data for Rough Cost'!$Z$2:$Z$7
Name Default22: 'Data for Rough Cost'!$AA$2:$AA$7
Name Default23: 'Data for Rough Cost'!$AB$2:$AB$7
Name Default24: 'Data for Rough Cost'!$AC$2:$AC$7
Name Default25: 'Data for Rough Cost'!$AD$2:$AD$7
Name Default26: 'Data for Rough Cost'!$AE$2:$AE$7
Name Default27: 'Data for Rough Cost'!$AF$2:$AF$7
Name Default28: 'Data for Rough Cost'!$AG$2:$AG$7
Name Default29: 'Data for Rough Cost'!$AH$2:$AH$7
Name Default3: 'Data for Rough Cost'!$H$2:$H$7
Name Default30: 'Data for Rough Cost'!$AI$2:$AI$7
Name Default31: 'Data for Rough Cost'!$AJ$2:$AJ$7
Name Default32: 'Data for Rough Cost'!$AK$2:$AK$7
Name Default33: 'Data for Rough Cost'!$AL$2:$AL$7
Name Default34: 'Data for Rough Cost'!$AM$2:$AM$7
Name Default35: 'Data for Rough Cost'!$AN$2:$AN$7
Name Default36: 'Data for Rough Cost'!$AO$2:$AO$7
Name Default37: 'Data for Rough Cost'!$AP$2:$AP$7

Sheet BUILDING 1
A1: ITEM # | B1: REF. SHEET | C1: DETAIL | D1: CSI SECT | E1: Sub Contractor | F1: DESCRIPTION | G1: QTY. | H1: WASTAGE | I1: QTY WITH WASTAGE | J1: UNIT | K1: UNIT LABOR HOURS | L1: TOTAL LABOR HOURS | M1: PER HOUR LABOR RATE | N1: TOTAL LABOR COST | O1: UNIT MATERIAL COST | P1: TOTAL MATERIAL COST | Q1: ITEM COST | R1: TRADE COST | S1: UNIT ITEM COST WITH MARKUPS | T1: TOTAL ITEM COST WITH MARKUPS
A2: Estimate of Materials Quantities and Cost of Construction
B3: CLICK HERE TO GO BACK TO COST SUMMARY
D4: Sub-Total | E4: =Q216 -> 518726.68 | J4: Date: | K4: 46076
C5: Material Sales Tax | D5: 0.06972 | E5: =P216*D5 -> 10131.532 | F5: (Adjust the percentage for Material tax as required) | J5: Project: | K5: Cline Mission Propities
C6: Overhead & Profit / Inflation (Material) | D6: 0.2 | E6: =P216*D6 -> 29063.488 | F6: (Adjust the percentage for Overhead & Profit as required) | J6: Project Location: | K6: Stumptown Rd, Huntersville
C7: Overhead & Profit (Labor) | D7: 0.2 | E7: =N216*D7 -> 74681.847 | F7: (Adjust the percentage for Overhead & Profit as required) | J7: Project and Wage Type: | K7: Private (Non-Prevailing wage)
C8: Bond Fee | D8: 0.015 | E8: =(E4+E5+E6+E7)*D8 -> 9489.0532 | F8: (Adjust the percentage for Bond Fee as required) | K8: BUILDING 1
D9: Total Bid | E9: =E4+E5+E6+E7+E8 -> 642092.6 | J9: Gross Internal Area of Structure (SF) | K9: 75200
J10: Covered Area of Structure (SF) | K10: 75200
C11: Material Wastage 1 | D11: 0 | E11: ( for Quantities in Each & LS) | J11: No. of Units | K11: 40
C12: Material Wastage 2 | D12: 0.05 | E12: ( for Quantities in LF, SF, SY, CY, LBS, TONS) | J12: No. of Floors and Overall Height | K12: 4 (49'-4")
B13: (Changing the wastage percentage here will update the wastage for whole tab) | J13: Hardscaping Area (SF) | K13: 0
J14: Soft scaping Area (SF) | K14: 0
B15: To change hourly rates for any trade please go to "Hourly Rates" Tab
A17: ITEM # | B17: REF. SHEET | C17: DETAIL | D17: CSI SECT | E17: Sub Contractor | F17: DESCRIPTION | G17: QTY. | H17: WASTAGE | I17: QTY WITH WASTAGE | J17: UNIT | K17: UNIT LABOR HOURS | L17: TOTAL LABOR HOURS | M17: PER HOUR LABOR RATE | N17: TOTAL LABOR COST | O17: UNIT MATERIAL COST | P17: TOTAL MATERIAL COST | Q17: ITEM COST | R17: TRADE COST | S17: UNIT COST WITH MARKUPS | T17: TOTAL COST WITH MARKUPS
D18: DIV-01 | F18: General | R18: =SUM(Q19:Q65) -> 36309.155 | S18: =U18 -> 482417.52 | U18: =SUM(Q67:Q215) -> 482417.52
F20: Plan Design And Permitting
A21: =IF(J21<>"",1+MAX($A$18:A20),"") -> 1 | D21: DIV-01 | E21: General Requirements | F21: Architecture (Assumed By Owner) | G21: 1 | H21: =IF(VLOOKUP(J21,'HOURLY RATES'!B$116:C$124,2,0)=0,$J$3,VLOOKUP(J21,'HOURLY RATES'!B$116:C$124,2,0)) -> 0 | I21: =(G21*(1+H21)) -> 1 | J21: LS | L21: =K21*I21 -> 0 | M21: =IF(VLOOKUP(E21,'HOURLY RATES'!C$6:D$105,2,0)=0,$E$3,VLOOKUP(E21,'HOURLY RATES'!C$6:D$105,2,0)) -> 54 | N21: =M21*L21 -> 0 | P21: =O21*I21 -> 0 | Q21: =P21+N21 -> 0 | S21: =((((N21*(1+$D$7))+(P21*(1+$D$5+$D$6)))*(1+$D$8)))/I21 -> 0 | T21: =S21*I21 -> 0
A22: =IF(J22<>"",1+MAX($A$18:A21),"") -> 2 | D22: DIV-01 | E22: General Requirements | F22: Engineering (Assumed By Owner) | G22: 1 | H22: =IF(VLOOKUP(J22,'HOURLY RATES'!B$116:C$124,2,0)=0,$J$3,VLOOKUP(J22,'HOURLY RATES'!B$116:C$124,2,0)) -> 0 | I22: =(G22*(1+H22)) -> 1 | J22: LS | L22: =K22*I22 -> 0 | M22: =IF(VLOOKUP(E22,'HOURLY RATES'!C$6:D$105,2,0)=0,$E$3,VLOOKUP(E22,'HOURLY RATES'!C$6:D$105,2,0)) -> 54 | N22: =M22*L22 -> 0 | P22: =O22*I22 -> 0 | Q22: =P22+N22 -> 0 | S22: =((((N22*(1+$D$7))+(P22*(1+$D$5+$D$6)))*(1+$D$8)))/I22 -> 0 | T22: =S22*I22 -> 0
A23: =IF(J23<>"",1+MAX($A$18:A22),"") -> 3 | D23: DIV-01 | E23: General Requirements | F23: Surveying | G23: 1 | H23: =IF(VLOOKUP(J23,'HOURLY RATES'!B$116:C$124,2,0)=0,$J$3,VLOOKUP(J23,'HOURLY RATES'!B$116:C$124,2,0)) -> 0 | I23: =(G23*(1+H23)) -> 1 | J23: LS | L23: =K23*I23 -> 0 | M23: =IF(VLOOKUP(E23,'HOURLY RATES'!C$6:D$105,2,0)=0,$E$3,VLOOKUP(E23,'HOURLY RATES'!C$6:D$105,2,0)) -> 54 | N23: =M23*L23 -> 0 | P23: =O23*I23 -> 0 | Q23: =P23+N23 -> 0 | S23: =((((N23*(1+$D$7))+(P23*(1+$D$5+$D$6)))*(1+$D$8)))/I23 -> 0 | T23: =S23*I23 -> 0
A24: =IF(J24<>"",1+MAX($A$18:A23),"") -> 4 | D24: DIV-01 | E24: General Requirements | F24: Soils Report (Assumed By Owner) | G24: 1 | H24: =IF(VLOOKUP(J24,'HOURLY RATES'!B$116:C$124,2,0)=0,$J$3,VLOOKUP(J24,'HOURLY RATES'!B$116:C$124,2,0)) -> 0 | I24: =(G24*(1+H24)) -> 1 | J24: LS | L24: =K24*I24 -> 0 | M24: =IF(VLOOKUP(E24,'HOURLY RATES'!C$6:D$105,2,0)=0,$E$3,VLOOKUP(E24,'HOURLY RATES'!C$6:D$105,2,0)) -> 54 | N24: =M24*L24 -> 0 | P24: =O24*I24 -> 0 | Q24: =P24+N24 -> 0 | S24: =((((N24*(1+$D$7))+(P24*(1+$D$5+$D$6)))*(1+$D$8)))/I24 -> 0 | T24: =S24*I24 -> 0
A25: =IF(J25<>"",1+MAX($A$18:A24),"") -> 5 | D25: DIV-01 | E25: General Requirements | F25: Geological Report (Assumed By Owner) | G25: 1 | H25: =IF(VLOOKUP(J25,'HOURLY RATES'!B$116:C$124,2,0)=0,$J$3,VLOOKUP(J25,'HOURLY RATES'!B$116:C$124,2,0)) -> 0 | I25: =(G25*(1+H25)) -> 1 | J25: LS | L25: =K25*I25 -> 0 | M25: =IF(VLOOKUP(E25,'HOURLY RATES'!C$6:D$105,2,0)=0,$E$3,VLOOKUP(E25,'HOURLY RATES'!C$6:D$105,2,0)) -> 54 | N25: =M25*L25 -> 0 | P25: =O25*I25 -> 0 | Q25: =P25+N25 -> 0 | S25: =((((N25*(1+$D$7))+(P25*(1+$D$5+$D$6)))*(1+$D$8)))/I25 -> 0 | T25: =S25*I25 -> 0
A26: =IF(J26<>"",1+MAX($A$18:A25),"") -> 6 | D26: DIV-01 | E26: General Requirements | F26: Concrete Testing | G26: 1 | H26: =IF(VLOOKUP(J26,'HOURLY RATES'!B$116:C$124,2,0)=0,$J$3,VLOOKUP(J26,'HOURLY RATES'!B$116:C$124,2,0)) -> 0 | I26: =(G26*(1+H26)) -> 1 | J26: LS | L26: =K26*I26 -> 0 | M26: =IF(VLOOKUP(E26,'HOURLY RATES'!C$6:D$105,2,0)=0,$E$3,VLOOKUP(E26,'HOURLY RATES'!C$6:D$105,2,0)) -> 54 | N26: =M26*L26 -> 0 | P26: =O26*I26 -> 0 | Q26: =P26+N26 -> 0 | S26: =((((N26*(1+$D$7))+(P26*(1+$D$5+$D$6)))*(1+$D$8)))/I26 -> 0 | T26: =S26*I26 -> 0
A27: =IF(J27<>"",1+MAX($A$18:A26),"") -> 7 | D27: DIV-01 | E27: General Requirements | F27: Permit Fee | G27: 1 | H27: =IF(VLOOKUP(J27,'HOURLY RATES'!B$116:C$124,2,0)=0,$J$3,VLOOKUP(J27,'HOURLY RATES'!B$116:C$124,2,0)) -> 0 | I27: =(G27*(1+H27)) -> 1 | J27: LS | K27: =1%*($S$18)/M27 -> 89.336578 | L27: =K27*I27 -> 89.336578 | M27: =IF(VLOOKUP(E27,'HOURLY RATES'!C$6:D$105,2,0)=0,$E$3,VLOOKUP(E27,'HOURLY RATES'!C$6:D$105,2,0)) -> 54 | N27: =M27*L27 -> 4824.1752 | P27: =O27*I27 -> 0 | Q27: =P27+N27 -> 4824.1752 | S27: =((((N27*(1+$D$7))+(P27*(1+$D$5+$D$6)))*(1+$D$8)))/I27 -> 5875.8454 | T27: =S27*I27 -> 5875.8454
A28: =IF(J28<>"",1+MAX($A$18:A27),"") -> 8 | D28: DIV-01 | E28: General Requirements | F28: Permits (Based On Interior Finish Area) | G28: 1 | H28: =IF(VLOOKUP(J28,'HOURLY RATES'!B$116:C$124,2,0)=0,$J$3,VLOOKUP(J28,'HOURLY RATES'!B$116:C$124,2,0)) -> 0 | I28: =(G28*(1+H28)) -> 1 | J28: LS | L28: =K28*I28 -> 0 | M28: =IF(VLOOKUP(E28,'HOURLY RATES'!C$6:D$105,2,0)=0,$E$3,VLOOKUP(E28,'HOURLY RATES'!C$6:D$105,2,0)) -> 54 | N28: =M28*L28 -> 0 | P28: =O28*I28 -> 0 | Q28: =P28+N28 -> 0 | S28: =((((N28*(1+$D$7))+(P28*(1+$D$5+$D$6)))*(1+$D$8)))/I28 -> 0 | T28: =S28*I28 -> 0
A29: =IF(J29<>"",1+MAX($A$18:A28),"") -> 9 | D29: DIV-01 | E29: General Requirements | F29: Plan Coordination | G29: 1 | H29: =IF(VLOOKUP(J29,'HOURLY RATES'!B$116:C$124,2,0)=0,$J$3,VLOOKUP(J29,'HOURLY RATES'!B$116:C$124,2,0)) -> 0 | I29: =(G29*(1+H29)) -> 1 | J29: LS | L29: =K29*I29 -> 0 | M29: =IF(VLOOKUP(E29,'HOURLY RATES'!C$6:D$105,2,0)=0,$E$3,VLOOKUP(E29,'HOURLY RATES'!C$6:D$105,2,0)) -> 54 | N29: =M29*L29 -> 0 | P29: =O29*I29 -> 0 | Q29: =P29+N29 -> 0 | S29: =((((N29*(1+$D$7))+(P29*(1+$D$5+$D$6)))*(1+$D$8)))/I29 -> 0 | T29: =S29*I29 -> 0
A30: =IF(J30<>"",1+MAX($A$18:A29),"") -> 10 | D30: DIV-01 | E30: General Requirements | F30: Roof Inspection | G30: 1 | H30: =IF(VLOOKUP(J30,'HOURLY RATES'!B$116:C$124,2,0)=0,$J$3,VLOOKUP(J30,'HOURLY RATES'!B$116:C$124,2,0)) -> 0 | I30: =(G30*(1+H30)) -> 1 | J30: LS | L30: =K30*I30 -> 0 | M30: =IF(VLOOKUP(E30,'HOURLY RATES'!C$6:D$105,2,0)=0,$E$3,VLOOKUP(E30,'HOURLY RATES'!C$6:D$105,2,0)) -> 54 | N30: =M30*L30 -> 0 | P30: =O30*I30 -> 0 | Q30: =P30+N30 -> 0 | S30: =((((N30*(1+$D$7))+(P30*(1+$D$5+$D$6)))*(1+$D$8)))/I30 -> 0 | T30: =S30*I30 -> 0
A31: =IF(J31<>"",1+MAX($A$18:A30),"") -> 11 | D31: DIV-01 | E31: General Requirements | F31: Blueprints (?? Pages) | G31: 1 | H31: =IF(VLOOKUP(J31,'HOURLY RATES'!B$116:C$124,2,0)=0,$J$3,VLOOKUP(J31,'HOURLY RATES'!B$116:C$124,2,0)) -> 0 | I31: =(G31*(1+H31)) -> 1 | J31: LS | L31: =K31*I31 -> 0 | M31: =IF(VLOOKUP(E31,'HOURLY RATES'!C$6:D$105,2,0)=0,$E$3,VLOOKUP(E31,'HOURLY RATES'!C$6:D$105,2,0)) -> 54 | N31: =M31*L31 -> 0 | P31: =O31*I31 -> 0 | Q31: =P31+N31 -> 0 | S31: =((((N31*(1+$D$7))+(P31*(1+$D$5+$D$6)))*(1+$D$8)))/I31 -> 0 | T31: =S31*I31 -> 0
A32: =IF(J32<>"",1+MAX($A$18:A31),"")
A33: =IF(J33<>"",1+MAX($A$18:A32),"") | F33: Utilities
A34: =IF(J34<>"",1+MAX($A$18:A33),"") -> 12 | D34: DIV-01 | E34: General Requirements | F34: Utilities During Construction (Based On Interior Finish Area) | G34: 1 | H34: =IF(VLOOKUP(J34,'HOURLY RATES'!B$116:C$124,2,0)=0,$J$3,VLOOKUP(J34,'HOURLY RATES'!B$116:C$124,2,0)) -> 0 | I34: =(G34*(1+H34)) -> 1 | J34: LS | K34: =(0.288%*(S18)/M34)*2 -> 51.457869 | L34: =K34*I34 -> 51.457869 | M34: =IF(VLOOKUP(E34,'HOURLY RATES'!C$6:D$105,2,0)=0,$E$3,VLOOKUP(E34,'HOURLY RATES'!C$6:D$105,2,0)) -> 54 | N34: =M34*L34 -> 2778.7249 | P34: =O34*I34 -> 0 | Q34: =P34+N34 -> 2778.7249 | S34: =((((N34*(1+$D$7))+(P34*(1+$D$5+$D$6)))*(1+$D$8)))/I34 -> 3384.487 | T34: =S34*I34 -> 3384.487
A35: =IF(J35<>"",1+MAX($A$18:A34),"") -> 13 | D35: DIV-01 | E35: General Requirements | F35: Port-O-Potty (Based On Interior Finish Area) | G35: 1 | H35: =IF(VLOOKUP(J35,'HOURLY RATES'!B$116:C$124,2,0)=0,$J$3,VLOOKUP(J35,'HOURLY RATES'!B$116:C$124,2,0)) -> 0 | I35: =(G35*(1+H35)) -> 1 | J35: LS | L35: =K35*I35 -> 0 | M35: =IF(VLOOKUP(E35,'HOURLY RATES'!C$6:D$105,2,0)=0,$E$3,VLOOKUP(E35,'HOURLY RATES'!C$6:D$105,2,0)) -> 54 | N35: =M35*L35 -> 0 | P35: =O35*I35 -> 0 | Q35: =P35+N35 -> 0 | S35: =((((N35*(1+$D$7))+(P35*(1+$D$5+$D$6)))*(1+$D$8)))/I35 -> 0 | T35: =S35*I35 -> 0
A36: =IF(J36<>"",1+MAX($A$18:A35),"") -> 14 | D36: DIV-01 | E36: General Requirements | F36: Temporary Power (Based On Interior Finish Area) | G36: 1 | H36: =IF(VLOOKUP(J36,'HOURLY RATES'!B$116:C$124,2,0)=0,$J$3,VLOOKUP(J36,'HOURLY RATES'!B$116:C$124,2,0)) -> 0 | I36: =(G36*(1+H36)) -> 1 | J36: LS | K36: =(0.65%*(S18)/M36)*1.77 -> 102.78173 | L36: =K36*I36 -> 102.78173 | M36: =IF(VLOOKUP(E36,'HOURLY RATES'!C$6:D$105,2,0)=0,$E$3,VLOOKUP(E36,'HOURLY RATES'!C$6:D$105,2,0)) -> 54 | N36: =M36*L36 -> 5550.2136 | P36: =O36*I36 -> 0 | Q36: =P36+N36 -> 5550.2136 | S36: =((((N36*(1+$D$7))+(P36*(1+$D$5+$D$6)))*(1+$D$8)))/I36 -> 6760.1602 | T36: =S36*I36 -> 6760.1602
A37: =IF(J37<>"",1+MAX($A$18:A36),"")
A38: =IF(J38<>"",1+MAX($A$18:A37),"") | F38: Equipment And Tools
A39: =IF(J39<>"",1+MAX($A$18:A38),"") -> 15 | D39: DIV-01 | E39: General Requirements | F39: Tool Rentals | G39: 1 | H39: =IF(VLOOKUP(J39,'HOURLY RATES'!B$116:C$124,2,0)=0,$J$3,VLOOKUP(J39,'HOURLY RATES'!B$116:C$124,2,0)) -> 0 | I39: =(G39*(1+H39)) -> 1 | J39: LS | L39: =K39*I39 -> 0 | M39: =IF(VLOOKUP(E39,'HOURLY RATES'!C$6:D$105,2,0)=0,$E$3,VLOOKUP(E39,'HOURLY RATES'!C$6:D$105,2,0)) -> 54 | N39: =M39*L39 -> 0 | P39: =O39*I39 -> 0 | Q39: =P39+N39 -> 0 | S39: =((((N39*(1+$D$7))+(P39*(1+$D$5+$D$6)))*(1+$D$8)))/I39 -> 0 | T39: =S39*I39 -> 0
A40: =IF(J40<>"",1+MAX($A$18:A39),"") -> 16 | D40: DIV-01 | E40: General Requirements | F40: Tool Shed | G40: 1 | H40: =IF(VLOOKUP(J40,'HOURLY RATES'!B$116:C$124,2,0)=0,$J$3,VLOOKUP(J40,'HOURLY RATES'!B$116:C$124,2,0)) -> 0 | I40: =(G40*(1+H40)) -> 1 | J40: LS | L40: =K40*I40 -> 0 | M40: =IF(VLOOKUP(E40,'HOURLY RATES'!C$6:D$105,2,0)=0,$E$3,VLOOKUP(E40,'HOURLY RATES'!C$6:D$105,2,0)) -> 54 | N40: =M40*L40 -> 0 | P40: =O40*I40 -> 0 | Q40: =P40+N40 -> 0 | S40: =((((N40*(1+$D$7))+(P40*(1+$D$5+$D$6)))*(1+$D$8)))/I40 -> 0 | T40: =S40*I40 -> 0
A41: =IF(J41<>"",1+MAX($A$18:A40),"") -> 17 | D41: DIV-01 | E41: General Requirements | F41: Dust Control | G41: 1 | H41: =IF(VLOOKUP(J41,'HOURLY RATES'!B$116:C$124,2,0)=0,$J$3,VLOOKUP(J41,'HOURLY RATES'!B$116:C$124,2,0)) -> 0 | I41: =(G41*(1+H41)) -> 1 | J41: LS | L41: =K41*I41 -> 0 | M41: =IF(VLOOKUP(E41,'HOURLY RATES'!C$6:D$105,2,0)=0,$E$3,VLOOKUP(E41,'HOURLY RATES'!C$6:D$105,2,0)) -> 54 | N41: =M41*L41 -> 0 | P41: =O41*I41 -> 0 | Q41: =P41+N41 -> 0 | S41: =((((N41*(1+$D$7))+(P41*(1+$D$5+$D$6)))*(1+$D$8)))/I41 -> 0 | T41: =S41*I41 -> 0
A42: =IF(J42<>"",1+MAX($A$18:A41),"") -> 18 | D42: DIV-01 | E42: General Requirements | F42: Ice, Water, Beverages | G42: 1 | H42: =IF(VLOOKUP(J42,'HOURLY RATES'!B$116:C$124,2,0)=0,$J$3,VLOOKUP(J42,'HOURLY RATES'!B$116:C$124,2,0)) -> 0 | I42: =(G42*(1+H42)) -> 1 | J42: LS | L42: =K42*I42 -> 0 | M42: =IF(VLOOKUP(E42,'HOURLY RATES'!C$6:D$105,2,0)=0,$E$3,VLOOKUP(E42,'HOURLY RATES'!C$6:D$105,2,0)) -> 54 | N42: =M42*L42 -> 0 | P42: =O42*I42 -> 0 | Q42: =P42+N42 -> 0 | S42: =((((N42*(1+$D$7))+(P42*(1+$D$5+$D$6)))*(1+$D$8)))/I42 -> 0 | T42: =S42*I42 -> 0
A43: =IF(J43<>"",1+MAX($A$18:A42),"") -> 19 | D43: DIV-01 | E43: General Requirements | F43: Garbage Dumpster / Trash Containers | G43: 1 | H43: =IF(VLOOKUP(J43,'HOURLY RATES'!B$116:C$124,2,0)=0,$J$3,VLOOKUP(J43,'HOURLY RATES'!B$116:C$124,2,0)) -> 0 | I43: =(G43*(1+H43)) -> 1 | J43: LS | L43: =K43*I43 -> 0 | M43: =IF(VLOOKUP(E43,'HOURLY RATES'!C$6:D$105,2,0)=0,$E$3,VLOOKUP(E43,'HOURLY RATES'!C$6:D$105,2,0)) -> 54 | N43: =M43*L43 -> 0 | P43: =O43*I43 -> 0 | Q43: =P43+N43 -> 0 | S43: =((((N43*(1+$D$7))+(P43*(1+$D$5+$D$6)))*(1+$D$8)))/I43 -> 0 | T43: =S43*I43 -> 0
A44: =IF(J44<>"",1+MAX($A$18:A43),"") -> 20 | D44: DIV-01 | E44: General Requirements | F44: Mobilization/Demobilization (Temporary Control & Facilities) | G44: 1 | H44: =IF(VLOOKUP(J44,'HOURLY RATES'!B$116:C$124,2,0)=0,$J$3,VLOOKUP(J44,'HOURLY RATES'!B$116:C$124,2,0)) -> 0 | I44: =(G44*(1+H44)) -> 1 | J44: LS | K44: =2.2%*($S$18)/M44 -> 196.54047 | L44: =K44*I44 -> 196.54047 | M44: =IF(VLOOKUP(E44,'HOURLY RATES'!C$6:D$105,2,0)=0,$E$3,VLOOKUP(E44,'HOURLY RATES'!C$6:D$105,2,0)) -> 54 | N44: =M44*L44 -> 10613.185 | P44: =O44*I44 -> 0 | Q44: =P44+N44 -> 10613.185 | S44: =((((N44*(1+$D$7))+(P44*(1+$D$5+$D$6)))*(1+$D$8)))/I44 -> 12926.86 | T44: =S44*I44 -> 12926.86
A45: =IF(J45<>"",1+MAX($A$18:A44),"")
A46: =IF(J46<>"",1+MAX($A$18:A45),"") | F46: Signage And Promotion
A47: =IF(J47<>"",1+MAX($A$18:A46),"") -> 21 | D47: DIV-01 | E47: General Requirements | F47: Job Signs | G47: 1 | H47: =IF(VLOOKUP(J47,'HOURLY RATES'!B$116:C$124,2,0)=0,$J$3,VLOOKUP(J47,'HOURLY RATES'!B$116:C$124,2,0)) -> 0 | I47: =(G47*(1+H47)) -> 1 | J47: LS | L47: =K47*I47 -> 0 | M47: =IF(VLOOKUP(E47,'HOURLY RATES'!C$6:D$105,2,0)=0,$E$3,VLOOKUP(E47,'HOURLY RATES'!C$6:D$105,2,0)) -> 54 | N47: =M47*L47 -> 0 | P47: =O47*I47 -> 0 | Q47: =P47+N47 -> 0 | S47: =((((N47*(1+$D$7))+(P47*(1+$D$5+$D$6)))*(1+$D$8)))/I47 -> 0 | T47: =S47*I47 -> 0
A48: =IF(J48<>"",1+MAX($A$18:A47),"") -> 22 | D48: DIV-01 | E48: General Requirements | F48: Job Photos | G48: 1 | H48: =IF(VLOOKUP(J48,'HOURLY RATES'!B$116:C$124,2,0)=0,$J$3,VLOOKUP(J48,'HOURLY RATES'!B$116:C$124,2,0)) -> 0 | I48: =(G48*(1+H48)) -> 1 | J48: LS | L48: =K48*I48 -> 0 | M48: =IF(VLOOKUP(E48,'HOURLY RATES'!C$6:D$105,2,0)=0,$E$3,VLOOKUP(E48,'HOURLY RATES'!C$6:D$105,2,0)) -> 54 | N48: =M48*L48 -> 0 | P48: =O48*I48 -> 0 | Q48: =P48+N48 -> 0 | S48: =((((N48*(1+$D$7))+(P48*(1+$D$5+$D$6)))*(1+$D$8)))/I48 -> 0 | T48: =S48*I48 -> 0
A49: =IF(J49<>"",1+MAX($A$18:A48),"") -> 23 | D49: DIV-01 | E49: General Requirements | F49: Signage | G49: 1 | H49: =IF(VLOOKUP(J49,'HOURLY RATES'!B$116:C$124,2,0)=0,$J$3,VLOOKUP(J49,'HOURLY RATES'!B$116:C$124,2,0)) -> 0 | I49: =(G49*(1+H49)) -> 1 | J49: LS | L49: =K49*I49 -> 0 | M49: =IF(VLOOKUP(E49,'HOURLY RATES'!C$6:D$105,2,0)=0,$E$3,VLOOKUP(E49,'HOURLY RATES'!C$6:D$105,2,0)) -> 54 | N49: =M49*L49 -> 0 | P49: =O49*I49 -> 0 | Q49: =P49+N49 -> 0 | S49: =((((N49*(1+$D$7))+(P49*(1+$D$5+$D$6)))*(1+$D$8)))/I49 -> 0 | T49: =S49*I49 -> 0
A50: =IF(J50<>"",1+MAX($A$18:A49),"") -> 24 | D50: DIV-01 | E50: General Requirements | F50: Promotion/Entertainment | G50: 1 | H50: =IF(VLOOKUP(J50,'HOURLY RATES'!B$116:C$124,2,0)=0,$J$3,VLOOKUP(J50,'HOURLY RATES'!B$116:C$124,2,0)) -> 0 | I50: =(G50*(1+H50)) -> 1 | J50: LS | L50: =K50*I50 -> 0 | M50: =IF(VLOOKUP(E50,'HOURLY RATES'!C$6:D$105,2,0)=0,$E$3,VLOOKUP(E50,'HOURLY RATES'!C$6:D$105,2,0)) -> 54 | N50: =M50*L50 -> 0 | P50: =O50*I50 -> 0 | Q50: =P50+N50 -> 0 | S50: =((((N50*(1+$D$7))+(P50*(1+$D$5+$D$6)))*(1+$D$8)))/I50 -> 0 | T50: =S50*I50 -> 0
A51: =IF(J51<>"",1+MAX($A$18:A50),"") -> 25 | D51: DIV-01 | E51: General Requirements | F51: Misc. | G51: 1 | H51: =IF(VLOOKUP(J51,'HOURLY RATES'!B$116:C$124,2,0)=0,$J$3,VLOOKUP(J51,'HOURLY RATES'!B$116:C$124,2,0)) -> 0 | I51: =(G51*(1+H51)) -> 1 | J51: LS | L51: =K51*I51 -> 0 | M51: =IF(VLOOKUP(E51,'HOURLY RATES'!C$6:D$105,2,0)=0,$E$3,VLOOKUP(E51,'HOURLY RATES'!C$6:D$105,2,0)) -> 54 | N51: =M51*L51 -> 0 | P51: =O51*I51 -> 0 | Q51: =P51+N51 -> 0 | S51: =((((N51*(1+$D$7))+(P51*(1+$D$5+$D$6)))*(1+$D$8)))/I51 -> 0 | T51: =S51*I51 -> 0
A52: =IF(J52<>"",1+MAX($A$18:A51),"")
A53: =IF(J53<>"",1+MAX($A$18:A52),"") | F53: Cleaning And Final
A54: =IF(J54<>"",1+MAX($A$18:A53),"") -> 26 | D54: DIV-01 | E54: General Requirements | F54: Trash | G54: 1 | H54: =IF(VLOOKUP(J54,'HOURLY RATES'!B$116:C$124,2,0)=0,$J$3,VLOOKUP(J54,'HOURLY RATES'!B$116:C$124,2,0)) -> 0 | I54: =(G54*(1+H54)) -> 1 | J54: LS | L54: =K54*I54 -> 0 | M54: =IF(VLOOKUP(E54,'HOURLY RATES'!C$6:D$105,2,0)=0,$E$3,VLOOKUP(E54,'HOURLY RATES'!C$6:D$105,2,0)) -> 54 | N54: =M54*L54 -> 0 | P54: =O54*I54 -> 0 | Q54: =P54+N54 -> 0 | S54: =((((N54*(1+$D$7))+(P54*(1+$D$5+$D$6)))*(1+$D$8)))/I54 -> 0 | T54: =S54*I54 -> 0
A55: =IF(J55<>"",1+MAX($A$18:A54),"") -> 27 | D55: DIV-01 | E55: General Requirements | F55: Final Cleaning | G55: 1 | H55: =IF(VLOOKUP(J55,'HOURLY RATES'!B$116:C$124,2,0)=0,$J$3,VLOOKUP(J55,'HOURLY RATES'!B$116:C$124,2,0)) -> 0 | I55: =(G55*(1+H55)) -> 1 | J55: LS | L55: =K55*I55 -> 0 | M55: =IF(VLOOKUP(E55,'HOURLY RATES'!C$6:D$105,2,0)=0,$E$3,VLOOKUP(E55,'HOURLY RATES'!C$6:D$105,2,0)) -> 54 | N55: =M55*L55 -> 0 | P55: =O55*I55 -> 0 | Q55: =P55+N55 -> 0 | S55: =((((N55*(1+$D$7))+(P55*(1+$D$5+$D$6)))*(1+$D$8)))/I55 -> 0 | T55: =S55*I55 -> 0
A56: =IF(J56<>"",1+MAX($A$18:A55),"") -> 28 | D56: DIV-01 | E56: General Requirements | F56: Window Washing (Rough # Of Windows ) | G56: 1 | H56: =IF(VLOOKUP(J56,'HOURLY RATES'!B$116:C$124,2,0)=0,$J$3,VLOOKUP(J56,'HOURLY RATES'!B$116:C$124,2,0)) -> 0 | I56: =(G56*(1+H56)) -> 1 | J56: LS | L56: =K56*I56 -> 0 | M56: =IF(VLOOKUP(E56,'HOURLY RATES'!C$6:D$105,2,0)=0,$E$3,VLOOKUP(E56,'HOURLY RATES'!C$6:D$105,2,0)) -> 54 | N56: =M56*L56 -> 0 | P56: =O56*I56 -> 0 | Q56: =P56+N56 -> 0 | S56: =((((N56*(1+$D$7))+(P56*(1+$D$5+$D$6)))*(1+$D$8)))/I56 -> 0 | T56: =S56*I56 -> 0
A57: =IF(J57<>"",1+MAX($A$18:A56),"") -> 29 | D57: DIV-01 | E57: General Requirements | F57: Punch List Items | G57: 1 | H57: =IF(VLOOKUP(J57,'HOURLY RATES'!B$116:C$124,2,0)=0,$J$3,VLOOKUP(J57,'HOURLY RATES'!B$116:C$124,2,0)) -> 0 | I57: =(G57*(1+H57)) -> 1 | J57: LS | L57: =K57*I57 -> 0 | M57: =IF(VLOOKUP(E57,'HOURLY RATES'!C$6:D$105,2,0)=0,$E$3,VLOOKUP(E57,'HOURLY RATES'!C$6:D$105,2,0)) -> 54 | N57: =M57*L57 -> 0 | P57: =O57*I57 -> 0 | Q57: =P57+N57 -> 0 | S57: =((((N57*(1+$D$7))+(P57*(1+$D$5+$D$6)))*(1+$D$8)))/I57 -> 0 | T57: =S57*I57 -> 0
A58: =IF(J58<>"",1+MAX($A$18:A57),"")
A59: =IF(J59<>"",1+MAX($A$18:A58),"") | F59: Bonds, Insurance, Legal
A60: =IF(J60<>"",1+MAX($A$18:A59),"") -> 30 | D60: DIV-01 | E60: General Requirements | F60: Casualty Insurance | G60: 1 | H60: =IF(VLOOKUP(J60,'HOURLY RATES'!B$116:C$124,2,0)=0,$J$3,VLOOKUP(J60,'HOURLY RATES'!B$116:C$124,2,0)) -> 0 | I60: =(G60*(1+H60)) -> 1 | J60: LS | L60: =K60*I60 -> 0 | M60: =IF(VLOOKUP(E60,'HOURLY RATES'!C$6:D$105,2,0)=0,$E$3,VLOOKUP(E60,'HOURLY RATES'!C$6:D$105,2,0)) -> 54 | N60: =M60*L60 -> 0 | P60: =O60*I60 -> 0 | Q60: =P60+N60 -> 0 | S60: =((((N60*(1+$D$7))+(P60*(1+$D$5+$D$6)))*(1+$D$8)))/I60 -> 0 | T60: =S60*I60 -> 0
A61: =IF(J61<>"",1+MAX($A$18:A60),"") -> 31 | D61: DIV-01 | E61: General Requirements | F61: Medical Insurance | G61: 1 | H61: =IF(VLOOKUP(J61,'HOURLY RATES'!B$116:C$124,2,0)=0,$J$3,VLOOKUP(J61,'HOURLY RATES'!B$116:C$124,2,0)) -> 0 | I61: =(G61*(1+H61)) -> 1 | J61: LS | L61: =K61*I61 -> 0 | M61: =IF(VLOOKUP(E61,'HOURLY RATES'!C$6:D$105,2,0)=0,$E$3,VLOOKUP(E61,'HOURLY RATES'!C$6:D$105,2,0)) -> 54 | N61: =M61*L61 -> 0 | P61: =O61*I61 -> 0 | Q61: =P61+N61 -> 0 | S61: =((((N61*(1+$D$7))+(P61*(1+$D$5+$D$6)))*(1+$D$8)))/I61 -> 0 | T61: =S61*I61 -> 0
A62: =IF(J62<>"",1+MAX($A$18:A61),"") -> 32 | D62: DIV-01 | E62: General Requirements | F62: General Liability Insurance | G62: 1 | H62: =IF(VLOOKUP(J62,'HOURLY RATES'!B$116:C$124,2,0)=0,$J$3,VLOOKUP(J62,'HOURLY RATES'!B$116:C$124,2,0)) -> 0 | I62: =(G62*(1+H62)) -> 1 | J62: LS | L62: =K62*I62 -> 0 | M62: =IF(VLOOKUP(E62,'HOURLY RATES'!C$6:D$105,2,0)=0,$E$3,VLOOKUP(E62,'HOURLY RATES'!C$6:D$105,2,0)) -> 54 | N62: =M62*L62 -> 0 | P62: =O62*I62 -> 0 | Q62: =P62+N62 -> 0 | S62: =((((N62*(1+$D$7))+(P62*(1+$D$5+$D$6)))*(1+$D$8)))/I62 -> 0 | T62: =S62*I62 -> 0
A63: =IF(J63<>"",1+MAX($A$18:A62),"")
A64: =IF(J64<>"",1+MAX($A$18:A63),"") | F64: Project Management & Supervision
A65: =IF(J65<>"",1+MAX($A$18:A64),"") -> 33 | D65: DIV-01 | E65: General Requirements | F65: Project Management & Supervision | G65: 1 | H65: =IF(VLOOKUP(J65,'HOURLY RATES'!B$116:C$124,2,0)=0,$J$3,VLOOKUP(J65,'HOURLY RATES'!B$116:C$124,2,0)) -> 0 | I65: =(G65*(1+H65)) -> 1 | J65: LS | K65: =2.6%*($S$18)/M65 -> 232.2751 | L65: =K65*I65 -> 232.2751 | M65: =IF(VLOOKUP(E65,'HOURLY RATES'!C$6:D$105,2,0)=0,$E$3,VLOOKUP(E65,'HOURLY RATES'!C$6:D$105,2,0)) -> 54 | N65: =M65*L65 -> 12542.856 | P65: =O65*I65 -> 0 | Q65: =P65+N65 -> 12542.856 | S65: =((((N65*(1+$D$7))+(P65*(1+$D$5+$D$6)))*(1+$D$8)))/I65 -> 15277.198 | T65: =S65*I65 -> 15277.198
A66: =IF(J66<>"",1+MAX($A$18:A65),"")
A67: =IF(J67<>"",1+MAX($A$18:A66),"") | D67: DIV-09 | F67: Finishes | R67: =SUM(Q68:Q214) -> 482417.52
A68: =IF(J68<>"",1+MAX($A$18:A67),"")
A69: =IF(J69<>"",1+MAX($A$18:A68),"") | F69: Common Areas
A70: =IF(J70<>"",1+MAX($A$18:A69),"") | F70: Painting
A71: =IF(J71<>"",1+MAX($A$18:A70),"") | F71: Ceiling Paint
A72: =IF(J72<>"",1+MAX($A$18:A71),"") -> 34 | D72: DIV-09 | E72: Interior Painter | F72: Pt-7, Paint On Ceiling, Manufacturer: Benjamin Moore, Model: Seapearl (961), Finish: Flat | G72: =962+2625 -> 3587 | H72: =IF(VLOOKUP(J72,'HOURLY RATES'!B$116:C$124,2,0)=0,$J$3,VLOOKUP(J72,'HOURLY RATES'!B$116:C$124,2,0)) -> 0.05 | I72: =(G72*(1+H72)) -> 3766.35 | J72: SF | K72: 0.022 | L72: =K72*I72 -> 82.8597 | M72: =IF(VLOOKUP(E72,'HOURLY RATES'!C$6:D$105,2,0)=0,$E$3,VLOOKUP(E72,'HOURLY RATES'!C$6:D$105,2,0)) -> 54 | N72: =M72*L72 -> 4474.4238 | O72: 0.4 | P72: =O72*I72 -> 1506.54 | Q72: =P72+N72 -> 5980.9638 | S72: =((((N72*(1+$D$7))+(P72*(1+$D$5+$D$6)))*(1+$D$8)))/I72 -> 1.9624903 | T72: =S72*I72 -> 7391.4254
A73: =IF(J73<>"",1+MAX($A$18:A72),"") -> 35 | D73: DIV-09 | E73: Interior Painter | F73: Pt-15, Paint On Ceiling, Manufacturer: Benjamin Moore, Model: Jade Romanesque (476), Finish: Flat | G73: 582 | H73: =IF(VLOOKUP(J73,'HOURLY RATES'!B$116:C$124,2,0)=0,$J$3,VLOOKUP(J73,'HOURLY RATES'!B$116:C$124,2,0)) -> 0.05 | I73: =(G73*(1+H73)) -> 611.1 | J73: SF | K73: 0.022 | L73: =K73*I73 -> 13.4442 | M73: =IF(VLOOKUP(E73,'HOURLY RATES'!C$6:D$105,2,0)=0,$E$3,VLOOKUP(E73,'HOURLY RATES'!C$6:D$105,2,0)) -> 54 | N73: =M73*L73 -> 725.9868 | O73: 0.4 | P73: =O73*I73 -> 244.44 | Q73: =P73+N73 -> 970.4268 | S73: =((((N73*(1+$D$7))+(P73*(1+$D$5+$D$6)))*(1+$D$8)))/I73 -> 1.9624903 | T73: =S73*I73 -> 1199.2778
A74: =IF(J74<>"",1+MAX($A$18:A73),"") -> 36 | D74: DIV-09 | E74: Interior Painter | F74: Paint On Exosed Ceiling, Manufacturer: Sherwin Williams | G74: =1479+565 -> 2044 | H74: =IF(VLOOKUP(J74,'HOURLY RATES'!B$116:C$124,2,0)=0,$J$3,VLOOKUP(J74,'HOURLY RATES'!B$116:C$124,2,0)) -> 0.05 | I74: =(G74*(1+H74)) -> 2146.2 | J74: SF | K74: 0.022 | L74: =K74*I74 -> 47.2164 | M74: =IF(VLOOKUP(E74,'HOURLY RATES'!C$6:D$105,2,0)=0,$E$3,VLOOKUP(E74,'HOURLY RATES'!C$6:D$105,2,0)) -> 54 | N74: =M74*L74 -> 2549.6856 | O74: 0.8 | P74: =O74*I74 -> 1716.96 | Q74: =P74+N74 -> 4266.6456 | S74: =((((N74*(1+$D$7))+(P74*(1+$D$5+$D$6)))*(1+$D$8)))/I74 -> 2.4779966 | T74: =S74*I74 -> 5318.2764
A75: =IF(J75<>"",1+MAX($A$18:A72),"")
A76: =IF(J76<>"",1+MAX($A$18:A75),"") | F76: Base Paint
A77: =IF(J77<>"",1+MAX($A$18:A76),"") -> 37 | D77: DIV-09 | E77: Interior Painter | F77: WDB-1, Paint On Wood Base, Size: 8" H X 1"D Piece to be Stained, Stain Garde Oak Flat Stock | G77: 90.29 | H77: =IF(VLOOKUP(J77,'HOURLY RATES'!B$116:C$124,2,0)=0,$J$3,VLOOKUP(J77,'HOURLY RATES'!B$116:C$124,2,0)) -> 0.05 | I77: =(G77*(1+H77)) -> 94.8045 | J77: LF | K77: 0.018 | L77: =K77*I77 -> 1.706481 | M77: =IF(VLOOKUP(E77,'HOURLY RATES'!C$6:D$105,2,0)=0,$E$3,VLOOKUP(E77,'HOURLY RATES'!C$6:D$105,2,0)) -> 54 | N77: =M77*L77 -> 92.149974 | O77: 0.8 | P77: =O77*I77 -> 75.8436 | Q77: =P77+N77 -> 167.99357 | S77: =((((N77*(1+$D$7))+(P77*(1+$D$5+$D$6)))*(1+$D$8)))/I77 -> 2.2149086 | T77: =S77*I77 -> 209.98331
A78: =IF(J78<>"",1+MAX($A$18:A77),"") -> 38 | D78: DIV-09 | E78: Interior Painter | F78: WDB-4, Paint On Wood Base, Manufacturer: Sherwin Williams, Model: Iron Ore (SW7069), Finish: Flat, Size: 8" H X 1"D Piece to be Painted, | G78: 266.84 | H78: =IF(VLOOKUP(J78,'HOURLY RATES'!B$116:C$124,2,0)=0,$J$3,VLOOKUP(J78,'HOURLY RATES'!B$116:C$124,2,0)) -> 0.05 | I78: =(G78*(1+H78)) -> 280.182 | J78: LF | K78: 0.018 | L78: =K78*I78 -> 5.043276 | M78: =IF(VLOOKUP(E78,'HOURLY RATES'!C$6:D$105,2,0)=0,$E$3,VLOOKUP(E78,'HOURLY RATES'!C$6:D$105,2,0)) -> 54 | N78: =M78*L78 -> 272.3369 | O78: 0.8 | P78: =O78*I78 -> 224.1456 | Q78: =P78+N78 -> 496.4825 | S78: =((((N78*(1+$D$7))+(P78*(1+$D$5+$D$6)))*(1+$D$8)))/I78 -> 2.2149086 | T78: =S78*I78 -> 620.57753
A80: =IF(J80<>"",1+MAX($A$18:A77),"") | F80: Wall Paint
A81: =IF(J81<>"",1+MAX($A$18:A80),"") -> 39 | D81: DIV-09 | E81: Interior Painter | F81: Pt-1, Paint On Walls, Manufacturer: Benjamin Moore, Model: Seapearl (961), Finish: Eggshell | G81: =8562+3500 -> 12062 | H81: =IF(VLOOKUP(J81,'HOURLY RATES'!B$116:C$124,2,0)=0,$J$3,VLOOKUP(J81,'HOURLY RATES'!B$116:C$124,2,0)) -> 0.05 | I81: =(G81*(1+H81)) -> 12665.1 | J81: SF | K81: 0.02 | L81: =K81*I81 -> 253.302 | M81: =IF(VLOOKUP(E81,'HOURLY RATES'!C$6:D$105,2,0)=0,$E$3,VLOOKUP(E81,'HOURLY RATES'!C$6:D$105,2,0)) -> 54 | N81: =M81*L81 -> 13678.308 | O81: 0.4 | P81: =O81*I81 -> 5066.04 | Q81: =P81+N81 -> 18744.348 | S81: =((((N81*(1+$D$7))+(P81*(1+$D$5+$D$6)))*(1+$D$8)))/I81 -> 1.8309463 | T81: =S81*I81 -> 23189.118
A82: =IF(J82<>"",1+MAX($A$18:A81),"") -> 40 | D82: DIV-09 | E82: Interior Painter | F82: Pt-4, Paint On Walls Manufacturer: Benjamin Moore, Model: Jade Romanesque (476), Finish: Eggshell | G82: 553 | H82: =IF(VLOOKUP(J82,'HOURLY RATES'!B$116:C$124,2,0)=0,$J$3,VLOOKUP(J82,'HOURLY RATES'!B$116:C$124,2,0)) -> 0.05 | I82: =(G82*(1+H82)) -> 580.65 | J82: SF | K82: 0.02 | L82: =K82*I82 -> 11.613 | M82: =IF(VLOOKUP(E82,'HOURLY RATES'!C$6:D$105,2,0)=0,$E$3,VLOOKUP(E82,'HOURLY RATES'!C$6:D$105,2,0)) -> 54 | N82: =M82*L82 -> 627.102 | O82: 0.4 | P82: =O82*I82 -> 232.26 | Q82: =P82+N82 -> 859.362 | S82: =((((N82*(1+$D$7))+(P82*(1+$D$5+$D$6)))*(1+$D$8)))/I82 -> 1.8309463 | T82: =S82*I82 -> 1063.139
A83: =IF(J83<>"",1+MAX($A$18:A81),"") -> 40 | D83: DIV-09 | E83: Interior Painter | F83: Pt-12, Paint On Walls, Manufacturer: Sherwin Williams, Model: Iron Ore (SW7069), Finish: Eggshell | G83: =2691+1032 -> 3723 | H83: =IF(VLOOKUP(J83,'HOURLY RATES'!B$116:C$124,2,0)=0,$J$3,VLOOKUP(J83,'HOURLY RATES'!B$116:C$124,2,0)) -> 0.05 | I83: =(G83*(1+H83)) -> 3909.15 | J83: SF | K83: 0.02 | L83: =K83*I83 -> 78.183 | M83: =IF(VLOOKUP(E83,'HOURLY RATES'!C$6:D$105,2,0)=0,$E$3,VLOOKUP(E83,'HOURLY RATES'!C$6:D$105,2,0)) -> 54 | N83: =M83*L83 -> 4221.882 | O83: 0.4 | P83: =O83*I83 -> 1563.66 | Q83: =P83+N83 -> 5785.542 | S83: =((((N83*(1+$D$7))+(P83*(1+$D$5+$D$6)))*(1+$D$8)))/I83 -> 1.8309463 | T83: =S83*I83 -> 7157.4438
A85: =IF(J85<>"",1+MAX($A$18:A83),"") | F85: Miscellaneous
A86: =IF(J86<>"",1+MAX($A$18:A85),"") -> 41 | D86: DIV-09 | E86: Interior Painter | F86: Paint On 36" H Handrail (1 - Coat Primer + 2 - Coat Paint) | G86: 103.69 | H86: =IF(VLOOKUP(J86,'HOURLY RATES'!B$116:C$124,2,0)=0,$J$3,VLOOKUP(J86,'HOURLY RATES'!B$116:C$124,2,0)) -> 0.05 | I86: =(G86*(1+H86)) -> 108.8745 | J86: LF | K86: 0.044 | L86: =K86*I86 -> 4.790478 | M86: =IF(VLOOKUP(E86,'HOURLY RATES'!C$6:D$105,2,0)=0,$E$3,VLOOKUP(E86,'HOURLY RATES'!C$6:D$105,2,0)) -> 54 | N86: =M86*L86 -> 258.68581 | O86: 1.5 | P86: =O86*I86 -> 163.31175 | Q86: =P86+N86 -> 421.99756 | S86: =((((N86*(1+$D$7))+(P86*(1+$D$5+$D$6)))*(1+$D$8)))/I86 -> 4.8271167 | T86: =S86*I86 -> 525.54992
A87: =IF(J87<>"",1+MAX($A$18:A85),"") -> 41 | D87: DIV-09 | E87: Interior Painter | F87: Paint On 42" H Guardrail (1 - Coat Primer + 2 - Coat Paint) | G87: 109.61 | H87: =IF(VLOOKUP(J87,'HOURLY RATES'!B$116:C$124,2,0)=0,$J$3,VLOOKUP(J87,'HOURLY RATES'!B$116:C$124,2,0)) -> 0.05 | I87: =(G87*(1+H87)) -> 115.0905 | J87: LF | K87: 0.215 | L87: =K87*I87 -> 24.744457 | M87: =IF(VLOOKUP(E87,'HOURLY RATES'!C$6:D$105,2,0)=0,$E$3,VLOOKUP(E87,'HOURLY RATES'!C$6:D$105,2,0)) -> 54 | N87: =M87*L87 -> 1336.2007 | O87: 2.5 | P87: =O87*I87 -> 287.72625 | Q87: =P87+N87 -> 1623.927 | S87: =((((N87*(1+$D$7))+(P87*(1+$D$5+$D$6)))*(1+$D$8)))/I87 -> 17.362894 | T87: =S87*I87 -> 1998.3042
A89: =IF(J89<>"",1+MAX($A$18:A86),"") | F89: Opening Paint
A90: =IF(J90<>"",1+MAX($A$18:A89),"") -> 42 | D90: DIV-09 | E90: Interior Painter | F90: Paint On Door, Manufacturer: Sherwin Williams, Model: SW 7004 Snowbond, Finish: Semi-Gloss | G90: 21 | H90: =IF(VLOOKUP(J90,'HOURLY RATES'!B$116:C$124,2,0)=0,$J$3,VLOOKUP(J90,'HOURLY RATES'!B$116:C$124,2,0)) -> 0 | I90: =(G90*(1+H90)) -> 21 | J90: EA | K90: 1.23 | L90: =K90*I90 -> 25.83 | M90: =IF(VLOOKUP(E90,'HOURLY RATES'!C$6:D$105,2,0)=0,$E$3,VLOOKUP(E90,'HOURLY RATES'!C$6:D$105,2,0)) -> 54 | N90: =M90*L90 -> 1394.82 | O90: 28 | P90: =O90*I90 -> 588 | Q90: =P90+N90 -> 1982.82 | S90: =((((N90*(1+$D$7))+(P90*(1+$D$5+$D$6)))*(1+$D$8)))/I90 -> 116.985 | T90: =S90*I90 -> 2456.6851
A91: =IF(J91<>"",1+MAX($A$18:A90),"") -> 43 | D91: DIV-09 | E91: Interior Painter | F91: Paint On Door Frame, Manufacturer: Sherwin Williams, Model: SW 7004 Snowbond, Finish: Semi-Gloss | G91: =G92/2 -> 399 | H91: =IF(VLOOKUP(J91,'HOURLY RATES'!B$116:C$124,2,0)=0,$J$3,VLOOKUP(J91,'HOURLY RATES'!B$116:C$124,2,0)) -> 0.05 | I91: =(G91*(1+H91)) -> 418.95 | J91: LF | K91: 0.018 | L91: =K91*I91 -> 7.5411 | M91: =IF(VLOOKUP(E91,'HOURLY RATES'!C$6:D$105,2,0)=0,$E$3,VLOOKUP(E91,'HOURLY RATES'!C$6:D$105,2,0)) -> 54 | N91: =M91*L91 -> 407.2194 | O91: 0.8 | P91: =O91*I91 -> 335.16 | Q91: =P91+N91 -> 742.3794 | S91: =((((N91*(1+$D$7))+(P91*(1+$D$5+$D$6)))*(1+$D$8)))/I91 -> 2.2149086 | T91: =S91*I91 -> 927.93597
A92: =IF(J92<>"",1+MAX($A$18:A91),"") -> 44 | D92: DIV-09 | E92: Interior Painter | F92: Paint On Door Trim, Manufacturer: Sherwin Williams, Model: SW 7004 Snowbond, Finish: Semi-Gloss | G92: 798 | H92: =IF(VLOOKUP(J92,'HOURLY RATES'!B$116:C$124,2,0)=0,$J$3,VLOOKUP(J92,'HOURLY RATES'!B$116:C$124,2,0)) -> 0.05 | I92: =(G92*(1+H92)) -> 837.9 | J92: LF | K92: 0.018 | L92: =K92*I92 -> 15.0822 | M92: =IF(VLOOKUP(E92,'HOURLY RATES'!C$6:D$105,2,0)=0,$E$3,VLOOKUP(E92,'HOURLY RATES'!C$6:D$105,2,0)) -> 54 | N92: =M92*L92 -> 814.4388 | O92: 0.8 | P92: =O92*I92 -> 670.32 | Q92: =P92+N92 -> 1484.7588 | S92: =((((N92*(1+$D$7))+(P92*(1+$D$5+$D$6)))*(1+$D$8)))/I92 -> 2.2149086 | T92: =S92*I92 -> 1855.8719
A94: =IF(J94<>"",1+MAX($A$18:A93),"") | F94: Exterior Paint
A95: =IF(J95<>"",1+MAX($A$18:A93),"") -> 45 | D95: DIV-09 | E95: Exterior Painter | F95: Pt-1 Paint @ Fiber Cement Lap Siding Manufacture: Sherwin Williams Finish: Tbd | G95: 1563 | H95: 0.05 | I95: =(G95*(1+H95)) -> 1641.15 | J95: SF | K95: 0.02 | L95: =K95*I95 -> 32.823 | M95: =IF(VLOOKUP(E95,'HOURLY RATES'!C$6:D$105,2,0)=0,$E$3,VLOOKUP(E95,'HOURLY RATES'!C$6:D$105,2,0)) -> 54 | N95: =M95*L95 -> 1772.442 | O95: 0.8 | P95: =O95*I95 -> 1312.92 | Q95: =P95+N95 -> 3085.362 | S95: =((((N95*(1+$D$7))+(P95*(1+$D$5+$D$6)))*(1+$D$8)))/I95 -> 2.3464526 | T95: =S95*I95 -> 3850.8808
A96: =IF(J96<>"",1+MAX($A$18:A94),"") -> 45 | D96: DIV-09 | E96: Exterior Painter | F96: Pt-1 Paint @ Fiber Cement Board and Batten Siding Manufacture: Sherwin Williams Finish: Tbd | G96: 1306 | H96: 0.05 | I96: =(G96*(1+H96)) -> 1371.3 | J96: SF | K96: 0.02 | L96: =K96*I96 -> 27.426 | M96: =IF(VLOOKUP(E96,'HOURLY RATES'!C$6:D$105,2,0)=0,$E$3,VLOOKUP(E96,'HOURLY RATES'!C$6:D$105,2,0)) -> 54 | N96: =M96*L96 -> 1481.004 | O96: 0.8 | P96: =O96*I96 -> 1097.04 | Q96: =P96+N96 -> 2578.044 | S96: =((((N96*(1+$D$7))+(P96*(1+$D$5+$D$6)))*(1+$D$8)))/I96 -> 2.3464526 | T96: =S96*I96 -> 3217.6905
A97: =IF(J97<>"",1+MAX($A$18:A96),"") -> 46 | D97: DIV-09 | E97: Exterior Painter | F97: Pt-1 Paint @ Fiber Cement Panel Manufacture: Sherwin Williams Finish: Tbd | G97: 210 | H97: 0.05 | I97: =(G97*(1+H97)) -> 220.5 | J97: SF | K97: 0.02 | L97: =K97*I97 -> 4.41 | M97: =IF(VLOOKUP(E97,'HOURLY RATES'!C$6:D$105,2,0)=0,$E$3,VLOOKUP(E97,'HOURLY RATES'!C$6:D$105,2,0)) -> 54 | N97: =M97*L97 -> 238.14 | O97: 0.8 | P97: =O97*I97 -> 176.4 | Q97: =P97+N97 -> 414.54 | S97: =((((N97*(1+$D$7))+(P97*(1+$D$5+$D$6)))*(1+$D$8)))/I97 -> 2.3464526 | T97: =S97*I97 -> 517.39281
A98: =IF(J98<>"",1+MAX($A$18:A96),"") -> 46 | D98: DIV-09 | E98: Exterior Painter | F98: Pt-2 Paint @ Fiber Cement Panel Manufacture: Sherwin Williams Finish: Tbd | G98: 4937 | H98: 0.05 | I98: =(G98*(1+H98)) -> 5183.85 | J98: SF | K98: 0.02 | L98: =K98*I98 -> 103.677 | M98: =IF(VLOOKUP(E98,'HOURLY RATES'!C$6:D$105,2,0)=0,$E$3,VLOOKUP(E98,'HOURLY RATES'!C$6:D$105,2,0)) -> 54 | N98: =M98*L98 -> 5598.558 | O98: 0.8 | P98: =O98*I98 -> 4147.08 | Q98: =P98+N98 -> 9745.638 | S98: =((((N98*(1+$D$7))+(P98*(1+$D$5+$D$6)))*(1+$D$8)))/I98 -> 2.3464526 | T98: =S98*I98 -> 12163.659
A99: =IF(J99<>"",1+MAX($A$18:A98),"") -> 47 | D99: DIV-09 | E99: Exterior Painter | F99: Pt-3 Paint @ Fiber Cement Panel Manufacture: Sherwin Williams Finish: Tbd | G99: 148 | H99: 0.05 | I99: =(G99*(1+H99)) -> 155.4 | J99: SF | K99: 0.02 | L99: =K99*I99 -> 3.108 | M99: =IF(VLOOKUP(E99,'HOURLY RATES'!C$6:D$105,2,0)=0,$E$3,VLOOKUP(E99,'HOURLY RATES'!C$6:D$105,2,0)) -> 54 | N99: =M99*L99 -> 167.832 | O99: 0.8 | P99: =O99*I99 -> 124.32 | Q99: =P99+N99 -> 292.152 | S99: =((((N99*(1+$D$7))+(P99*(1+$D$5+$D$6)))*(1+$D$8)))/I99 -> 2.3464526 | T99: =S99*I99 -> 364.63874
A100: =IF(J100<>"",1+MAX($A$18:A96),"") -> 46 | D100: DIV-09 | E100: Exterior Painter | F100: Pt-1 Paint @ Fiber Cement Trim Manufacture: Sherwin Williams Finish: Tbd | G100: =304.56+169.2+273.62+300 -> 1047.38 | H100: 0.05 | I100: =(G100*(1+H100)) -> 1099.749 | J100: LF | K100: 0.018 | L100: =K100*I100 -> 19.795482 | M100: =IF(VLOOKUP(E100,'HOURLY RATES'!C$6:D$105,2,0)=0,$E$3,VLOOKUP(E100,'HOURLY RATES'!C$6:D$105,2,0)) -> 54 | N100: =M100*L100 -> 1068.956 | O100: 0.8 | P100: =O100*I100 -> 879.7992 | Q100: =P100+N100 -> 1948.7552 | S100: =((((N100*(1+$D$7))+(P100*(1+$D$5+$D$6)))*(1+$D$8)))/I100 -> 2.2149086 | T100: =S100*I100 -> 2435.8436
A101: =IF(J101<>"",1+MAX($A$18:A97),"") -> 47 | D101: DIV-09 | E101: Exterior Painter | F101: Pt-2 Paint @ Fiber Cement Trim Manufacture: Sherwin Williams Finish: Tbd | G101: =761.16 -> 761.16 | H101: 0.05 | I101: =(G101*(1+H101)) -> 799.218 | J101: LF | K101: 0.018 | L101: =K101*I101 -> 14.385924 | M101: =IF(VLOOKUP(E101,'HOURLY RATES'!C$6:D$105,2,0)=0,$E$3,VLOOKUP(E101,'HOURLY RATES'!C$6:D$105,2,0)) -> 54 | N101: =M101*L101 -> 776.8399 | O101: 0.8 | P101: =O101*I101 -> 639.3744 | Q101: =P101+N101 -> 1416.2143 | S101: =((((N101*(1+$D$7))+(P101*(1+$D$5+$D$6)))*(1+$D$8)))/I101 -> 2.2149086 | T101: =S101*I101 -> 1770.1949
A102: =IF(J102<>"",1+MAX($A$18:A101),"")
A103: =IF(J103<>"",1+MAX($A$18:A102),"") | F103: Units
A104: =IF(J104<>"",1+MAX($A$18:A103),"") -> 48 | F104: Unit A1 Type A | G104: 1 | J104: EA
A105: =IF(J105<>"",1+MAX($A$18:A104),"") | F105: Ceiling Paint
A106: =IF(J106<>"",1+MAX($A$18:A105),"") -> 49 | D106: DIV-09 | E106: Interior Painter | F106: UPT-3, Paint On Ceiing, Manufacturer: Sherwin Williams, Model: SW 7004 Snowbond, Finish: Flat | G106: 796 | H106: =IF(VLOOKUP(J106,'HOURLY RATES'!B$116:C$124,2,0)=0,$J$3,VLOOKUP(J106,'HOURLY RATES'!B$116:C$124,2,0)) -> 0.05 | I106: =(G106*(1+H106)) -> 835.8 | J106: SF | K106: 0.022 | L106: =K106*I106 -> 18.3876 | M106: =IF(VLOOKUP(E106,'HOURLY RATES'!C$6:D$105,2,0)=0,$E$3,VLOOKUP(E106,'HOURLY RATES'!C$6:D$105,2,0)) -> 54 | N106: =M106*L106 -> 992.9304 | O106: 0.4 | P106: =O106*I106 -> 334.32 | Q106: =P106+N106 -> 1327.2504 | S106: =((((N106*(1+$D$7))+(P106*(1+$D$5+$D$6)))*(1+$D$8)))/I106 -> 1.9624903 | T106: =S106*I106 -> 1640.2494
...

Sheet BUILDING 2
A1: ITEM # | B1: REF. SHEET | C1: DETAIL | D1: CSI SECT | E1: Sub Contractor | F1: DESCRIPTION | G1: QTY. | H1: WASTAGE | I1: QTY WITH WASTAGE | J1: UNIT | K1: UNIT LABOR HOURS | L1: TOTAL LABOR HOURS | M1: PER HOUR LABOR RATE | N1: TOTAL LABOR COST | O1: UNIT MATERIAL COST | P1: TOTAL MATERIAL COST | Q1: ITEM COST | R1: TRADE COST | S1: UNIT ITEM COST WITH MARKUPS | T1: TOTAL ITEM COST WITH MARKUPS
A2: Estimate of Materials Quantities and Cost of Construction
B3: CLICK HERE TO GO BACK TO COST SUMMARY
D4: Sub-Total | E4: =Q215 -> 1143560.9 | J4: Date: | K4: 46076
C5: Material Sales Tax | D5: 0.06972 | E5: =P215*D5 -> 22493.882 | F5: (Adjust the percentage for Material tax as required) | J5: Project: | K5: Cline Mission Propities
C6: Overhead & Profit / Inflation (Material) | D6: 0.2 | E6: =P215*D6 -> 64526.339 | F6: (Adjust the percentage for Overhead & Profit as required) | J6: Project Location: | K6: Stumptown Rd, Huntersville
C7: Overhead & Profit (Labor) | D7: 0.2 | E7: =N215*D7 -> 164185.84 | F7: (Adjust the percentage for Overhead & Profit as required) | J7: Project and Wage Type: | K7: Private (Non-Prevailing wage)
C8: Bond Fee | D8: 0.015 | E8: =(E4+E5+E6+E7)*D8 -> 20921.505 | F8: (Adjust the percentage for Bond Fee as required) | K8: BUILDING 2
D9: Total Bid | E9: =E4+E5+E6+E7+E8 -> 1415688.5 | J9: Gross Internal Area of Structure (SF) | K9: 32544
J10: Covered Area of Structure (SF) | K10: 32544
C11: Material Wastage 1 | D11: 0 | E11: ( for Quantities in Each & LS) | J11: No. of Units | K11: 88
C12: Material Wastage 2 | D12: 0.05 | E12: ( for Quantities in LF, SF, SY, CY, LBS, TONS) | J12: No. of Floors and Overall Height | K12: 4 (49'-4")
B13: (Changing the wastage percentage here will update the wastage for whole tab) | J13: Hardscaping Area (SF) | K13: 0
J14: Soft scaping Area (SF) | K14: 0
B15: To change hourly rates for any trade please go to "Hourly Rates" Tab
A17: ITEM # | B17: REF. SHEET | C17: DETAIL | D17: CSI SECT | E17: Sub Contractor | F17: DESCRIPTION | G17: QTY. | H17: WASTAGE | I17: QTY WITH WASTAGE | J17: UNIT | K17: UNIT LABOR HOURS | L17: TOTAL LABOR HOURS | M17: PER HOUR LABOR RATE | N17: TOTAL LABOR COST | O17: UNIT MATERIAL COST | P17: TOTAL MATERIAL COST | Q17: ITEM COST | R17: TRADE COST | S17: UNIT COST WITH MARKUPS | T17: TOTAL COST WITH MARKUPS
D18: DIV-01 | F18: General | R18: =SUM(Q19:Q65) -> 80045.489 | S18: =U18 -> 1063515.4 | U18: =SUM(Q67:Q214) -> 1063515.4
F20: Plan Design And Permitting
A21: =IF(J21<>"",1+MAX($A$18:A20),"") -> 1 | D21: DIV-01 | E21: General Requirements | F21: Architecture (Assumed By Owner) | G21: 1 | H21: =IF(VLOOKUP(J21,'HOURLY RATES'!B$116:C$124,2,0)=0,$J$3,VLOOKUP(J21,'HOURLY RATES'!B$116:C$124,2,0)) -> 0 | I21: =(G21*(1+H21)) -> 1 | J21: LS | L21: =K21*I21 -> 0 | M21: =IF(VLOOKUP(E21,'HOURLY RATES'!C$6:D$105,2,0)=0,$E$3,VLOOKUP(E21,'HOURLY RATES'!C$6:D$105,2,0)) -> 54 | N21: =M21*L21 -> 0 | P21: =O21*I21 -> 0 | Q21: =P21+N21 -> 0 | S21: =((((N21*(1+$D$7))+(P21*(1+$D$5+$D$6)))*(1+$D$8)))/I21 -> 0 | T21: =S21*I21 -> 0
A22: =IF(J22<>"",1+MAX($A$18:A21),"") -> 2 | D22: DIV-01 | E22: General Requirements | F22: Engineering (Assumed By Owner) | G22: 1 | H22: =IF(VLOOKUP(J22,'HOURLY RATES'!B$116:C$124,2,0)=0,$J$3,VLOOKUP(J22,'HOURLY RATES'!B$116:C$124,2,0)) -> 0 | I22: =(G22*(1+H22)) -> 1 | J22: LS | L22: =K22*I22 -> 0 | M22: =IF(VLOOKUP(E22,'HOURLY RATES'!C$6:D$105,2,0)=0,$E$3,VLOOKUP(E22,'HOURLY RATES'!C$6:D$105,2,0)) -> 54 | N22: =M22*L22 -> 0 | P22: =O22*I22 -> 0 | Q22: =P22+N22 -> 0 | S22: =((((N22*(1+$D$7))+(P22*(1+$D$5+$D$6)))*(1+$D$8)))/I22 -> 0 | T22: =S22*I22 -> 0
A23: =IF(J23<>"",1+MAX($A$18:A22),"") -> 3 | D23: DIV-01 | E23: General Requirements | F23: Surveying | G23: 1 | H23: =IF(VLOOKUP(J23,'HOURLY RATES'!B$116:C$124,2,0)=0,$J$3,VLOOKUP(J23,'HOURLY RATES'!B$116:C$124,2,0)) -> 0 | I23: =(G23*(1+H23)) -> 1 | J23: LS | L23: =K23*I23 -> 0 | M23: =IF(VLOOKUP(E23,'HOURLY RATES'!C$6:D$105,2,0)=0,$E$3,VLOOKUP(E23,'HOURLY RATES'!C$6:D$105,2,0)) -> 54 | N23: =M23*L23 -> 0 | P23: =O23*I23 -> 0 | Q23: =P23+N23 -> 0 | S23: =((((N23*(1+$D$7))+(P23*(1+$D$5+$D$6)))*(1+$D$8)))/I23 -> 0 | T23: =S23*I23 -> 0
A24: =IF(J24<>"",1+MAX($A$18:A23),"") -> 4 | D24: DIV-01 | E24: General Requirements | F24: Soils Report (Assumed By Owner) | G24: 1 | H24: =IF(VLOOKUP(J24,'HOURLY RATES'!B$116:C$124,2,0)=0,$J$3,VLOOKUP(J24,'HOURLY RATES'!B$116:C$124,2,0)) -> 0 | I24: =(G24*(1+H24)) -> 1 | J24: LS | L24: =K24*I24 -> 0 | M24: =IF(VLOOKUP(E24,'HOURLY RATES'!C$6:D$105,2,0)=0,$E$3,VLOOKUP(E24,'HOURLY RATES'!C$6:D$105,2,0)) -> 54 | N24: =M24*L24 -> 0 | P24: =O24*I24 -> 0 | Q24: =P24+N24 -> 0 | S24: =((((N24*(1+$D$7))+(P24*(1+$D$5+$D$6)))*(1+$D$8)))/I24 -> 0 | T24: =S24*I24 -> 0
A25: =IF(J25<>"",1+MAX($A$18:A24),"") -> 5 | D25: DIV-01 | E25: General Requirements | F25: Geological Report (Assumed By Owner) | G25: 1 | H25: =IF(VLOOKUP(J25,'HOURLY RATES'!B$116:C$124,2,0)=0,$J$3,VLOOKUP(J25,'HOURLY RATES'!B$116:C$124,2,0)) -> 0 | I25: =(G25*(1+H25)) -> 1 | J25: LS | L25: =K25*I25 -> 0 | M25: =IF(VLOOKUP(E25,'HOURLY RATES'!C$6:D$105,2,0)=0,$E$3,VLOOKUP(E25,'HOURLY RATES'!C$6:D$105,2,0)) -> 54 | N25: =M25*L25 -> 0 | P25: =O25*I25 -> 0 | Q25: =P25+N25 -> 0 | S25: =((((N25*(1+$D$7))+(P25*(1+$D$5+$D$6)))*(1+$D$8)))/I25 -> 0 | T25: =S25*I25 -> 0
A26: =IF(J26<>"",1+MAX($A$18:A25),"") -> 6 | D26: DIV-01 | E26: General Requirements | F26: Concrete Testing | G26: 1 | H26: =IF(VLOOKUP(J26,'HOURLY RATES'!B$116:C$124,2,0)=0,$J$3,VLOOKUP(J26,'HOURLY RATES'!B$116:C$124,2,0)) -> 0 | I26: =(G26*(1+H26)) -> 1 | J26: LS | L26: =K26*I26 -> 0 | M26: =IF(VLOOKUP(E26,'HOURLY RATES'!C$6:D$105,2,0)=0,$E$3,VLOOKUP(E26,'HOURLY RATES'!C$6:D$105,2,0)) -> 54 | N26: =M26*L26 -> 0 | P26: =O26*I26 -> 0 | Q26: =P26+N26 -> 0 | S26: =((((N26*(1+$D$7))+(P26*(1+$D$5+$D$6)))*(1+$D$8)))/I26 -> 0 | T26: =S26*I26 -> 0
A27: =IF(J27<>"",1+MAX($A$18:A26),"") -> 7 | D27: DIV-01 | E27: General Requirements | F27: Permit Fee | G27: 1 | H27: =IF(VLOOKUP(J27,'HOURLY RATES'!B$116:C$124,2,0)=0,$J$3,VLOOKUP(J27,'HOURLY RATES'!B$116:C$124,2,0)) -> 0 | I27: =(G27*(1+H27)) -> 1 | J27: LS | K27: =1%*($S$18)/M27 -> 196.9473 | L27: =K27*I27 -> 196.9473 | M27: =IF(VLOOKUP(E27,'HOURLY RATES'!C$6:D$105,2,0)=0,$E$3,VLOOKUP(E27,'HOURLY RATES'!C$6:D$105,2,0)) -> 54 | N27: =M27*L27 -> 10635.154 | P27: =O27*I27 -> 0 | Q27: =P27+N27 -> 10635.154 | S27: =((((N27*(1+$D$7))+(P27*(1+$D$5+$D$6)))*(1+$D$8)))/I27 -> 12953.618 | T27: =S27*I27 -> 12953.618
A28: =IF(J28<>"",1+MAX($A$18:A27),"") -> 8 | D28: DIV-01 | E28: General Requirements | F28: Permits (Based On Interior Finish Area) | G28: 1 | H28: =IF(VLOOKUP(J28,'HOURLY RATES'!B$116:C$124,2,0)=0,$J$3,VLOOKUP(J28,'HOURLY RATES'!B$116:C$124,2,0)) -> 0 | I28: =(G28*(1+H28)) -> 1 | J28: LS | L28: =K28*I28 -> 0 | M28: =IF(VLOOKUP(E28,'HOURLY RATES'!C$6:D$105,2,0)=0,$E$3,VLOOKUP(E28,'HOURLY RATES'!C$6:D$105,2,0)) -> 54 | N28: =M28*L28 -> 0 | P28: =O28*I28 -> 0 | Q28: =P28+N28 -> 0 | S28: =((((N28*(1+$D$7))+(P28*(1+$D$5+$D$6)))*(1+$D$8)))/I28 -> 0 | T28: =S28*I28 -> 0
A29: =IF(J29<>"",1+MAX($A$18:A28),"") -> 9 | D29: DIV-01 | E29: General Requirements | F29: Plan Coordination | G29: 1 | H29: =IF(VLOOKUP(J29,'HOURLY RATES'!B$116:C$124,2,0)=0,$J$3,VLOOKUP(J29,'HOURLY RATES'!B$116:C$124,2,0)) -> 0 | I29: =(G29*(1+H29)) -> 1 | J29: LS | L29: =K29*I29 -> 0 | M29: =IF(VLOOKUP(E29,'HOURLY RATES'!C$6:D$105,2,0)=0,$E$3,VLOOKUP(E29,'HOURLY RATES'!C$6:D$105,2,0)) -> 54 | N29: =M29*L29 -> 0 | P29: =O29*I29 -> 0 | Q29: =P29+N29 -> 0 | S29: =((((N29*(1+$D$7))+(P29*(1+$D$5+$D$6)))*(1+$D$8)))/I29 -> 0 | T29: =S29*I29 -> 0
A30: =IF(J30<>"",1+MAX($A$18:A29),"") -> 10 | D30: DIV-01 | E30: General Requirements | F30: Roof Inspection | G30: 1 | H30: =IF(VLOOKUP(J30,'HOURLY RATES'!B$116:C$124,2,0)=0,$J$3,VLOOKUP(J30,'HOURLY RATES'!B$116:C$124,2,0)) -> 0 | I30: =(G30*(1+H30)) -> 1 | J30: LS | L30: =K30*I30 -> 0 | M30: =IF(VLOOKUP(E30,'HOURLY RATES'!C$6:D$105,2,0)=0,$E$3,VLOOKUP(E30,'HOURLY RATES'!C$6:D$105,2,0)) -> 54 | N30: =M30*L30 -> 0 | P30: =O30*I30 -> 0 | Q30: =P30+N30 -> 0 | S30: =((((N30*(1+$D$7))+(P30*(1+$D$5+$D$6)))*(1+$D$8)))/I30 -> 0 | T30: =S30*I30 -> 0
A31: =IF(J31<>"",1+MAX($A$18:A30),"") -> 11 | D31: DIV-01 | E31: General Requirements | F31: Blueprints (?? Pages) | G31: 1 | H31: =IF(VLOOKUP(J31,'HOURLY RATES'!B$116:C$124,2,0)=0,$J$3,VLOOKUP(J31,'HOURLY RATES'!B$116:C$124,2,0)) -> 0 | I31: =(G31*(1+H31)) -> 1 | J31: LS | L31: =K31*I31 -> 0 | M31: =IF(VLOOKUP(E31,'HOURLY RATES'!C$6:D$105,2,0)=0,$E$3,VLOOKUP(E31,'HOURLY RATES'!C$6:D$105,2,0)) -> 54 | N31: =M31*L31 -> 0 | P31: =O31*I31 -> 0 | Q31: =P31+N31 -> 0 | S31: =((((N31*(1+$D$7))+(P31*(1+$D$5+$D$6)))*(1+$D$8)))/I31 -> 0 | T31: =S31*I31 -> 0
A32: =IF(J32<>"",1+MAX($A$18:A31),"")
A33: =IF(J33<>"",1+MAX($A$18:A32),"") | F33: Utilities
A34: =IF(J34<>"",1+MAX($A$18:A33),"") -> 12 | D34: DIV-01 | E34: General Requirements | F34: Utilities During Construction (Based On Interior Finish Area) | G34: 1 | H34: =IF(VLOOKUP(J34,'HOURLY RATES'!B$116:C$124,2,0)=0,$J$3,VLOOKUP(J34,'HOURLY RATES'!B$116:C$124,2,0)) -> 0 | I34: =(G34*(1+H34)) -> 1 | J34: LS | K34: =(0.288%*(S18)/M34)*2 -> 113.44165 | L34: =K34*I34 -> 113.44165 | M34: =IF(VLOOKUP(E34,'HOURLY RATES'!C$6:D$105,2,0)=0,$E$3,VLOOKUP(E34,'HOURLY RATES'!C$6:D$105,2,0)) -> 54 | N34: =M34*L34 -> 6125.8489 | P34: =O34*I34 -> 0 | Q34: =P34+N34 -> 6125.8489 | S34: =((((N34*(1+$D$7))+(P34*(1+$D$5+$D$6)))*(1+$D$8)))/I34 -> 7461.2839 | T34: =S34*I34 -> 7461.2839
A35: =IF(J35<>"",1+MAX($A$18:A34),"") -> 13 | D35: DIV-01 | E35: General Requirements | F35: Port-O-Potty (Based On Interior Finish Area) | G35: 1 | H35: =IF(VLOOKUP(J35,'HOURLY RATES'!B$116:C$124,2,0)=0,$J$3,VLOOKUP(J35,'HOURLY RATES'!B$116:C$124,2,0)) -> 0 | I35: =(G35*(1+H35)) -> 1 | J35: LS | L35: =K35*I35 -> 0 | M35: =IF(VLOOKUP(E35,'HOURLY RATES'!C$6:D$105,2,0)=0,$E$3,VLOOKUP(E35,'HOURLY RATES'!C$6:D$105,2,0)) -> 54 | N35: =M35*L35 -> 0 | P35: =O35*I35 -> 0 | Q35: =P35+N35 -> 0 | S35: =((((N35*(1+$D$7))+(P35*(1+$D$5+$D$6)))*(1+$D$8)))/I35 -> 0 | T35: =S35*I35 -> 0
A36: =IF(J36<>"",1+MAX($A$18:A35),"") -> 14 | D36: DIV-01 | E36: General Requirements | F36: Temporary Power (Based On Interior Finish Area) | G36: 1 | H36: =IF(VLOOKUP(J36,'HOURLY RATES'!B$116:C$124,2,0)=0,$J$3,VLOOKUP(J36,'HOURLY RATES'!B$116:C$124,2,0)) -> 0 | I36: =(G36*(1+H36)) -> 1 | J36: LS | K36: =(0.65%*(S18)/M36)*1.77 -> 226.58787 | L36: =K36*I36 -> 226.58787 | M36: =IF(VLOOKUP(E36,'HOURLY RATES'!C$6:D$105,2,0)=0,$E$3,VLOOKUP(E36,'HOURLY RATES'!C$6:D$105,2,0)) -> 54 | N36: =M36*L36 -> 12235.745 | P36: =O36*I36 -> 0 | Q36: =P36+N36 -> 12235.745 | S36: =((((N36*(1+$D$7))+(P36*(1+$D$5+$D$6)))*(1+$D$8)))/I36 -> 14903.137 | T36: =S36*I36 -> 14903.137
A37: =IF(J37<>"",1+MAX($A$18:A36),"")
A38: =IF(J38<>"",1+MAX($A$18:A37),"") | F38: Equipment And Tools
A39: =IF(J39<>"",1+MAX($A$18:A38),"") -> 15 | D39: DIV-01 | E39: General Requirements | F39: Tool Rentals | G39: 1 | H39: =IF(VLOOKUP(J39,'HOURLY RATES'!B$116:C$124,2,0)=0,$J$3,VLOOKUP(J39,'HOURLY RATES'!B$116:C$124,2,0)) -> 0 | I39: =(G39*(1+H39)) -> 1 | J39: LS | L39: =K39*I39 -> 0 | M39: =IF(VLOOKUP(E39,'HOURLY RATES'!C$6:D$105,2,0)=0,$E$3,VLOOKUP(E39,'HOURLY RATES'!C$6:D$105,2,0)) -> 54 | N39: =M39*L39 -> 0 | P39: =O39*I39 -> 0 | Q39: =P39+N39 -> 0 | S39: =((((N39*(1+$D$7))+(P39*(1+$D$5+$D$6)))*(1+$D$8)))/I39 -> 0 | T39: =S39*I39 -> 0
A40: =IF(J40<>"",1+MAX($A$18:A39),"") -> 16 | D40: DIV-01 | E40: General Requirements | F40: Tool Shed | G40: 1 | H40: =IF(VLOOKUP(J40,'HOURLY RATES'!B$116:C$124,2,0)=0,$J$3,VLOOKUP(J40,'HOURLY RATES'!B$116:C$124,2,0)) -> 0 | I40: =(G40*(1+H40)) -> 1 | J40: LS | L40: =K40*I40 -> 0 | M40: =IF(VLOOKUP(E40,'HOURLY RATES'!C$6:D$105,2,0)=0,$E$3,VLOOKUP(E40,'HOURLY RATES'!C$6:D$105,2,0)) -> 54 | N40: =M40*L40 -> 0 | P40: =O40*I40 -> 0 | Q40: =P40+N40 -> 0 | S40: =((((N40*(1+$D$7))+(P40*(1+$D$5+$D$6)))*(1+$D$8)))/I40 -> 0 | T40: =S40*I40 -> 0
A41: =IF(J41<>"",1+MAX($A$18:A40),"") -> 17 | D41: DIV-01 | E41: General Requirements | F41: Dust Control | G41: 1 | H41: =IF(VLOOKUP(J41,'HOURLY RATES'!B$116:C$124,2,0)=0,$J$3,VLOOKUP(J41,'HOURLY RATES'!B$116:C$124,2,0)) -> 0 | I41: =(G41*(1+H41)) -> 1 | J41: LS | L41: =K41*I41 -> 0 | M41: =IF(VLOOKUP(E41,'HOURLY RATES'!C$6:D$105,2,0)=0,$E$3,VLOOKUP(E41,'HOURLY RATES'!C$6:D$105,2,0)) -> 54 | N41: =M41*L41 -> 0 | P41: =O41*I41 -> 0 | Q41: =P41+N41 -> 0 | S41: =((((N41*(1+$D$7))+(P41*(1+$D$5+$D$6)))*(1+$D$8)))/I41 -> 0 | T41: =S41*I41 -> 0
A42: =IF(J42<>"",1+MAX($A$18:A41),"") -> 18 | D42: DIV-01 | E42: General Requirements | F42: Ice, Water, Beverages | G42: 1 | H42: =IF(VLOOKUP(J42,'HOURLY RATES'!B$116:C$124,2,0)=0,$J$3,VLOOKUP(J42,'HOURLY RATES'!B$116:C$124,2,0)) -> 0 | I42: =(G42*(1+H42)) -> 1 | J42: LS | L42: =K42*I42 -> 0 | M42: =IF(VLOOKUP(E42,'HOURLY RATES'!C$6:D$105,2,0)=0,$E$3,VLOOKUP(E42,'HOURLY RATES'!C$6:D$105,2,0)) -> 54 | N42: =M42*L42 -> 0 | P42: =O42*I42 -> 0 | Q42: =P42+N42 -> 0 | S42: =((((N42*(1+$D$7))+(P42*(1+$D$5+$D$6)))*(1+$D$8)))/I42 -> 0 | T42: =S42*I42 -> 0
A43: =IF(J43<>"",1+MAX($A$18:A42),"") -> 19 | D43: DIV-01 | E43: General Requirements | F43: Garbage Dumpster / Trash Containers | G43: 1 | H43: =IF(VLOOKUP(J43,'HOURLY RATES'!B$116:C$124,2,0)=0,$J$3,VLOOKUP(J43,'HOURLY RATES'!B$116:C$124,2,0)) -> 0 | I43: =(G43*(1+H43)) -> 1 | J43: LS | L43: =K43*I43 -> 0 | M43: =IF(VLOOKUP(E43,'HOURLY RATES'!C$6:D$105,2,0)=0,$E$3,VLOOKUP(E43,'HOURLY RATES'!C$6:D$105,2,0)) -> 54 | N43: =M43*L43 -> 0 | P43: =O43*I43 -> 0 | Q43: =P43+N43 -> 0 | S43: =((((N43*(1+$D$7))+(P43*(1+$D$5+$D$6)))*(1+$D$8)))/I43 -> 0 | T43: =S43*I43 -> 0
A44: =IF(J44<>"",1+MAX($A$18:A43),"") -> 20 | D44: DIV-01 | E44: General Requirements | F44: Mobilization/Demobilization (Temporary Control & Facilities) | G44: 1 | H44: =IF(VLOOKUP(J44,'HOURLY RATES'!B$116:C$124,2,0)=0,$J$3,VLOOKUP(J44,'HOURLY RATES'!B$116:C$124,2,0)) -> 0 | I44: =(G44*(1+H44)) -> 1 | J44: LS | K44: =2.2%*($S$18)/M44 -> 433.28406 | L44: =K44*I44 -> 433.28406 | M44: =IF(VLOOKUP(E44,'HOURLY RATES'!C$6:D$105,2,0)=0,$E$3,VLOOKUP(E44,'HOURLY RATES'!C$6:D$105,2,0)) -> 54 | N44: =M44*L44 -> 23397.339 | P44: =O44*I44 -> 0 | Q44: =P44+N44 -> 23397.339 | S44: =((((N44*(1+$D$7))+(P44*(1+$D$5+$D$6)))*(1+$D$8)))/I44 -> 28497.959 | T44: =S44*I44 -> 28497.959
A45: =IF(J45<>"",1+MAX($A$18:A44),"")
A46: =IF(J46<>"",1+MAX($A$18:A45),"") | F46: Signage And Promotion
A47: =IF(J47<>"",1+MAX($A$18:A46),"") -> 21 | D47: DIV-01 | E47: General Requirements | F47: Job Signs | G47: 1 | H47: =IF(VLOOKUP(J47,'HOURLY RATES'!B$116:C$124,2,0)=0,$J$3,VLOOKUP(J47,'HOURLY RATES'!B$116:C$124,2,0)) -> 0 | I47: =(G47*(1+H47)) -> 1 | J47: LS | L47: =K47*I47 -> 0 | M47: =IF(VLOOKUP(E47,'HOURLY RATES'!C$6:D$105,2,0)=0,$E$3,VLOOKUP(E47,'HOURLY RATES'!C$6:D$105,2,0)) -> 54 | N47: =M47*L47 -> 0 | P47: =O47*I47 -> 0 | Q47: =P47+N47 -> 0 | S47: =((((N47*(1+$D$7))+(P47*(1+$D$5+$D$6)))*(1+$D$8)))/I47 -> 0 | T47: =S47*I47 -> 0
A48: =IF(J48<>"",1+MAX($A$18:A47),"") -> 22 | D48: DIV-01 | E48: General Requirements | F48: Job Photos | G48: 1 | H48: =IF(VLOOKUP(J48,'HOURLY RATES'!B$116:C$124,2,0)=0,$J$3,VLOOKUP(J48,'HOURLY RATES'!B$116:C$124,2,0)) -> 0 | I48: =(G48*(1+H48)) -> 1 | J48: LS | L48: =K48*I48 -> 0 | M48: =IF(VLOOKUP(E48,'HOURLY RATES'!C$6:D$105,2,0)=0,$E$3,VLOOKUP(E48,'HOURLY RATES'!C$6:D$105,2,0)) -> 54 | N48: =M48*L48 -> 0 | P48: =O48*I48 -> 0 | Q48: =P48+N48 -> 0 | S48: =((((N48*(1+$D$7))+(P48*(1+$D$5+$D$6)))*(1+$D$8)))/I48 -> 0 | T48: =S48*I48 -> 0
A49: =IF(J49<>"",1+MAX($A$18:A48),"") -> 23 | D49: DIV-01 | E49: General Requirements | F49: Signage | G49: 1 | H49: =IF(VLOOKUP(J49,'HOURLY RATES'!B$116:C$124,2,0)=0,$J$3,VLOOKUP(J49,'HOURLY RATES'!B$116:C$124,2,0)) -> 0 | I49: =(G49*(1+H49)) -> 1 | J49: LS | L49: =K49*I49 -> 0 | M49: =IF(VLOOKUP(E49,'HOURLY RATES'!C$6:D$105,2,0)=0,$E$3,VLOOKUP(E49,'HOURLY RATES'!C$6:D$105,2,0)) -> 54 | N49: =M49*L49 -> 0 | P49: =O49*I49 -> 0 | Q49: =P49+N49 -> 0 | S49: =((((N49*(1+$D$7))+(P49*(1+$D$5+$D$6)))*(1+$D$8)))/I49 -> 0 | T49: =S49*I49 -> 0
A50: =IF(J50<>"",1+MAX($A$18:A49),"") -> 24 | D50: DIV-01 | E50: General Requirements | F50: Promotion/Entertainment | G50: 1 | H50: =IF(VLOOKUP(J50,'HOURLY RATES'!B$116:C$124,2,0)=0,$J$3,VLOOKUP(J50,'HOURLY RATES'!B$116:C$124,2,0)) -> 0 | I50: =(G50*(1+H50)) -> 1 | J50: LS | L50: =K50*I50 -> 0 | M50: =IF(VLOOKUP(E50,'HOURLY RATES'!C$6:D$105,2,0)=0,$E$3,VLOOKUP(E50,'HOURLY RATES'!C$6:D$105,2,0)) -> 54 | N50: =M50*L50 -> 0 | P50: =O50*I50 -> 0 | Q50: =P50+N50 -> 0 | S50: =((((N50*(1+$D$7))+(P50*(1+$D$5+$D$6)))*(1+$D$8)))/I50 -> 0 | T50: =S50*I50 -> 0
A51: =IF(J51<>"",1+MAX($A$18:A50),"") -> 25 | D51: DIV-01 | E51: General Requirements | F51: Misc. | G51: 1 | H51: =IF(VLOOKUP(J51,'HOURLY RATES'!B$116:C$124,2,0)=0,$J$3,VLOOKUP(J51,'HOURLY RATES'!B$116:C$124,2,0)) -> 0 | I51: =(G51*(1+H51)) -> 1 | J51: LS | L51: =K51*I51 -> 0 | M51: =IF(VLOOKUP(E51,'HOURLY RATES'!C$6:D$105,2,0)=0,$E$3,VLOOKUP(E51,'HOURLY RATES'!C$6:D$105,2,0)) -> 54 | N51: =M51*L51 -> 0 | P51: =O51*I51 -> 0 | Q51: =P51+N51 -> 0 | S51: =((((N51*(1+$D$7))+(P51*(1+$D$5+$D$6)))*(1+$D$8)))/I51 -> 0 | T51: =S51*I51 -> 0
A52: =IF(J52<>"",1+MAX($A$18:A51),"")
A53: =IF(J53<>"",1+MAX($A$18:A52),"") | F53: Cleaning And Final
A54: =IF(J54<>"",1+MAX($A$18:A53),"") -> 26 | D54: DIV-01 | E54: General Requirements | F54: Trash | G54: 1 | H54: =IF(VLOOKUP(J54,'HOURLY RATES'!B$116:C$124,2,0)=0,$J$3,VLOOKUP(J54,'HOURLY RATES'!B$116:C$124,2,0)) -> 0 | I54: =(G54*(1+H54)) -> 1 | J54: LS | L54: =K54*I54 -> 0 | M54: =IF(VLOOKUP(E54,'HOURLY RATES'!C$6:D$105,2,0)=0,$E$3,VLOOKUP(E54,'HOURLY RATES'!C$6:D$105,2,0)) -> 54 | N54: =M54*L54 -> 0 | P54: =O54*I54 -> 0 | Q54: =P54+N54 -> 0 | S54: =((((N54*(1+$D$7))+(P54*(1+$D$5+$D$6)))*(1+$D$8)))/I54 -> 0 | T54: =S54*I54 -> 0
A55: =IF(J55<>"",1+MAX($A$18:A54),"") -> 27 | D55: DIV-01 | E55: General Requirements | F55: Final Cleaning | G55: 1 | H55: =IF(VLOOKUP(J55,'HOURLY RATES'!B$116:C$124,2,0)=0,$J$3,VLOOKUP(J55,'HOURLY RATES'!B$116:C$124,2,0)) -> 0 | I55: =(G55*(1+H55)) -> 1 | J55: LS | L55: =K55*I55 -> 0 | M55: =IF(VLOOKUP(E55,'HOURLY RATES'!C$6:D$105,2,0)=0,$E$3,VLOOKUP(E55,'HOURLY RATES'!C$6:D$105,2,0)) -> 54 | N55: =M55*L55 -> 0 | P55: =O55*I55 -> 0 | Q55: =P55+N55 -> 0 | S55: =((((N55*(1+$D$7))+(P55*(1+$D$5+$D$6)))*(1+$D$8)))/I55 -> 0 | T55: =S55*I55 -> 0
A56: =IF(J56<>"",1+MAX($A$18:A55),"") -> 28 | D56: DIV-01 | E56: General Requirements | F56: Window Washing (Rough # Of Windows ) | G56: 1 | H56: =IF(VLOOKUP(J56,'HOURLY RATES'!B$116:C$124,2,0)=0,$J$3,VLOOKUP(J56,'HOURLY RATES'!B$116:C$124,2,0)) -> 0 | I56: =(G56*(1+H56)) -> 1 | J56: LS | L56: =K56*I56 -> 0 | M56: =IF(VLOOKUP(E56,'HOURLY RATES'!C$6:D$105,2,0)=0,$E$3,VLOOKUP(E56,'HOURLY RATES'!C$6:D$105,2,0)) -> 54 | N56: =M56*L56 -> 0 | P56: =O56*I56 -> 0 | Q56: =P56+N56 -> 0 | S56: =((((N56*(1+$D$7))+(P56*(1+$D$5+$D$6)))*(1+$D$8)))/I56 -> 0 | T56: =S56*I56 -> 0
A57: =IF(J57<>"",1+MAX($A$18:A56),"") -> 29 | D57: DIV-01 | E57: General Requirements | F57: Punch List Items | G57: 1 | H57: =IF(VLOOKUP(J57,'HOURLY RATES'!B$116:C$124,2,0)=0,$J$3,VLOOKUP(J57,'HOURLY RATES'!B$116:C$124,2,0)) -> 0 | I57: =(G57*(1+H57)) -> 1 | J57: LS | L57: =K57*I57 -> 0 | M57: =IF(VLOOKUP(E57,'HOURLY RATES'!C$6:D$105,2,0)=0,$E$3,VLOOKUP(E57,'HOURLY RATES'!C$6:D$105,2,0)) -> 54 | N57: =M57*L57 -> 0 | P57: =O57*I57 -> 0 | Q57: =P57+N57 -> 0 | S57: =((((N57*(1+$D$7))+(P57*(1+$D$5+$D$6)))*(1+$D$8)))/I57 -> 0 | T57: =S57*I57 -> 0
A58: =IF(J58<>"",1+MAX($A$18:A57),"")
A59: =IF(J59<>"",1+MAX($A$18:A58),"") | F59: Bonds, Insurance, Legal
A60: =IF(J60<>"",1+MAX($A$18:A59),"") -> 30 | D60: DIV-01 | E60: General Requirements | F60: Casualty Insurance | G60: 1 | H60: =IF(VLOOKUP(J60,'HOURLY RATES'!B$116:C$124,2,0)=0,$J$3,VLOOKUP(J60,'HOURLY RATES'!B$116:C$124,2,0)) -> 0 | I60: =(G60*(1+H60)) -> 1 | J60: LS | L60: =K60*I60 -> 0 | M60: =IF(VLOOKUP(E60,'HOURLY RATES'!C$6:D$105,2,0)=0,$E$3,VLOOKUP(E60,'HOURLY RATES'!C$6:D$105,2,0)) -> 54 | N60: =M60*L60 -> 0 | P60: =O60*I60 -> 0 | Q60: =P60+N60 -> 0 | S60: =((((N60*(1+$D$7))+(P60*(1+$D$5+$D$6)))*(1+$D$8)))/I60 -> 0 | T60: =S60*I60 -> 0
A61: =IF(J61<>"",1+MAX($A$18:A60),"") -> 31 | D61: DIV-01 | E61: General Requirements | F61: Medical Insurance | G61: 1 | H61: =IF(VLOOKUP(J61,'HOURLY RATES'!B$116:C$124,2,0)=0,$J$3,VLOOKUP(J61,'HOURLY RATES'!B$116:C$124,2,0)) -> 0 | I61: =(G61*(1+H61)) -> 1 | J61: LS | L61: =K61*I61 -> 0 | M61: =IF(VLOOKUP(E61,'HOURLY RATES'!C$6:D$105,2,0)=0,$E$3,VLOOKUP(E61,'HOURLY RATES'!C$6:D$105,2,0)) -> 54 | N61: =M61*L61 -> 0 | P61: =O61*I61 -> 0 | Q61: =P61+N61 -> 0 | S61: =((((N61*(1+$D$7))+(P61*(1+$D$5+$D$6)))*(1+$D$8)))/I61 -> 0 | T61: =S61*I61 -> 0
A62: =IF(J62<>"",1+MAX($A$18:A61),"") -> 32 | D62: DIV-01 | E62: General Requirements | F62: General Liability Insurance | G62: 1 | H62: =IF(VLOOKUP(J62,'HOURLY RATES'!B$116:C$124,2,0)=0,$J$3,VLOOKUP(J62,'HOURLY RATES'!B$116:C$124,2,0)) -> 0 | I62: =(G62*(1+H62)) -> 1 | J62: LS | L62: =K62*I62 -> 0 | M62: =IF(VLOOKUP(E62,'HOURLY RATES'!C$6:D$105,2,0)=0,$E$3,VLOOKUP(E62,'HOURLY RATES'!C$6:D$105,2,0)) -> 54 | N62: =M62*L62 -> 0 | P62: =O62*I62 -> 0 | Q62: =P62+N62 -> 0 | S62: =((((N62*(1+$D$7))+(P62*(1+$D$5+$D$6)))*(1+$D$8)))/I62 -> 0 | T62: =S62*I62 -> 0
A63: =IF(J63<>"",1+MAX($A$18:A62),"")
A64: =IF(J64<>"",1+MAX($A$18:A63),"") | F64: Project Management & Supervision
A65: =IF(J65<>"",1+MAX($A$18:A64),"") -> 33 | D65: DIV-01 | E65: General Requirements | F65: Project Management & Supervision | G65: 1 | H65: =IF(VLOOKUP(J65,'HOURLY RATES'!B$116:C$124,2,0)=0,$J$3,VLOOKUP(J65,'HOURLY RATES'!B$116:C$124,2,0)) -> 0 | I65: =(G65*(1+H65)) -> 1 | J65: LS | K65: =2.6%*($S$18)/M65 -> 512.06299 | L65: =K65*I65 -> 512.06299 | M65: =IF(VLOOKUP(E65,'HOURLY RATES'!C$6:D$105,2,0)=0,$E$3,VLOOKUP(E65,'HOURLY RATES'!C$6:D$105,2,0)) -> 54 | N65: =M65*L65 -> 27651.401 | P65: =O65*I65 -> 0 | Q65: =P65+N65 -> 27651.401 | S65: =((((N65*(1+$D$7))+(P65*(1+$D$5+$D$6)))*(1+$D$8)))/I65 -> 33679.407 | T65: =S65*I65 -> 33679.407
A66: =IF(J66<>"",1+MAX($A$18:A65),"")
A67: =IF(J67<>"",1+MAX($A$18:A66),"") | D67: DIV-09 | F67: Finishes | R67: =SUM(Q68:Q213) -> 1063515.4
A68: =IF(J68<>"",1+MAX($A$18:A67),"")
A69: =IF(J69<>"",1+MAX($A$18:A68),"") | F69: Common Areas
A70: =IF(J70<>"",1+MAX($A$18:A69),"") | F70: Painting
A71: =IF(J71<>"",1+MAX($A$18:A70),"") | F71: Ceiling Paint
A72: =IF(J72<>"",1+MAX($A$18:A71),"") -> 34 | D72: DIV-09 | E72: Interior Painter | F72: Pt-7, Paint On Ceiling, Manufacturer: Benjamin Moore, Model: Seapearl (961), Finish: Flat | G72: 8404 | H72: =IF(VLOOKUP(J72,'HOURLY RATES'!B$116:C$124,2,0)=0,$J$3,VLOOKUP(J72,'HOURLY RATES'!B$116:C$124,2,0)) -> 0.05 | I72: =(G72*(1+H72)) -> 8824.2 | J72: SF | K72: 0.022 | L72: =K72*I72 -> 194.1324 | M72: =IF(VLOOKUP(E72,'HOURLY RATES'!C$6:D$105,2,0)=0,$E$3,VLOOKUP(E72,'HOURLY RATES'!C$6:D$105,2,0)) -> 54 | N72: =M72*L72 -> 10483.15 | O72: 0.4 | P72: =O72*I72 -> 3529.68 | Q72: =P72+N72 -> 14012.83 | S72: =((((N72*(1+$D$7))+(P72*(1+$D$5+$D$6)))*(1+$D$8)))/I72 -> 1.9624903 | T72: =S72*I72 -> 17317.407
A73: =IF(J73<>"",1+MAX($A$18:A72),"") -> 35 | D73: DIV-09 | E73: Interior Painter | F73: Pt-15, Paint On Ceiling, Manufacturer: Benjamin Moore, Model: Jade Romanesque (476), Finish: Flat | G73: 473 | H73: =IF(VLOOKUP(J73,'HOURLY RATES'!B$116:C$124,2,0)=0,$J$3,VLOOKUP(J73,'HOURLY RATES'!B$116:C$124,2,0)) -> 0.05 | I73: =(G73*(1+H73)) -> 496.65 | J73: SF | K73: 0.022 | L73: =K73*I73 -> 10.9263 | M73: =IF(VLOOKUP(E73,'HOURLY RATES'!C$6:D$105,2,0)=0,$E$3,VLOOKUP(E73,'HOURLY RATES'!C$6:D$105,2,0)) -> 54 | N73: =M73*L73 -> 590.0202 | O73: 0.4 | P73: =O73*I73 -> 198.66 | Q73: =P73+N73 -> 788.6802 | S73: =((((N73*(1+$D$7))+(P73*(1+$D$5+$D$6)))*(1+$D$8)))/I73 -> 1.9624903 | T73: =S73*I73 -> 974.67082
A74: =IF(J74<>"",1+MAX($A$18:A73),"") -> 36 | D74: DIV-09 | E74: Interior Painter | F74: Paint On Exosed Ceiling, Manufacturer: Sherwin Williams | G74: 2524 | H74: =IF(VLOOKUP(J74,'HOURLY RATES'!B$116:C$124,2,0)=0,$J$3,VLOOKUP(J74,'HOURLY RATES'!B$116:C$124,2,0)) -> 0.05 | I74: =(G74*(1+H74)) -> 2650.2 | J74: SF | K74: 0.022 | L74: =K74*I74 -> 58.3044 | M74: =IF(VLOOKUP(E74,'HOURLY RATES'!C$6:D$105,2,0)=0,$E$3,VLOOKUP(E74,'HOURLY RATES'!C$6:D$105,2,0)) -> 54 | N74: =M74*L74 -> 3148.4376 | O74: 0.8 | P74: =O74*I74 -> 2120.16 | Q74: =P74+N74 -> 5268.5976 | S74: =((((N74*(1+$D$7))+(P74*(1+$D$5+$D$6)))*(1+$D$8)))/I74 -> 2.4779966 | T74: =S74*I74 -> 6567.1867
A75: =IF(J75<>"",1+MAX($A$18:A72),"")
A76: =IF(J76<>"",1+MAX($A$18:A75),"") | F76: Base Paint
A77: =IF(J77<>"",1+MAX($A$18:A76),"") -> 37 | D77: DIV-09 | E77: Interior Painter | F77: WDB-4, Paint On Wood Base, Manufacturer: Sherwin Williams, Model: Iron Ore (SW7069), Finish: Flat, Size: 8" H X 1"D Piece to be Painted, | G77: 2496.51 | H77: =IF(VLOOKUP(J77,'HOURLY RATES'!B$116:C$124,2,0)=0,$J$3,VLOOKUP(J77,'HOURLY RATES'!B$116:C$124,2,0)) -> 0.05 | I77: =(G77*(1+H77)) -> 2621.3355 | J77: LF | K77: 0.018 | L77: =K77*I77 -> 47.184039 | M77: =IF(VLOOKUP(E77,'HOURLY RATES'!C$6:D$105,2,0)=0,$E$3,VLOOKUP(E77,'HOURLY RATES'!C$6:D$105,2,0)) -> 54 | N77: =M77*L77 -> 2547.9381 | O77: 0.8 | P77: =O77*I77 -> 2097.0684 | Q77: =P77+N77 -> 4645.0065 | S77: =((((N77*(1+$D$7))+(P77*(1+$D$5+$D$6)))*(1+$D$8)))/I77 -> 2.2149086 | T77: =S77*I77 -> 5806.0186
A79: =IF(J79<>"",1+MAX($A$18:A76),"") | F79: Wall Paint
A80: =IF(J80<>"",1+MAX($A$18:A79),"") -> 38 | D80: DIV-09 | E80: Interior Painter | F80: Pt-1, Paint On Walls, Manufacturer: Benjamin Moore, Model: Seapearl (961), Finish: Eggshell | G80: 23169 | H80: =IF(VLOOKUP(J80,'HOURLY RATES'!B$116:C$124,2,0)=0,$J$3,VLOOKUP(J80,'HOURLY RATES'!B$116:C$124,2,0)) -> 0.05 | I80: =(G80*(1+H80)) -> 24327.45 | J80: SF | K80: 0.02 | L80: =K80*I80 -> 486.549 | M80: =IF(VLOOKUP(E80,'HOURLY RATES'!C$6:D$105,2,0)=0,$E$3,VLOOKUP(E80,'HOURLY RATES'!C$6:D$105,2,0)) -> 54 | N80: =M80*L80 -> 26273.646 | O80: 0.4 | P80: =O80*I80 -> 9730.98 | Q80: =P80+N80 -> 36004.626 | S80: =((((N80*(1+$D$7))+(P80*(1+$D$5+$D$6)))*(1+$D$8)))/I80 -> 1.8309463 | T80: =S80*I80 -> 44542.255
A81: =IF(J81<>"",1+MAX($A$18:A80),"") -> 39 | D81: DIV-09 | E81: Interior Painter | F81: Pt-4, Paint On Walls Manufacturer: Benjamin Moore, Model: Jade Romanesque (476), Finish: Eggshell | G81: 105 | H81: =IF(VLOOKUP(J81,'HOURLY RATES'!B$116:C$124,2,0)=0,$J$3,VLOOKUP(J81,'HOURLY RATES'!B$116:C$124,2,0)) -> 0.05 | I81: =(G81*(1+H81)) -> 110.25 | J81: SF | K81: 0.02 | L81: =K81*I81 -> 2.205 | M81: =IF(VLOOKUP(E81,'HOURLY RATES'!C$6:D$105,2,0)=0,$E$3,VLOOKUP(E81,'HOURLY RATES'!C$6:D$105,2,0)) -> 54 | N81: =M81*L81 -> 119.07 | O81: 0.4 | P81: =O81*I81 -> 44.1 | Q81: =P81+N81 -> 163.17 | S81: =((((N81*(1+$D$7))+(P81*(1+$D$5+$D$6)))*(1+$D$8)))/I81 -> 1.8309463 | T81: =S81*I81 -> 201.86183
A82: =IF(J82<>"",1+MAX($A$18:A80),"") -> 39 | D82: DIV-09 | E82: Interior Painter | F82: Pt-12, Paint On Walls, Manufacturer: Sherwin Williams, Model: Iron Ore (SW7069), Finish: Eggshell | G82: 8342 | H82: =IF(VLOOKUP(J82,'HOURLY RATES'!B$116:C$124,2,0)=0,$J$3,VLOOKUP(J82,'HOURLY RATES'!B$116:C$124,2,0)) -> 0.05 | I82: =(G82*(1+H82)) -> 8759.1 | J82: SF | K82: 0.02 | L82: =K82*I82 -> 175.182 | M82: =IF(VLOOKUP(E82,'HOURLY RATES'!C$6:D$105,2,0)=0,$E$3,VLOOKUP(E82,'HOURLY RATES'!C$6:D$105,2,0)) -> 54 | N82: =M82*L82 -> 9459.828 | O82: 0.4 | P82: =O82*I82 -> 3503.64 | Q82: =P82+N82 -> 12963.468 | S82: =((((N82*(1+$D$7))+(P82*(1+$D$5+$D$6)))*(1+$D$8)))/I82 -> 1.8309463 | T82: =S82*I82 -> 16037.442
A84: =IF(J84<>"",1+MAX($A$18:A82),"") | F84: Miscellaneous
A85: =IF(J85<>"",1+MAX($A$18:A84),"") -> 40 | D85: DIV-09 | E85: Interior Painter | F85: Paint On 36" H Handrail (1 - Coat Primer + 2 - Coat Paint) | G85: 62.75 | H85: =IF(VLOOKUP(J85,'HOURLY RATES'!B$116:C$124,2,0)=0,$J$3,VLOOKUP(J85,'HOURLY RATES'!B$116:C$124,2,0)) -> 0.05 | I85: =(G85*(1+H85)) -> 65.8875 | J85: LF | K85: 0.044 | L85: =K85*I85 -> 2.89905 | M85: =IF(VLOOKUP(E85,'HOURLY RATES'!C$6:D$105,2,0)=0,$E$3,VLOOKUP(E85,'HOURLY RATES'!C$6:D$105,2,0)) -> 54 | N85: =M85*L85 -> 156.5487 | O85: 1.5 | P85: =O85*I85 -> 98.83125 | Q85: =P85+N85 -> 255.37995 | S85: =((((N85*(1+$D$7))+(P85*(1+$D$5+$D$6)))*(1+$D$8)))/I85 -> 4.8271167 | T85: =S85*I85 -> 318.04665
A86: =IF(J86<>"",1+MAX($A$18:A84),"") -> 40 | D86: DIV-09 | E86: Interior Painter | F86: Paint On 42" H Guardrail (1 - Coat Primer + 2 - Coat Paint) | G86: 63.26 | H86: =IF(VLOOKUP(J86,'HOURLY RATES'!B$116:C$124,2,0)=0,$J$3,VLOOKUP(J86,'HOURLY RATES'!B$116:C$124,2,0)) -> 0.05 | I86: =(G86*(1+H86)) -> 66.423 | J86: LF | K86: 0.215 | L86: =K86*I86 -> 14.280945 | M86: =IF(VLOOKUP(E86,'HOURLY RATES'!C$6:D$105,2,0)=0,$E$3,VLOOKUP(E86,'HOURLY RATES'!C$6:D$105,2,0)) -> 54 | N86: =M86*L86 -> 771.17103 | O86: 2.5 | P86: =O86*I86 -> 166.0575 | Q86: =P86+N86 -> 937.22853 | S86: =((((N86*(1+$D$7))+(P86*(1+$D$5+$D$6)))*(1+$D$8)))/I86 -> 17.362894 | T86: =S86*I86 -> 1153.2955
A88: =IF(J88<>"",1+MAX($A$18:A85),"") | F88: Opening Paint
A89: =IF(J89<>"",1+MAX($A$18:A88),"") -> 41 | D89: DIV-09 | E89: Interior Painter | F89: Paint On Door, Manufacturer: Sherwin Williams, Model: SW 7004 Snowbond, Finish: Semi-Gloss | G89: 28 | H89: =IF(VLOOKUP(J89,'HOURLY RATES'!B$116:C$124,2,0)=0,$J$3,VLOOKUP(J89,'HOURLY RATES'!B$116:C$124,2,0)) -> 0 | I89: =(G89*(1+H89)) -> 28 | J89: EA | K89: 1.23 | L89: =K89*I89 -> 34.44 | M89: =IF(VLOOKUP(E89,'HOURLY RATES'!C$6:D$105,2,0)=0,$E$3,VLOOKUP(E89,'HOURLY RATES'!C$6:D$105,2,0)) -> 54 | N89: =M89*L89 -> 1859.76 | O89: 28 | P89: =O89*I89 -> 784 | Q89: =P89+N89 -> 2643.76 | S89: =((((N89*(1+$D$7))+(P89*(1+$D$5+$D$6)))*(1+$D$8)))/I89 -> 116.985 | T89: =S89*I89 -> 3275.5801
A90: =IF(J90<>"",1+MAX($A$18:A89),"") -> 42 | D90: DIV-09 | E90: Interior Painter | F90: Paint On Door Frame, Manufacturer: Sherwin Williams, Model: SW 7004 Snowbond, Finish: Semi-Gloss | G90: =G91/2 -> 538 | H90: =IF(VLOOKUP(J90,'HOURLY RATES'!B$116:C$124,2,0)=0,$J$3,VLOOKUP(J90,'HOURLY RATES'!B$116:C$124,2,0)) -> 0.05 | I90: =(G90*(1+H90)) -> 564.9 | J90: LF | K90: 0.018 | L90: =K90*I90 -> 10.1682 | M90: =IF(VLOOKUP(E90,'HOURLY RATES'!C$6:D$105,2,0)=0,$E$3,VLOOKUP(E90,'HOURLY RATES'!C$6:D$105,2,0)) -> 54 | N90: =M90*L90 -> 549.0828 | O90: 0.8 | P90: =O90*I90 -> 451.92 | Q90: =P90+N90 -> 1001.0028 | S90: =((((N90*(1+$D$7))+(P90*(1+$D$5+$D$6)))*(1+$D$8)))/I90 -> 2.2149086 | T90: =S90*I90 -> 1251.2019
A91: =IF(J91<>"",1+MAX($A$18:A90),"") -> 43 | D91: DIV-09 | E91: Interior Painter | F91: Paint On Door Trim, Manufacturer: Sherwin Williams, Model: SW 7004 Snowbond, Finish: Semi-Gloss | G91: 1076 | H91: =IF(VLOOKUP(J91,'HOURLY RATES'!B$116:C$124,2,0)=0,$J$3,VLOOKUP(J91,'HOURLY RATES'!B$116:C$124,2,0)) -> 0.05 | I91: =(G91*(1+H91)) -> 1129.8 | J91: LF | K91: 0.018 | L91: =K91*I91 -> 20.3364 | M91: =IF(VLOOKUP(E91,'HOURLY RATES'!C$6:D$105,2,0)=0,$E$3,VLOOKUP(E91,'HOURLY RATES'!C$6:D$105,2,0)) -> 54 | N91: =M91*L91 -> 1098.1656 | O91: 0.8 | P91: =O91*I91 -> 903.84 | Q91: =P91+N91 -> 2002.0056 | S91: =((((N91*(1+$D$7))+(P91*(1+$D$5+$D$6)))*(1+$D$8)))/I91 -> 2.2149086 | T91: =S91*I91 -> 2502.4038
A93: =IF(J93<>"",1+MAX($A$18:A92),"") | F93: Exterior Paint
A94: =IF(J94<>"",1+MAX($A$18:A92),"") -> 44 | D94: DIV-09 | E94: Exterior Painter | F94: Pt-1 Paint @ Fiber Cement Lap Siding Manufacture: Sherwin Williams Finish: Tbd | G94: 8787 | H94: 0.05 | I94: =(G94*(1+H94)) -> 9226.35 | J94: SF | K94: 0.02 | L94: =K94*I94 -> 184.527 | M94: =IF(VLOOKUP(E94,'HOURLY RATES'!C$6:D$105,2,0)=0,$E$3,VLOOKUP(E94,'HOURLY RATES'!C$6:D$105,2,0)) -> 54 | N94: =M94*L94 -> 9964.458 | O94: 0.8 | P94: =O94*I94 -> 7381.08 | Q94: =P94+N94 -> 17345.538 | S94: =((((N94*(1+$D$7))+(P94*(1+$D$5+$D$6)))*(1+$D$8)))/I94 -> 2.3464526 | T94: =S94*I94 -> 21649.193
A95: =IF(J95<>"",1+MAX($A$18:A93),"") -> 44 | D95: DIV-09 | E95: Exterior Painter | F95: Pt-2 Paint @ Fiber Cement Lap Siding Manufacture: Sherwin Williams Finish: Tbd | G95: 5040 | H95: 0.05 | I95: =(G95*(1+H95)) -> 5292 | J95: SF | K95: 0.02 | L95: =K95*I95 -> 105.84 | M95: =IF(VLOOKUP(E95,'HOURLY RATES'!C$6:D$105,2,0)=0,$E$3,VLOOKUP(E95,'HOURLY RATES'!C$6:D$105,2,0)) -> 54 | N95: =M95*L95 -> 5715.36 | O95: 0.8 | P95: =O95*I95 -> 4233.6 | Q95: =P95+N95 -> 9948.96 | S95: =((((N95*(1+$D$7))+(P95*(1+$D$5+$D$6)))*(1+$D$8)))/I95 -> 2.3464526 | T95: =S95*I95 -> 12417.427
A96: =IF(J96<>"",1+MAX($A$18:A93),"") -> 44 | D96: DIV-09 | E96: Exterior Painter | F96: Pt-1 Paint @ Fiber Cement Board and Batten Siding Manufacture: Sherwin Williams Finish: Tbd | G96: 1280 | H96: 0.05 | I96: =(G96*(1+H96)) -> 1344 | J96: SF | K96: 0.02 | L96: =K96*I96 -> 26.88 | M96: =IF(VLOOKUP(E96,'HOURLY RATES'!C$6:D$105,2,0)=0,$E$3,VLOOKUP(E96,'HOURLY RATES'!C$6:D$105,2,0)) -> 54 | N96: =M96*L96 -> 1451.52 | O96: 0.8 | P96: =O96*I96 -> 1075.2 | Q96: =P96+N96 -> 2526.72 | S96: =((((N96*(1+$D$7))+(P96*(1+$D$5+$D$6)))*(1+$D$8)))/I96 -> 2.3464526 | T96: =S96*I96 -> 3153.6323
A97: =IF(J97<>"",1+MAX($A$18:A96),"") -> 45 | D97: DIV-09 | E97: Exterior Painter | F97: Pt-1 Paint @ Fiber Cement Panel Manufacture: Sherwin Williams Finish: Tbd | G97: 1527 | H97: 0.05 | I97: =(G97*(1+H97)) -> 1603.35 | J97: SF | K97: 0.02 | L97: =K97*I97 -> 32.067 | M97: =IF(VLOOKUP(E97,'HOURLY RATES'!C$6:D$105,2,0)=0,$E$3,VLOOKUP(E97,'HOURLY RATES'!C$6:D$105,2,0)) -> 54 | N97: =M97*L97 -> 1731.618 | O97: 0.8 | P97: =O97*I97 -> 1282.68 | Q97: =P97+N97 -> 3014.298 | S97: =((((N97*(1+$D$7))+(P97*(1+$D$5+$D$6)))*(1+$D$8)))/I97 -> 2.3464526 | T97: =S97*I97 -> 3762.1848
A98: =IF(J98<>"",1+MAX($A$18:A96),"") -> 45 | D98: DIV-09 | E98: Exterior Painter | F98: Pt-2 Paint @ Fiber Cement Panel Manufacture: Sherwin Williams Finish: Tbd | G98: 3160 | H98: 0.05 | I98: =(G98*(1+H98)) -> 3318 | J98: SF | K98: 0.02 | L98: =K98*I98 -> 66.36 | M98: =IF(VLOOKUP(E98,'HOURLY RATES'!C$6:D$105,2,0)=0,$E$3,VLOOKUP(E98,'HOURLY RATES'!C$6:D$105,2,0)) -> 54 | N98: =M98*L98 -> 3583.44 | O98: 0.8 | P98: =O98*I98 -> 2654.4 | Q98: =P98+N98 -> 6237.84 | S98: =((((N98*(1+$D$7))+(P98*(1+$D$5+$D$6)))*(1+$D$8)))/I98 -> 2.3464526 | T98: =S98*I98 -> 7785.5299
A99: =IF(J99<>"",1+MAX($A$18:A96),"") -> 45 | D99: DIV-09 | E99: Exterior Painter | F99: Pt-1 Paint @ Fiber Cement Trim Manufacture: Sherwin Williams Finish: Tbd | G99: =1364+273+984 -> 2621 | H99: 0.05 | I99: =(G99*(1+H99)) -> 2752.05 | J99: LF | K99: 0.018 | L99: =K99*I99 -> 49.5369 | M99: =IF(VLOOKUP(E99,'HOURLY RATES'!C$6:D$105,2,0)=0,$E$3,VLOOKUP(E99,'HOURLY RATES'!C$6:D$105,2,0)) -> 54 | N99: =M99*L99 -> 2674.9926 | O99: 0.8 | P99: =O99*I99 -> 2201.64 | Q99: =P99+N99 -> 4876.6326 | S99: =((((N99*(1+$D$7))+(P99*(1+$D$5+$D$6)))*(1+$D$8)))/I99 -> 2.2149086 | T99: =S99*I99 -> 6095.5393
A100: =IF(J100<>"",1+MAX($A$18:A97),"") -> 46 | D100: DIV-09 | E100: Exterior Painter | F100: Pt-2 Paint @ Fiber Cement Trim Manufacture: Sherwin Williams Finish: Tbd | G100: =1854+1387 -> 3241 | H100: 0.05 | I100: =(G100*(1+H100)) -> 3403.05 | J100: LF | K100: 0.018 | L100: =K100*I100 -> 61.2549 | M100: =IF(VLOOKUP(E100,'HOURLY RATES'!C$6:D$105,2,0)=0,$E$3,VLOOKUP(E100,'HOURLY RATES'!C$6:D$105,2,0)) -> 54 | N100: =M100*L100 -> 3307.7646 | O100: 0.8 | P100: =O100*I100 -> 2722.44 | Q100: =P100+N100 -> 6030.2046 | S100: =((((N100*(1+$D$7))+(P100*(1+$D$5+$D$6)))*(1+$D$8)))/I100 -> 2.2149086 | T100: =S100*I100 -> 7537.4448
A101: =IF(J101<>"",1+MAX($A$18:A100),"")
A102: =IF(J102<>"",1+MAX($A$18:A101),"") | F102: Units
A103: =IF(J103<>"",1+MAX($A$18:A102),"") -> 47 | F103: Unit A1 | G103: 36 | J103: EA
A104: =IF(J104<>"",1+MAX($A$18:A103),"") | F104: Ceiling Paint
A105: =IF(J105<>"",1+MAX($A$18:A104),"") -> 48 | D105: DIV-09 | E105: Interior Painter | F105: UPT-3, Paint On Ceiing, Manufacturer: Sherwin Williams, Model: SW 7004 Snowbond, Finish: Flat | G105: =796*36 -> 28656 | H105: =IF(VLOOKUP(J105,'HOURLY RATES'!B$116:C$124,2,0)=0,$J$3,VLOOKUP(J105,'HOURLY RATES'!B$116:C$124,2,0)) -> 0.05 | I105: =(G105*(1+H105)) -> 30088.8 | J105: SF | K105: 0.022 | L105: =K105*I105 -> 661.9536 | M105: =IF(VLOOKUP(E105,'HOURLY RATES'!C$6:D$105,2,0)=0,$E$3,VLOOKUP(E105,'HOURLY RATES'!C$6:D$105,2,0)) -> 54 | N105: =M105*L105 -> 35745.494 | O105: 0.4 | P105: =O105*I105 -> 12035.52 | Q105: =P105+N105 -> 47781.014 | S105: =((((N105*(1+$D$7))+(P105*(1+$D$5+$D$6)))*(1+$D$8)))/I105 -> 1.9624903 | T105: =S105*I105 -> 59048.979
A107: =IF(J107<>"",1+MAX($A$18:A105),"") | F107: Base Paint
...

Sheet BUILDING 3
A1: ITEM # | B1: REF. SHEET | C1: DETAIL | D1: CSI SECT | E1: Sub Contractor | F1: DESCRIPTION | G1: QTY. | H1: WASTAGE | I1: QTY WITH WASTAGE | J1: UNIT | K1: UNIT LABOR HOURS | L1: TOTAL LABOR HOURS | M1: PER HOUR LABOR RATE | N1: TOTAL LABOR COST | O1: UNIT MATERIAL COST | P1: TOTAL MATERIAL COST | Q1: ITEM COST | R1: TRADE COST | S1: UNIT ITEM COST WITH MARKUPS | T1: TOTAL ITEM COST WITH MARKUPS
A2: Estimate of Materials Quantities and Cost of Construction
B3: CLICK HERE TO GO BACK TO COST SUMMARY
D4: Sub-Total | E4: =Q197 -> 530597.46 | J4: Date: | K4: 46076
C5: Material Sales Tax | D5: 0.06972 | E5: =P197*D5 -> 10546.529 | F5: (Adjust the percentage for Material tax as required) | J5: Project: | K5: Cline Mission Propities
C6: Overhead & Profit / Inflation (Material) | D6: 0.2 | E6: =P197*D6 -> 30253.955 | F6: (Adjust the percentage for Overhead & Profit as required) | J6: Project Location: | K6: Stumptown Rd, Huntersville
C7: Overhead & Profit (Labor) | D7: 0.2 | E7: =N197*D7 -> 75865.538 | F7: (Adjust the percentage for Overhead & Profit as required) | J7: Project and Wage Type: | K7: Private (Non-Prevailing wage)
C8: Bond Fee | D8: 0.015 | E8: =(E4+E5+E6+E7)*D8 -> 9708.9522 | F8: (Adjust the percentage for Bond Fee as required) | K8: BUILDING 3
D9: Total Bid | E9: =E4+E5+E6+E7+E8 -> 656972.44 | J9: Gross Internal Area of Structure (SF) | K9: 55048
J10: Covered Area of Structure (SF) | K10: 55048
C11: Material Wastage 1 | D11: 0 | E11: ( for Quantities in Each & LS) | J11: No. of Units | K11: 40
C12: Material Wastage 2 | D12: 0.05 | E12: ( for Quantities in LF, SF, SY, CY, LBS, TONS) | J12: No. of Floors and Overall Height | K12: 4 (50'-6")
B13: (Changing the wastage percentage here will update the wastage for whole tab) | J13: Hardscaping Area (SF) | K13: 0
J14: Soft scaping Area (SF) | K14: 0
B15: To change hourly rates for any trade please go to "Hourly Rates" Tab
A17: ITEM # | B17: REF. SHEET | C17: DETAIL | D17: CSI SECT | E17: Sub Contractor | F17: DESCRIPTION | G17: QTY. | H17: WASTAGE | I17: QTY WITH WASTAGE | J17: UNIT | K17: UNIT LABOR HOURS | L17: TOTAL LABOR HOURS | M17: PER HOUR LABOR RATE | N17: TOTAL LABOR COST | O17: UNIT MATERIAL COST | P17: TOTAL MATERIAL COST | Q17: ITEM COST | R17: TRADE COST | S17: UNIT COST WITH MARKUPS | T17: TOTAL COST WITH MARKUPS
D18: DIV-01 | F18: General | R18: =SUM(Q19:Q65) -> 37140.071 | S18: =U18 -> 493457.39 | U18: =SUM(Q67:Q196) -> 493457.39
F20: Plan Design And Permitting
A21: =IF(J21<>"",1+MAX($A$18:A20),"") -> 1 | D21: DIV-01 | E21: General Requirements | F21: Architecture (Assumed By Owner) | G21: 1 | H21: =IF(VLOOKUP(J21,'HOURLY RATES'!B$116:C$124,2,0)=0,$J$3,VLOOKUP(J21,'HOURLY RATES'!B$116:C$124,2,0)) -> 0 | I21: =(G21*(1+H21)) -> 1 | J21: LS | L21: =K21*I21 -> 0 | M21: =IF(VLOOKUP(E21,'HOURLY RATES'!C$6:D$105,2,0)=0,$E$3,VLOOKUP(E21,'HOURLY RATES'!C$6:D$105,2,0)) -> 54 | N21: =M21*L21 -> 0 | P21: =O21*I21 -> 0 | Q21: =P21+N21 -> 0 | S21: =((((N21*(1+$D$7))+(P21*(1+$D$5+$D$6)))*(1+$D$8)))/I21 -> 0 | T21: =S21*I21 -> 0
A22: =IF(J22<>"",1+MAX($A$18:A21),"") -> 2 | D22: DIV-01 | E22: General Requirements | F22: Engineering (Assumed By Owner) | G22: 1 | H22: =IF(VLOOKUP(J22,'HOURLY RATES'!B$116:C$124,2,0)=0,$J$3,VLOOKUP(J22,'HOURLY RATES'!B$116:C$124,2,0)) -> 0 | I22: =(G22*(1+H22)) -> 1 | J22: LS | L22: =K22*I22 -> 0 | M22: =IF(VLOOKUP(E22,'HOURLY RATES'!C$6:D$105,2,0)=0,$E$3,VLOOKUP(E22,'HOURLY RATES'!C$6:D$105,2,0)) -> 54 | N22: =M22*L22 -> 0 | P22: =O22*I22 -> 0 | Q22: =P22+N22 -> 0 | S22: =((((N22*(1+$D$7))+(P22*(1+$D$5+$D$6)))*(1+$D$8)))/I22 -> 0 | T22: =S22*I22 -> 0
A23: =IF(J23<>"",1+MAX($A$18:A22),"") -> 3 | D23: DIV-01 | E23: General Requirements | F23: Surveying | G23: 1 | H23: =IF(VLOOKUP(J23,'HOURLY RATES'!B$116:C$124,2,0)=0,$J$3,VLOOKUP(J23,'HOURLY RATES'!B$116:C$124,2,0)) -> 0 | I23: =(G23*(1+H23)) -> 1 | J23: LS | L23: =K23*I23 -> 0 | M23: =IF(VLOOKUP(E23,'HOURLY RATES'!C$6:D$105,2,0)=0,$E$3,VLOOKUP(E23,'HOURLY RATES'!C$6:D$105,2,0)) -> 54 | N23: =M23*L23 -> 0 | P23: =O23*I23 -> 0 | Q23: =P23+N23 -> 0 | S23: =((((N23*(1+$D$7))+(P23*(1+$D$5+$D$6)))*(1+$D$8)))/I23 -> 0 | T23: =S23*I23 -> 0
A24: =IF(J24<>"",1+MAX($A$18:A23),"") -> 4 | D24: DIV-01 | E24: General Requirements | F24: Soils Report (Assumed By Owner) | G24: 1 | H24: =IF(VLOOKUP(J24,'HOURLY RATES'!B$116:C$124,2,0)=0,$J$3,VLOOKUP(J24,'HOURLY RATES'!B$116:C$124,2,0)) -> 0 | I24: =(G24*(1+H24)) -> 1 | J24: LS | L24: =K24*I24 -> 0 | M24: =IF(VLOOKUP(E24,'HOURLY RATES'!C$6:D$105,2,0)=0,$E$3,VLOOKUP(E24,'HOURLY RATES'!C$6:D$105,2,0)) -> 54 | N24: =M24*L24 -> 0 | P24: =O24*I24 -> 0 | Q24: =P24+N24 -> 0 | S24: =((((N24*(1+$D$7))+(P24*(1+$D$5+$D$6)))*(1+$D$8)))/I24 -> 0 | T24: =S24*I24 -> 0
A25: =IF(J25<>"",1+MAX($A$18:A24),"") -> 5 | D25: DIV-01 | E25: General Requirements | F25: Geological Report (Assumed By Owner) | G25: 1 | H25: =IF(VLOOKUP(J25,'HOURLY RATES'!B$116:C$124,2,0)=0,$J$3,VLOOKUP(J25,'HOURLY RATES'!B$116:C$124,2,0)) -> 0 | I25: =(G25*(1+H25)) -> 1 | J25: LS | L25: =K25*I25 -> 0 | M25: =IF(VLOOKUP(E25,'HOURLY RATES'!C$6:D$105,2,0)=0,$E$3,VLOOKUP(E25,'HOURLY RATES'!C$6:D$105,2,0)) -> 54 | N25: =M25*L25 -> 0 | P25: =O25*I25 -> 0 | Q25: =P25+N25 -> 0 | S25: =((((N25*(1+$D$7))+(P25*(1+$D$5+$D$6)))*(1+$D$8)))/I25 -> 0 | T25: =S25*I25 -> 0
A26: =IF(J26<>"",1+MAX($A$18:A25),"") -> 6 | D26: DIV-01 | E26: General Requirements | F26: Concrete Testing | G26: 1 | H26: =IF(VLOOKUP(J26,'HOURLY RATES'!B$116:C$124,2,0)=0,$J$3,VLOOKUP(J26,'HOURLY RATES'!B$116:C$124,2,0)) -> 0 | I26: =(G26*(1+H26)) -> 1 | J26: LS | L26: =K26*I26 -> 0 | M26: =IF(VLOOKUP(E26,'HOURLY RATES'!C$6:D$105,2,0)=0,$E$3,VLOOKUP(E26,'HOURLY RATES'!C$6:D$105,2,0)) -> 54 | N26: =M26*L26 -> 0 | P26: =O26*I26 -> 0 | Q26: =P26+N26 -> 0 | S26: =((((N26*(1+$D$7))+(P26*(1+$D$5+$D$6)))*(1+$D$8)))/I26 -> 0 | T26: =S26*I26 -> 0
A27: =IF(J27<>"",1+MAX($A$18:A26),"") -> 7 | D27: DIV-01 | E27: General Requirements | F27: Permit Fee | G27: 1 | H27: =IF(VLOOKUP(J27,'HOURLY RATES'!B$116:C$124,2,0)=0,$J$3,VLOOKUP(J27,'HOURLY RATES'!B$116:C$124,2,0)) -> 0 | I27: =(G27*(1+H27)) -> 1 | J27: LS | K27: =1%*($S$18)/M27 -> 91.380998 | L27: =K27*I27 -> 91.380998 | M27: =IF(VLOOKUP(E27,'HOURLY RATES'!C$6:D$105,2,0)=0,$E$3,VLOOKUP(E27,'HOURLY RATES'!C$6:D$105,2,0)) -> 54 | N27: =M27*L27 -> 4934.5739 | P27: =O27*I27 -> 0 | Q27: =P27+N27 -> 4934.5739 | S27: =((((N27*(1+$D$7))+(P27*(1+$D$5+$D$6)))*(1+$D$8)))/I27 -> 6010.311 | T27: =S27*I27 -> 6010.311
A28: =IF(J28<>"",1+MAX($A$18:A27),"") -> 8 | D28: DIV-01 | E28: General Requirements | F28: Permits (Based On Interior Finish Area) | G28: 1 | H28: =IF(VLOOKUP(J28,'HOURLY RATES'!B$116:C$124,2,0)=0,$J$3,VLOOKUP(J28,'HOURLY RATES'!B$116:C$124,2,0)) -> 0 | I28: =(G28*(1+H28)) -> 1 | J28: LS | L28: =K28*I28 -> 0 | M28: =IF(VLOOKUP(E28,'HOURLY RATES'!C$6:D$105,2,0)=0,$E$3,VLOOKUP(E28,'HOURLY RATES'!C$6:D$105,2,0)) -> 54 | N28: =M28*L28 -> 0 | P28: =O28*I28 -> 0 | Q28: =P28+N28 -> 0 | S28: =((((N28*(1+$D$7))+(P28*(1+$D$5+$D$6)))*(1+$D$8)))/I28 -> 0 | T28: =S28*I28 -> 0
A29: =IF(J29<>"",1+MAX($A$18:A28),"") -> 9 | D29: DIV-01 | E29: General Requirements | F29: Plan Coordination | G29: 1 | H29: =IF(VLOOKUP(J29,'HOURLY RATES'!B$116:C$124,2,0)=0,$J$3,VLOOKUP(J29,'HOURLY RATES'!B$116:C$124,2,0)) -> 0 | I29: =(G29*(1+H29)) -> 1 | J29: LS | L29: =K29*I29 -> 0 | M29: =IF(VLOOKUP(E29,'HOURLY RATES'!C$6:D$105,2,0)=0,$E$3,VLOOKUP(E29,'HOURLY RATES'!C$6:D$105,2,0)) -> 54 | N29: =M29*L29 -> 0 | P29: =O29*I29 -> 0 | Q29: =P29+N29 -> 0 | S29: =((((N29*(1+$D$7))+(P29*(1+$D$5+$D$6)))*(1+$D$8)))/I29 -> 0 | T29: =S29*I29 -> 0
A30: =IF(J30<>"",1+MAX($A$18:A29),"") -> 10 | D30: DIV-01 | E30: General Requirements | F30: Roof Inspection | G30: 1 | H30: =IF(VLOOKUP(J30,'HOURLY RATES'!B$116:C$124,2,0)=0,$J$3,VLOOKUP(J30,'HOURLY RATES'!B$116:C$124,2,0)) -> 0 | I30: =(G30*(1+H30)) -> 1 | J30: LS | L30: =K30*I30 -> 0 | M30: =IF(VLOOKUP(E30,'HOURLY RATES'!C$6:D$105,2,0)=0,$E$3,VLOOKUP(E30,'HOURLY RATES'!C$6:D$105,2,0)) -> 54 | N30: =M30*L30 -> 0 | P30: =O30*I30 -> 0 | Q30: =P30+N30 -> 0 | S30: =((((N30*(1+$D$7))+(P30*(1+$D$5+$D$6)))*(1+$D$8)))/I30 -> 0 | T30: =S30*I30 -> 0
A31: =IF(J31<>"",1+MAX($A$18:A30),"") -> 11 | D31: DIV-01 | E31: General Requirements | F31: Blueprints (?? Pages) | G31: 1 | H31: =IF(VLOOKUP(J31,'HOURLY RATES'!B$116:C$124,2,0)=0,$J$3,VLOOKUP(J31,'HOURLY RATES'!B$116:C$124,2,0)) -> 0 | I31: =(G31*(1+H31)) -> 1 | J31: LS | L31: =K31*I31 -> 0 | M31: =IF(VLOOKUP(E31,'HOURLY RATES'!C$6:D$105,2,0)=0,$E$3,VLOOKUP(E31,'HOURLY RATES'!C$6:D$105,2,0)) -> 54 | N31: =M31*L31 -> 0 | P31: =O31*I31 -> 0 | Q31: =P31+N31 -> 0 | S31: =((((N31*(1+$D$7))+(P31*(1+$D$5+$D$6)))*(1+$D$8)))/I31 -> 0 | T31: =S31*I31 -> 0
A32: =IF(J32<>"",1+MAX($A$18:A31),"")
A33: =IF(J33<>"",1+MAX($A$18:A32),"") | F33: Utilities
A34: =IF(J34<>"",1+MAX($A$18:A33),"") -> 12 | D34: DIV-01 | E34: General Requirements | F34: Utilities During Construction (Based On Interior Finish Area) | G34: 1 | H34: =IF(VLOOKUP(J34,'HOURLY RATES'!B$116:C$124,2,0)=0,$J$3,VLOOKUP(J34,'HOURLY RATES'!B$116:C$124,2,0)) -> 0 | I34: =(G34*(1+H34)) -> 1 | J34: LS | K34: =(0.288%*(S18)/M34)*2 -> 52.635455 | L34: =K34*I34 -> 52.635455 | M34: =IF(VLOOKUP(E34,'HOURLY RATES'!C$6:D$105,2,0)=0,$E$3,VLOOKUP(E34,'HOURLY RATES'!C$6:D$105,2,0)) -> 54 | N34: =M34*L34 -> 2842.3146 | P34: =O34*I34 -> 0 | Q34: =P34+N34 -> 2842.3146 | S34: =((((N34*(1+$D$7))+(P34*(1+$D$5+$D$6)))*(1+$D$8)))/I34 -> 3461.9392 | T34: =S34*I34 -> 3461.9392
A35: =IF(J35<>"",1+MAX($A$18:A34),"") -> 13 | D35: DIV-01 | E35: General Requirements | F35: Port-O-Potty (Based On Interior Finish Area) | G35: 1 | H35: =IF(VLOOKUP(J35,'HOURLY RATES'!B$116:C$124,2,0)=0,$J$3,VLOOKUP(J35,'HOURLY RATES'!B$116:C$124,2,0)) -> 0 | I35: =(G35*(1+H35)) -> 1 | J35: LS | L35: =K35*I35 -> 0 | M35: =IF(VLOOKUP(E35,'HOURLY RATES'!C$6:D$105,2,0)=0,$E$3,VLOOKUP(E35,'HOURLY RATES'!C$6:D$105,2,0)) -> 54 | N35: =M35*L35 -> 0 | P35: =O35*I35 -> 0 | Q35: =P35+N35 -> 0 | S35: =((((N35*(1+$D$7))+(P35*(1+$D$5+$D$6)))*(1+$D$8)))/I35 -> 0 | T35: =S35*I35 -> 0
A36: =IF(J36<>"",1+MAX($A$18:A35),"") -> 14 | D36: DIV-01 | E36: General Requirements | F36: Temporary Power (Based On Interior Finish Area) | G36: 1 | H36: =IF(VLOOKUP(J36,'HOURLY RATES'!B$116:C$124,2,0)=0,$J$3,VLOOKUP(J36,'HOURLY RATES'!B$116:C$124,2,0)) -> 0 | I36: =(G36*(1+H36)) -> 1 | J36: LS | K36: =(0.65%*(S18)/M36)*1.77 -> 105.13384 | L36: =K36*I36 -> 105.13384 | M36: =IF(VLOOKUP(E36,'HOURLY RATES'!C$6:D$105,2,0)=0,$E$3,VLOOKUP(E36,'HOURLY RATES'!C$6:D$105,2,0)) -> 54 | N36: =M36*L36 -> 5677.2273 | P36: =O36*I36 -> 0 | Q36: =P36+N36 -> 5677.2273 | S36: =((((N36*(1+$D$7))+(P36*(1+$D$5+$D$6)))*(1+$D$8)))/I36 -> 6914.8628 | T36: =S36*I36 -> 6914.8628
A37: =IF(J37<>"",1+MAX($A$18:A36),"")
A38: =IF(J38<>"",1+MAX($A$18:A37),"") | F38: Equipment And Tools
A39: =IF(J39<>"",1+MAX($A$18:A38),"") -> 15 | D39: DIV-01 | E39: General Requirements | F39: Tool Rentals | G39: 1 | H39: =IF(VLOOKUP(J39,'HOURLY RATES'!B$116:C$124,2,0)=0,$J$3,VLOOKUP(J39,'HOURLY RATES'!B$116:C$124,2,0)) -> 0 | I39: =(G39*(1+H39)) -> 1 | J39: LS | L39: =K39*I39 -> 0 | M39: =IF(VLOOKUP(E39,'HOURLY RATES'!C$6:D$105,2,0)=0,$E$3,VLOOKUP(E39,'HOURLY RATES'!C$6:D$105,2,0)) -> 54 | N39: =M39*L39 -> 0 | P39: =O39*I39 -> 0 | Q39: =P39+N39 -> 0 | S39: =((((N39*(1+$D$7))+(P39*(1+$D$5+$D$6)))*(1+$D$8)))/I39 -> 0 | T39: =S39*I39 -> 0
A40: =IF(J40<>"",1+MAX($A$18:A39),"") -> 16 | D40: DIV-01 | E40: General Requirements | F40: Tool Shed | G40: 1 | H40: =IF(VLOOKUP(J40,'HOURLY RATES'!B$116:C$124,2,0)=0,$J$3,VLOOKUP(J40,'HOURLY RATES'!B$116:C$124,2,0)) -> 0 | I40: =(G40*(1+H40)) -> 1 | J40: LS | L40: =K40*I40 -> 0 | M40: =IF(VLOOKUP(E40,'HOURLY RATES'!C$6:D$105,2,0)=0,$E$3,VLOOKUP(E40,'HOURLY RATES'!C$6:D$105,2,0)) -> 54 | N40: =M40*L40 -> 0 | P40: =O40*I40 -> 0 | Q40: =P40+N40 -> 0 | S40: =((((N40*(1+$D$7))+(P40*(1+$D$5+$D$6)))*(1+$D$8)))/I40 -> 0 | T40: =S40*I40 -> 0
A41: =IF(J41<>"",1+MAX($A$18:A40),"") -> 17 | D41: DIV-01 | E41: General Requirements | F41: Dust Control | G41: 1 | H41: =IF(VLOOKUP(J41,'HOURLY RATES'!B$116:C$124,2,0)=0,$J$3,VLOOKUP(J41,'HOURLY RATES'!B$116:C$124,2,0)) -> 0 | I41: =(G41*(1+H41)) -> 1 | J41: LS | L41: =K41*I41 -> 0 | M41: =IF(VLOOKUP(E41,'HOURLY RATES'!C$6:D$105,2,0)=0,$E$3,VLOOKUP(E41,'HOURLY RATES'!C$6:D$105,2,0)) -> 54 | N41: =M41*L41 -> 0 | P41: =O41*I41 -> 0 | Q41: =P41+N41 -> 0 | S41: =((((N41*(1+$D$7))+(P41*(1+$D$5+$D$6)))*(1+$D$8)))/I41 -> 0 | T41: =S41*I41 -> 0
A42: =IF(J42<>"",1+MAX($A$18:A41),"") -> 18 | D42: DIV-01 | E42: General Requirements | F42: Ice, Water, Beverages | G42: 1 | H42: =IF(VLOOKUP(J42,'HOURLY RATES'!B$116:C$124,2,0)=0,$J$3,VLOOKUP(J42,'HOURLY RATES'!B$116:C$124,2,0)) -> 0 | I42: =(G42*(1+H42)) -> 1 | J42: LS | L42: =K42*I42 -> 0 | M42: =IF(VLOOKUP(E42,'HOURLY RATES'!C$6:D$105,2,0)=0,$E$3,VLOOKUP(E42,'HOURLY RATES'!C$6:D$105,2,0)) -> 54 | N42: =M42*L42 -> 0 | P42: =O42*I42 -> 0 | Q42: =P42+N42 -> 0 | S42: =((((N42*(1+$D$7))+(P42*(1+$D$5+$D$6)))*(1+$D$8)))/I42 -> 0 | T42: =S42*I42 -> 0
A43: =IF(J43<>"",1+MAX($A$18:A42),"") -> 19 | D43: DIV-01 | E43: General Requirements | F43: Garbage Dumpster / Trash Containers | G43: 1 | H43: =IF(VLOOKUP(J43,'HOURLY RATES'!B$116:C$124,2,0)=0,$J$3,VLOOKUP(J43,'HOURLY RATES'!B$116:C$124,2,0)) -> 0 | I43: =(G43*(1+H43)) -> 1 | J43: LS | L43: =K43*I43 -> 0 | M43: =IF(VLOOKUP(E43,'HOURLY RATES'!C$6:D$105,2,0)=0,$E$3,VLOOKUP(E43,'HOURLY RATES'!C$6:D$105,2,0)) -> 54 | N43: =M43*L43 -> 0 | P43: =O43*I43 -> 0 | Q43: =P43+N43 -> 0 | S43: =((((N43*(1+$D$7))+(P43*(1+$D$5+$D$6)))*(1+$D$8)))/I43 -> 0 | T43: =S43*I43 -> 0
A44: =IF(J44<>"",1+MAX($A$18:A43),"") -> 20 | D44: DIV-01 | E44: General Requirements | F44: Mobilization/Demobilization (Temporary Control & Facilities) | G44: 1 | H44: =IF(VLOOKUP(J44,'HOURLY RATES'!B$116:C$124,2,0)=0,$J$3,VLOOKUP(J44,'HOURLY RATES'!B$116:C$124,2,0)) -> 0 | I44: =(G44*(1+H44)) -> 1 | J44: LS | K44: =2.2%*($S$18)/M44 -> 201.0382 | L44: =K44*I44 -> 201.0382 | M44: =IF(VLOOKUP(E44,'HOURLY RATES'!C$6:D$105,2,0)=0,$E$3,VLOOKUP(E44,'HOURLY RATES'!C$6:D$105,2,0)) -> 54 | N44: =M44*L44 -> 10856.063 | P44: =O44*I44 -> 0 | Q44: =P44+N44 -> 10856.063 | S44: =((((N44*(1+$D$7))+(P44*(1+$D$5+$D$6)))*(1+$D$8)))/I44 -> 13222.684 | T44: =S44*I44 -> 13222.684
A45: =IF(J45<>"",1+MAX($A$18:A44),"")
A46: =IF(J46<>"",1+MAX($A$18:A45),"") | F46: Signage And Promotion
A47: =IF(J47<>"",1+MAX($A$18:A46),"") -> 21 | D47: DIV-01 | E47: General Requirements | F47: Job Signs | G47: 1 | H47: =IF(VLOOKUP(J47,'HOURLY RATES'!B$116:C$124,2,0)=0,$J$3,VLOOKUP(J47,'HOURLY RATES'!B$116:C$124,2,0)) -> 0 | I47: =(G47*(1+H47)) -> 1 | J47: LS | L47: =K47*I47 -> 0 | M47: =IF(VLOOKUP(E47,'HOURLY RATES'!C$6:D$105,2,0)=0,$E$3,VLOOKUP(E47,'HOURLY RATES'!C$6:D$105,2,0)) -> 54 | N47: =M47*L47 -> 0 | P47: =O47*I47 -> 0 | Q47: =P47+N47 -> 0 | S47: =((((N47*(1+$D$7))+(P47*(1+$D$5+$D$6)))*(1+$D$8)))/I47 -> 0 | T47: =S47*I47 -> 0
A48: =IF(J48<>"",1+MAX($A$18:A47),"") -> 22 | D48: DIV-01 | E48: General Requirements | F48: Job Photos | G48: 1 | H48: =IF(VLOOKUP(J48,'HOURLY RATES'!B$116:C$124,2,0)=0,$J$3,VLOOKUP(J48,'HOURLY RATES'!B$116:C$124,2,0)) -> 0 | I48: =(G48*(1+H48)) -> 1 | J48: LS | L48: =K48*I48 -> 0 | M48: =IF(VLOOKUP(E48,'HOURLY RATES'!C$6:D$105,2,0)=0,$E$3,VLOOKUP(E48,'HOURLY RATES'!C$6:D$105,2,0)) -> 54 | N48: =M48*L48 -> 0 | P48: =O48*I48 -> 0 | Q48: =P48+N48 -> 0 | S48: =((((N48*(1+$D$7))+(P48*(1+$D$5+$D$6)))*(1+$D$8)))/I48 -> 0 | T48: =S48*I48 -> 0
A49: =IF(J49<>"",1+MAX($A$18:A48),"") -> 23 | D49: DIV-01 | E49: General Requirements | F49: Signage | G49: 1 | H49: =IF(VLOOKUP(J49,'HOURLY RATES'!B$116:C$124,2,0)=0,$J$3,VLOOKUP(J49,'HOURLY RATES'!B$116:C$124,2,0)) -> 0 | I49: =(G49*(1+H49)) -> 1 | J49: LS | L49: =K49*I49 -> 0 | M49: =IF(VLOOKUP(E49,'HOURLY RATES'!C$6:D$105,2,0)=0,$E$3,VLOOKUP(E49,'HOURLY RATES'!C$6:D$105,2,0)) -> 54 | N49: =M49*L49 -> 0 | P49: =O49*I49 -> 0 | Q49: =P49+N49 -> 0 | S49: =((((N49*(1+$D$7))+(P49*(1+$D$5+$D$6)))*(1+$D$8)))/I49 -> 0 | T49: =S49*I49 -> 0
A50: =IF(J50<>"",1+MAX($A$18:A49),"") -> 24 | D50: DIV-01 | E50: General Requirements | F50: Promotion/Entertainment | G50: 1 | H50: =IF(VLOOKUP(J50,'HOURLY RATES'!B$116:C$124,2,0)=0,$J$3,VLOOKUP(J50,'HOURLY RATES'!B$116:C$124,2,0)) -> 0 | I50: =(G50*(1+H50)) -> 1 | J50: LS | L50: =K50*I50 -> 0 | M50: =IF(VLOOKUP(E50,'HOURLY RATES'!C$6:D$105,2,0)=0,$E$3,VLOOKUP(E50,'HOURLY RATES'!C$6:D$105,2,0)) -> 54 | N50: =M50*L50 -> 0 | P50: =O50*I50 -> 0 | Q50: =P50+N50 -> 0 | S50: =((((N50*(1+$D$7))+(P50*(1+$D$5+$D$6)))*(1+$D$8)))/I50 -> 0 | T50: =S50*I50 -> 0
A51: =IF(J51<>"",1+MAX($A$18:A50),"") -> 25 | D51: DIV-01 | E51: General Requirements | F51: Misc. | G51: 1 | H51: =IF(VLOOKUP(J51,'HOURLY RATES'!B$116:C$124,2,0)=0,$J$3,VLOOKUP(J51,'HOURLY RATES'!B$116:C$124,2,0)) -> 0 | I51: =(G51*(1+H51)) -> 1 | J51: LS | L51: =K51*I51 -> 0 | M51: =IF(VLOOKUP(E51,'HOURLY RATES'!C$6:D$105,2,0)=0,$E$3,VLOOKUP(E51,'HOURLY RATES'!C$6:D$105,2,0)) -> 54 | N51: =M51*L51 -> 0 | P51: =O51*I51 -> 0 | Q51: =P51+N51 -> 0 | S51: =((((N51*(1+$D$7))+(P51*(1+$D$5+$D$6)))*(1+$D$8)))/I51 -> 0 | T51: =S51*I51 -> 0
A52: =IF(J52<>"",1+MAX($A$18:A51),"")
A53: =IF(J53<>"",1+MAX($A$18:A52),"") | F53: Cleaning And Final
A54: =IF(J54<>"",1+MAX($A$18:A53),"") -> 26 | D54: DIV-01 | E54: General Requirements | F54: Trash | G54: 1 | H54: =IF(VLOOKUP(J54,'HOURLY RATES'!B$116:C$124,2,0)=0,$J$3,VLOOKUP(J54,'HOURLY RATES'!B$116:C$124,2,0)) -> 0 | I54: =(G54*(1+H54)) -> 1 | J54: LS | L54: =K54*I54 -> 0 | M54: =IF(VLOOKUP(E54,'HOURLY RATES'!C$6:D$105,2,0)=0,$E$3,VLOOKUP(E54,'HOURLY RATES'!C$6:D$105,2,0)) -> 54 | N54: =M54*L54 -> 0 | P54: =O54*I54 -> 0 | Q54: =P54+N54 -> 0 | S54: =((((N54*(1+$D$7))+(P54*(1+$D$5+$D$6)))*(1+$D$8)))/I54 -> 0 | T54: =S54*I54 -> 0
A55: =IF(J55<>"",1+MAX($A$18:A54),"") -> 27 | D55: DIV-01 | E55: General Requirements | F55: Final Cleaning | G55: 1 | H55: =IF(VLOOKUP(J55,'HOURLY RATES'!B$116:C$124,2,0)=0,$J$3,VLOOKUP(J55,'HOURLY RATES'!B$116:C$124,2,0)) -> 0 | I55: =(G55*(1+H55)) -> 1 | J55: LS | L55: =K55*I55 -> 0 | M55: =IF(VLOOKUP(E55,'HOURLY RATES'!C$6:D$105,2,0)=0,$E$3,VLOOKUP(E55,'HOURLY RATES'!C$6:D$105,2,0)) -> 54 | N55: =M55*L55 -> 0 | P55: =O55*I55 -> 0 | Q55: =P55+N55 -> 0 | S55: =((((N55*(1+$D$7))+(P55*(1+$D$5+$D$6)))*(1+$D$8)))/I55 -> 0 | T55: =S55*I55 -> 0
A56: =IF(J56<>"",1+MAX($A$18:A55),"") -> 28 | D56: DIV-01 | E56: General Requirements | F56: Window Washing (Rough # Of Windows ) | G56: 1 | H56: =IF(VLOOKUP(J56,'HOURLY RATES'!B$116:C$124,2,0)=0,$J$3,VLOOKUP(J56,'HOURLY RATES'!B$116:C$124,2,0)) -> 0 | I56: =(G56*(1+H56)) -> 1 | J56: LS | L56: =K56*I56 -> 0 | M56: =IF(VLOOKUP(E56,'HOURLY RATES'!C$6:D$105,2,0)=0,$E$3,VLOOKUP(E56,'HOURLY RATES'!C$6:D$105,2,0)) -> 54 | N56: =M56*L56 -> 0 | P56: =O56*I56 -> 0 | Q56: =P56+N56 -> 0 | S56: =((((N56*(1+$D$7))+(P56*(1+$D$5+$D$6)))*(1+$D$8)))/I56 -> 0 | T56: =S56*I56 -> 0
A57: =IF(J57<>"",1+MAX($A$18:A56),"") -> 29 | D57: DIV-01 | E57: General Requirements | F57: Punch List Items | G57: 1 | H57: =IF(VLOOKUP(J57,'HOURLY RATES'!B$116:C$124,2,0)=0,$J$3,VLOOKUP(J57,'HOURLY RATES'!B$116:C$124,2,0)) -> 0 | I57: =(G57*(1+H57)) -> 1 | J57: LS | L57: =K57*I57 -> 0 | M57: =IF(VLOOKUP(E57,'HOURLY RATES'!C$6:D$105,2,0)=0,$E$3,VLOOKUP(E57,'HOURLY RATES'!C$6:D$105,2,0)) -> 54 | N57: =M57*L57 -> 0 | P57: =O57*I57 -> 0 | Q57: =P57+N57 -> 0 | S57: =((((N57*(1+$D$7))+(P57*(1+$D$5+$D$6)))*(1+$D$8)))/I57 -> 0 | T57: =S57*I57 -> 0
A58: =IF(J58<>"",1+MAX($A$18:A57),"")
A59: =IF(J59<>"",1+MAX($A$18:A58),"") | F59: Bonds, Insurance, Legal
A60: =IF(J60<>"",1+MAX($A$18:A59),"") -> 30 | D60: DIV-01 | E60: General Requirements | F60: Casualty Insurance | G60: 1 | H60: =IF(VLOOKUP(J60,'HOURLY RATES'!B$116:C$124,2,0)=0,$J$3,VLOOKUP(J60,'HOURLY RATES'!B$116:C$124,2,0)) -> 0 | I60: =(G60*(1+H60)) -> 1 | J60: LS | L60: =K60*I60 -> 0 | M60: =IF(VLOOKUP(E60,'HOURLY RATES'!C$6:D$105,2,0)=0,$E$3,VLOOKUP(E60,'HOURLY RATES'!C$6:D$105,2,0)) -> 54 | N60: =M60*L60 -> 0 | P60: =O60*I60 -> 0 | Q60: =P60+N60 -> 0 | S60: =((((N60*(1+$D$7))+(P60*(1+$D$5+$D$6)))*(1+$D$8)))/I60 -> 0 | T60: =S60*I60 -> 0
A61: =IF(J61<>"",1+MAX($A$18:A60),"") -> 31 | D61: DIV-01 | E61: General Requirements | F61: Medical Insurance | G61: 1 | H61: =IF(VLOOKUP(J61,'HOURLY RATES'!B$116:C$124,2,0)=0,$J$3,VLOOKUP(J61,'HOURLY RATES'!B$116:C$124,2,0)) -> 0 | I61: =(G61*(1+H61)) -> 1 | J61: LS | L61: =K61*I61 -> 0 | M61: =IF(VLOOKUP(E61,'HOURLY RATES'!C$6:D$105,2,0)=0,$E$3,VLOOKUP(E61,'HOURLY RATES'!C$6:D$105,2,0)) -> 54 | N61: =M61*L61 -> 0 | P61: =O61*I61 -> 0 | Q61: =P61+N61 -> 0 | S61: =((((N61*(1+$D$7))+(P61*(1+$D$5+$D$6)))*(1+$D$8)))/I61 -> 0 | T61: =S61*I61 -> 0
A62: =IF(J62<>"",1+MAX($A$18:A61),"") -> 32 | D62: DIV-01 | E62: General Requirements | F62: General Liability Insurance | G62: 1 | H62: =IF(VLOOKUP(J62,'HOURLY RATES'!B$116:C$124,2,0)=0,$J$3,VLOOKUP(J62,'HOURLY RATES'!B$116:C$124,2,0)) -> 0 | I62: =(G62*(1+H62)) -> 1 | J62: LS | L62: =K62*I62 -> 0 | M62: =IF(VLOOKUP(E62,'HOURLY RATES'!C$6:D$105,2,0)=0,$E$3,VLOOKUP(E62,'HOURLY RATES'!C$6:D$105,2,0)) -> 54 | N62: =M62*L62 -> 0 | P62: =O62*I62 -> 0 | Q62: =P62+N62 -> 0 | S62: =((((N62*(1+$D$7))+(P62*(1+$D$5+$D$6)))*(1+$D$8)))/I62 -> 0 | T62: =S62*I62 -> 0
A63: =IF(J63<>"",1+MAX($A$18:A62),"")
A64: =IF(J64<>"",1+MAX($A$18:A63),"") | F64: Project Management & Supervision
A65: =IF(J65<>"",1+MAX($A$18:A64),"") -> 33 | D65: DIV-01 | E65: General Requirements | F65: Project Management & Supervision | G65: 1 | H65: =IF(VLOOKUP(J65,'HOURLY RATES'!B$116:C$124,2,0)=0,$J$3,VLOOKUP(J65,'HOURLY RATES'!B$116:C$124,2,0)) -> 0 | I65: =(G65*(1+H65)) -> 1 | J65: LS | K65: =2.6%*($S$18)/M65 -> 237.5906 | L65: =K65*I65 -> 237.5906 | M65: =IF(VLOOKUP(E65,'HOURLY RATES'!C$6:D$105,2,0)=0,$E$3,VLOOKUP(E65,'HOURLY RATES'!C$6:D$105,2,0)) -> 54 | N65: =M65*L65 -> 12829.892 | P65: =O65*I65 -> 0 | Q65: =P65+N65 -> 12829.892 | S65: =((((N65*(1+$D$7))+(P65*(1+$D$5+$D$6)))*(1+$D$8)))/I65 -> 15626.809 | T65: =S65*I65 -> 15626.809
A66: =IF(J66<>"",1+MAX($A$18:A65),"")
A67: =IF(J67<>"",1+MAX($A$18:A66),"") | D67: DIV-09 | F67: Finishes | R67: =SUM(Q68:Q195) -> 493457.39
A68: =IF(J68<>"",1+MAX($A$18:A67),"")
A69: =IF(J69<>"",1+MAX($A$18:A68),"") | F69: Common Areas
A70: =IF(J70<>"",1+MAX($A$18:A69),"") | F70: Painting
A71: =IF(J71<>"",1+MAX($A$18:A70),"") | F71: Ceiling Paint
A72: =IF(J72<>"",1+MAX($A$18:A71),"") -> 34 | D72: DIV-09 | E72: Interior Painter | F72: Pt-7, Paint On Ceiling, Manufacturer: Benjamin Moore, Model: Seapearl (961), Finish: Flat | G72: 3318 | H72: =IF(VLOOKUP(J72,'HOURLY RATES'!B$116:C$124,2,0)=0,$J$3,VLOOKUP(J72,'HOURLY RATES'!B$116:C$124,2,0)) -> 0.05 | I72: =(G72*(1+H72)) -> 3483.9 | J72: SF | K72: 0.022 | L72: =K72*I72 -> 76.6458 | M72: =IF(VLOOKUP(E72,'HOURLY RATES'!C$6:D$105,2,0)=0,$E$3,VLOOKUP(E72,'HOURLY RATES'!C$6:D$105,2,0)) -> 54 | N72: =M72*L72 -> 4138.8732 | O72: 0.4 | P72: =O72*I72 -> 1393.56 | Q72: =P72+N72 -> 5532.4332 | S72: =((((N72*(1+$D$7))+(P72*(1+$D$5+$D$6)))*(1+$D$8)))/I72 -> 1.9624903 | T72: =S72*I72 -> 6837.12
A73: =IF(J73<>"",1+MAX($A$18:A72),"") -> 35 | D73: DIV-09 | E73: Interior Painter | F73: Pt-15, Paint On Ceiling, Manufacturer: Benjamin Moore, Model: Jade Romanesque (476), Finish: Flat | G73: 598 | H73: =IF(VLOOKUP(J73,'HOURLY RATES'!B$116:C$124,2,0)=0,$J$3,VLOOKUP(J73,'HOURLY RATES'!B$116:C$124,2,0)) -> 0.05 | I73: =(G73*(1+H73)) -> 627.9 | J73: SF | K73: 0.022 | L73: =K73*I73 -> 13.8138 | M73: =IF(VLOOKUP(E73,'HOURLY RATES'!C$6:D$105,2,0)=0,$E$3,VLOOKUP(E73,'HOURLY RATES'!C$6:D$105,2,0)) -> 54 | N73: =M73*L73 -> 745.9452 | O73: 0.4 | P73: =O73*I73 -> 251.16 | Q73: =P73+N73 -> 997.1052 | S73: =((((N73*(1+$D$7))+(P73*(1+$D$5+$D$6)))*(1+$D$8)))/I73 -> 1.9624903 | T73: =S73*I73 -> 1232.2477
A74: =IF(J74<>"",1+MAX($A$18:A73),"") -> 36 | D74: DIV-09 | E74: Interior Painter | F74: Paint On Exosed Ceiling, Manufacturer: Sherwin Williams | G74: 2021 | H74: =IF(VLOOKUP(J74,'HOURLY RATES'!B$116:C$124,2,0)=0,$J$3,VLOOKUP(J74,'HOURLY RATES'!B$116:C$124,2,0)) -> 0.05 | I74: =(G74*(1+H74)) -> 2122.05 | J74: SF | K74: 0.022 | L74: =K74*I74 -> 46.6851 | M74: =IF(VLOOKUP(E74,'HOURLY RATES'!C$6:D$105,2,0)=0,$E$3,VLOOKUP(E74,'HOURLY RATES'!C$6:D$105,2,0)) -> 54 | N74: =M74*L74 -> 2520.9954 | O74: 0.8 | P74: =O74*I74 -> 1697.64 | Q74: =P74+N74 -> 4218.6354 | S74: =((((N74*(1+$D$7))+(P74*(1+$D$5+$D$6)))*(1+$D$8)))/I74 -> 2.4779966 | T74: =S74*I74 -> 5258.4328
A75: =IF(J75<>"",1+MAX($A$18:A72),"")
A76: =IF(J76<>"",1+MAX($A$18:A75),"") | F76: Base Paint
A77: =IF(J77<>"",1+MAX($A$18:A76),"") -> 37 | D77: DIV-09 | E77: Interior Painter | F77: WDB-4, Paint On Wood Base, Manufacturer: Sherwin Williams, Model: Iron Ore (SW7069), Finish: Flat, Size: 8" H X 1"D Piece to be Painted, | G77: 1182.03 | H77: =IF(VLOOKUP(J77,'HOURLY RATES'!B$116:C$124,2,0)=0,$J$3,VLOOKUP(J77,'HOURLY RATES'!B$116:C$124,2,0)) -> 0.05 | I77: =(G77*(1+H77)) -> 1241.1315 | J77: LF | K77: 0.018 | L77: =K77*I77 -> 22.340367 | M77: =IF(VLOOKUP(E77,'HOURLY RATES'!C$6:D$105,2,0)=0,$E$3,VLOOKUP(E77,'HOURLY RATES'!C$6:D$105,2,0)) -> 54 | N77: =M77*L77 -> 1206.3798 | O77: 0.8 | P77: =O77*I77 -> 992.9052 | Q77: =P77+N77 -> 2199.285 | S77: =((((N77*(1+$D$7))+(P77*(1+$D$5+$D$6)))*(1+$D$8)))/I77 -> 2.2149086 | T77: =S77*I77 -> 2748.9929
A79: =IF(J79<>"",1+MAX($A$18:A76),"") | F79: Wall Paint
A80: =IF(J80<>"",1+MAX($A$18:A79),"") -> 38 | D80: DIV-09 | E80: Interior Painter | F80: Pt-1, Paint On Walls, Manufacturer: Benjamin Moore, Model: Seapearl (961), Finish: Eggshell | G80: 11176 | H80: =IF(VLOOKUP(J80,'HOURLY RATES'!B$116:C$124,2,0)=0,$J$3,VLOOKUP(J80,'HOURLY RATES'!B$116:C$124,2,0)) -> 0.05 | I80: =(G80*(1+H80)) -> 11734.8 | J80: SF | K80: 0.02 | L80: =K80*I80 -> 234.696 | M80: =IF(VLOOKUP(E80,'HOURLY RATES'!C$6:D$105,2,0)=0,$E$3,VLOOKUP(E80,'HOURLY RATES'!C$6:D$105,2,0)) -> 54 | N80: =M80*L80 -> 12673.584 | O80: 0.4 | P80: =O80*I80 -> 4693.92 | Q80: =P80+N80 -> 17367.504 | S80: =((((N80*(1+$D$7))+(P80*(1+$D$5+$D$6)))*(1+$D$8)))/I80 -> 1.8309463 | T80: =S80*I80 -> 21485.789
A81: =IF(J81<>"",1+MAX($A$18:A80),"") -> 39 | D81: DIV-09 | E81: Interior Painter | F81: Pt-4, Paint On Walls Manufacturer: Benjamin Moore, Model: Jade Romanesque (476), Finish: Eggshell | G81: 642 | H81: =IF(VLOOKUP(J81,'HOURLY RATES'!B$116:C$124,2,0)=0,$J$3,VLOOKUP(J81,'HOURLY RATES'!B$116:C$124,2,0)) -> 0.05 | I81: =(G81*(1+H81)) -> 674.1 | J81: SF | K81: 0.02 | L81: =K81*I81 -> 13.482 | M81: =IF(VLOOKUP(E81,'HOURLY RATES'!C$6:D$105,2,0)=0,$E$3,VLOOKUP(E81,'HOURLY RATES'!C$6:D$105,2,0)) -> 54 | N81: =M81*L81 -> 728.028 | O81: 0.4 | P81: =O81*I81 -> 269.64 | Q81: =P81+N81 -> 997.668 | S81: =((((N81*(1+$D$7))+(P81*(1+$D$5+$D$6)))*(1+$D$8)))/I81 -> 1.8309463 | T81: =S81*I81 -> 1234.2409
A82: =IF(J82<>"",1+MAX($A$18:A80),"") -> 39 | D82: DIV-09 | E82: Interior Painter | F82: Pt-12, Paint On Walls, Manufacturer: Sherwin Williams, Model: Iron Ore (SW7069), Finish: Eggshell | G82: 3432 | H82: =IF(VLOOKUP(J82,'HOURLY RATES'!B$116:C$124,2,0)=0,$J$3,VLOOKUP(J82,'HOURLY RATES'!B$116:C$124,2,0)) -> 0.05 | I82: =(G82*(1+H82)) -> 3603.6 | J82: SF | K82: 0.02 | L82: =K82*I82 -> 72.072 | M82: =IF(VLOOKUP(E82,'HOURLY RATES'!C$6:D$105,2,0)=0,$E$3,VLOOKUP(E82,'HOURLY RATES'!C$6:D$105,2,0)) -> 54 | N82: =M82*L82 -> 3891.888 | O82: 0.4 | P82: =O82*I82 -> 1441.44 | Q82: =P82+N82 -> 5333.328 | S82: =((((N82*(1+$D$7))+(P82*(1+$D$5+$D$6)))*(1+$D$8)))/I82 -> 1.8309463 | T82: =S82*I82 -> 6597.9982
A84: =IF(J84<>"",1+MAX($A$18:A82),"") | F84: Miscellaneous
A85: =IF(J85<>"",1+MAX($A$18:A84),"") -> 40 | D85: DIV-09 | E85: Interior Painter | F85: Paint On 36" H Handrail (1 - Coat Primer + 2 - Coat Paint) | G85: 124.13 | H85: =IF(VLOOKUP(J85,'HOURLY RATES'!B$116:C$124,2,0)=0,$J$3,VLOOKUP(J85,'HOURLY RATES'!B$116:C$124,2,0)) -> 0.05 | I85: =(G85*(1+H85)) -> 130.3365 | J85: LF | K85: 0.044 | L85: =K85*I85 -> 5.734806 | M85: =IF(VLOOKUP(E85,'HOURLY RATES'!C$6:D$105,2,0)=0,$E$3,VLOOKUP(E85,'HOURLY RATES'!C$6:D$105,2,0)) -> 54 | N85: =M85*L85 -> 309.67952 | O85: 1.5 | P85: =O85*I85 -> 195.50475 | Q85: =P85+N85 -> 505.18427 | S85: =((((N85*(1+$D$7))+(P85*(1+$D$5+$D$6)))*(1+$D$8)))/I85 -> 4.8271167 | T85: =S85*I85 -> 629.1495
A86: =IF(J86<>"",1+MAX($A$18:A84),"") -> 40 | D86: DIV-09 | E86: Interior Painter | F86: Paint On 42" H Guardrail (1 - Coat Primer + 2 - Coat Paint) | G86: 130.15 | H86: =IF(VLOOKUP(J86,'HOURLY RATES'!B$116:C$124,2,0)=0,$J$3,VLOOKUP(J86,'HOURLY RATES'!B$116:C$124,2,0)) -> 0.05 | I86: =(G86*(1+H86)) -> 136.6575 | J86: LF | K86: 0.215 | L86: =K86*I86 -> 29.381362 | M86: =IF(VLOOKUP(E86,'HOURLY RATES'!C$6:D$105,2,0)=0,$E$3,VLOOKUP(E86,'HOURLY RATES'!C$6:D$105,2,0)) -> 54 | N86: =M86*L86 -> 1586.5936 | O86: 2.5 | P86: =O86*I86 -> 341.64375 | Q86: =P86+N86 -> 1928.2373 | S86: =((((N86*(1+$D$7))+(P86*(1+$D$5+$D$6)))*(1+$D$8)))/I86 -> 17.362894 | T86: =S86*I86 -> 2372.7698
A88: =IF(J88<>"",1+MAX($A$18:A85),"") | F88: Opening Paint
A89: =IF(J89<>"",1+MAX($A$18:A88),"") -> 41 | D89: DIV-09 | E89: Interior Painter | F89: Paint On Door, Manufacturer: Sherwin Williams, Model: SW 7004 Snowbond, Finish: Semi-Gloss | G89: 15 | H89: =IF(VLOOKUP(J89,'HOURLY RATES'!B$116:C$124,2,0)=0,$J$3,VLOOKUP(J89,'HOURLY RATES'!B$116:C$124,2,0)) -> 0 | I89: =(G89*(1+H89)) -> 15 | J89: EA | K89: 1.23 | L89: =K89*I89 -> 18.45 | M89: =IF(VLOOKUP(E89,'HOURLY RATES'!C$6:D$105,2,0)=0,$E$3,VLOOKUP(E89,'HOURLY RATES'!C$6:D$105,2,0)) -> 54 | N89: =M89*L89 -> 996.3 | O89: 28 | P89: =O89*I89 -> 420 | Q89: =P89+N89 -> 1416.3 | S89: =((((N89*(1+$D$7))+(P89*(1+$D$5+$D$6)))*(1+$D$8)))/I89 -> 116.985 | T89: =S89*I89 -> 1754.775
A90: =IF(J90<>"",1+MAX($A$18:A89),"") -> 42 | D90: DIV-09 | E90: Interior Painter | F90: Paint On Door Frame, Manufacturer: Sherwin Williams, Model: SW 7004 Snowbond, Finish: Semi-Gloss | G90: =G91/2 -> 294 | H90: =IF(VLOOKUP(J90,'HOURLY RATES'!B$116:C$124,2,0)=0,$J$3,VLOOKUP(J90,'HOURLY RATES'!B$116:C$124,2,0)) -> 0.05 | I90: =(G90*(1+H90)) -> 308.7 | J90: LF | K90: 0.018 | L90: =K90*I90 -> 5.5566 | M90: =IF(VLOOKUP(E90,'HOURLY RATES'!C$6:D$105,2,0)=0,$E$3,VLOOKUP(E90,'HOURLY RATES'!C$6:D$105,2,0)) -> 54 | N90: =M90*L90 -> 300.0564 | O90: 0.8 | P90: =O90*I90 -> 246.96 | Q90: =P90+N90 -> 547.0164 | S90: =((((N90*(1+$D$7))+(P90*(1+$D$5+$D$6)))*(1+$D$8)))/I90 -> 2.2149086 | T90: =S90*I90 -> 683.7423
A91: =IF(J91<>"",1+MAX($A$18:A90),"") -> 43 | D91: DIV-09 | E91: Interior Painter | F91: Paint On Door Trim, Manufacturer: Sherwin Williams, Model: SW 7004 Snowbond, Finish: Semi-Gloss | G91: 588 | H91: =IF(VLOOKUP(J91,'HOURLY RATES'!B$116:C$124,2,0)=0,$J$3,VLOOKUP(J91,'HOURLY RATES'!B$116:C$124,2,0)) -> 0.05 | I91: =(G91*(1+H91)) -> 617.4 | J91: LF | K91: 0.018 | L91: =K91*I91 -> 11.1132 | M91: =IF(VLOOKUP(E91,'HOURLY RATES'!C$6:D$105,2,0)=0,$E$3,VLOOKUP(E91,'HOURLY RATES'!C$6:D$105,2,0)) -> 54 | N91: =M91*L91 -> 600.1128 | O91: 0.8 | P91: =O91*I91 -> 493.92 | Q91: =P91+N91 -> 1094.0328 | S91: =((((N91*(1+$D$7))+(P91*(1+$D$5+$D$6)))*(1+$D$8)))/I91 -> 2.2149086 | T91: =S91*I91 -> 1367.4846
A93: =IF(J93<>"",1+MAX($A$18:A92),"") | F93: Exterior Paint
A94: =IF(J94<>"",1+MAX($A$18:A92),"") -> 44 | D94: DIV-09 | E94: Exterior Painter | F94: Pt-1 Paint @ Fiber Cement Lap Siding Manufacture: Sherwin Williams Finish: Tbd | G94: 4298 | H94: 0.05 | I94: =(G94*(1+H94)) -> 4512.9 | J94: SF | K94: 0.02 | L94: =K94*I94 -> 90.258 | M94: =IF(VLOOKUP(E94,'HOURLY RATES'!C$6:D$105,2,0)=0,$E$3,VLOOKUP(E94,'HOURLY RATES'!C$6:D$105,2,0)) -> 54 | N94: =M94*L94 -> 4873.932 | O94: 0.8 | P94: =O94*I94 -> 3610.32 | Q94: =P94+N94 -> 8484.252 | S94: =((((N94*(1+$D$7))+(P94*(1+$D$5+$D$6)))*(1+$D$8)))/I94 -> 2.3464526 | T94: =S94*I94 -> 10589.306
A95: =IF(J95<>"",1+MAX($A$18:A94),"") -> 45 | D95: DIV-09 | E95: Exterior Painter | F95: Pt-2 Paint @ Fiber Cement Panel Manufacture: Sherwin Williams Finish: Tbd | G95: 8174 | H95: 0.05 | I95: =(G95*(1+H95)) -> 8582.7 | J95: SF | K95: 0.02 | L95: =K95*I95 -> 171.654 | M95: =IF(VLOOKUP(E95,'HOURLY RATES'!C$6:D$105,2,0)=0,$E$3,VLOOKUP(E95,'HOURLY RATES'!C$6:D$105,2,0)) -> 54 | N95: =M95*L95 -> 9269.316 | O95: 0.8 | P95: =O95*I95 -> 6866.16 | Q95: =P95+N95 -> 16135.476 | S95: =((((N95*(1+$D$7))+(P95*(1+$D$5+$D$6)))*(1+$D$8)))/I95 -> 2.3464526 | T95: =S95*I95 -> 20138.899
A96: =IF(J96<>"",1+MAX($A$18:A94),"") -> 45 | D96: DIV-09 | E96: Exterior Painter | F96: Pt-3 Paint @ Fiber Cement Panel Manufacture: Sherwin Williams Finish: Tbd | G96: 337 | H96: 0.05 | I96: =(G96*(1+H96)) -> 353.85 | J96: SF | K96: 0.02 | L96: =K96*I96 -> 7.077 | M96: =IF(VLOOKUP(E96,'HOURLY RATES'!C$6:D$105,2,0)=0,$E$3,VLOOKUP(E96,'HOURLY RATES'!C$6:D$105,2,0)) -> 54 | N96: =M96*L96 -> 382.158 | O96: 0.8 | P96: =O96*I96 -> 283.08 | Q96: =P96+N96 -> 665.238 | S96: =((((N96*(1+$D$7))+(P96*(1+$D$5+$D$6)))*(1+$D$8)))/I96 -> 2.3464526 | T96: =S96*I96 -> 830.29227
A97: =IF(J97<>"",1+MAX($A$18:A94),"") -> 45 | D97: DIV-09 | E97: Exterior Painter | F97: Pt-1 Paint @ Fiber Cement Trim Manufacture: Sherwin Williams Finish: Tbd | G97: 448 | H97: 0.05 | I97: =(G97*(1+H97)) -> 470.4 | J97: LF | K97: 0.018 | L97: =K97*I97 -> 8.4672 | M97: =IF(VLOOKUP(E97,'HOURLY RATES'!C$6:D$105,2,0)=0,$E$3,VLOOKUP(E97,'HOURLY RATES'!C$6:D$105,2,0)) -> 54 | N97: =M97*L97 -> 457.2288 | O97: 0.8 | P97: =O97*I97 -> 376.32 | Q97: =P97+N97 -> 833.5488 | S97: =((((N97*(1+$D$7))+(P97*(1+$D$5+$D$6)))*(1+$D$8)))/I97 -> 2.2149086 | T97: =S97*I97 -> 1041.893
A98: =IF(J98<>"",1+MAX($A$18:A94),"") -> 45 | D98: DIV-09 | E98: Exterior Painter | F98: Pt-2 Paint @ Fiber Cement Trim Manufacture: Sherwin Williams Finish: Tbd | G98: 2220 | H98: 0.05 | I98: =(G98*(1+H98)) -> 2331 | J98: LF | K98: 0.018 | L98: =K98*I98 -> 41.958 | M98: =IF(VLOOKUP(E98,'HOURLY RATES'!C$6:D$105,2,0)=0,$E$3,VLOOKUP(E98,'HOURLY RATES'!C$6:D$105,2,0)) -> 54 | N98: =M98*L98 -> 2265.732 | O98: 0.8 | P98: =O98*I98 -> 1864.8 | Q98: =P98+N98 -> 4130.532 | S98: =((((N98*(1+$D$7))+(P98*(1+$D$5+$D$6)))*(1+$D$8)))/I98 -> 2.2149086 | T98: =S98*I98 -> 5162.952
A99: =IF(J99<>"",1+MAX($A$18:A95),"") -> 46 | D99: DIV-09 | E99: Exterior Painter | F99: Pt-3 Paint @ Fiber Cement Trim Manufacture: Sherwin Williams Finish: Tbd | G99: 63 | H99: 0.05 | I99: =(G99*(1+H99)) -> 66.15 | J99: LF | K99: 0.018 | L99: =K99*I99 -> 1.1907 | M99: =IF(VLOOKUP(E99,'HOURLY RATES'!C$6:D$105,2,0)=0,$E$3,VLOOKUP(E99,'HOURLY RATES'!C$6:D$105,2,0)) -> 54 | N99: =M99*L99 -> 64.2978 | O99: 0.8 | P99: =O99*I99 -> 52.92 | Q99: =P99+N99 -> 117.2178 | S99: =((((N99*(1+$D$7))+(P99*(1+$D$5+$D$6)))*(1+$D$8)))/I99 -> 2.2149086 | T99: =S99*I99 -> 146.51621
A100: =IF(J100<>"",1+MAX($A$18:A98),"")
A101: =IF(J101<>"",1+MAX($A$18:A100),"") | F101: Units
A102: =IF(J102<>"",1+MAX($A$18:A101),"") -> 47 | F102: Unit A1 | G102: 9 | J102: EA
A103: =IF(J103<>"",1+MAX($A$18:A102),"") | F103: Ceiling Paint
A104: =IF(J104<>"",1+MAX($A$18:A103),"") -> 48 | D104: DIV-09 | E104: Interior Painter | F104: UPT-3, Paint On Ceiing, Manufacturer: Sherwin Williams, Model: SW 7004 Snowbond, Finish: Flat | G104: =796*9 -> 7164 | H104: =IF(VLOOKUP(J104,'HOURLY RATES'!B$116:C$124,2,0)=0,$J$3,VLOOKUP(J104,'HOURLY RATES'!B$116:C$124,2,0)) -> 0.05 | I104: =(G104*(1+H104)) -> 7522.2 | J104: SF | K104: 0.022 | L104: =K104*I104 -> 165.4884 | M104: =IF(VLOOKUP(E104,'HOURLY RATES'!C$6:D$105,2,0)=0,$E$3,VLOOKUP(E104,'HOURLY RATES'!C$6:D$105,2,0)) -> 54 | N104: =M104*L104 -> 8936.3736 | O104: 0.4 | P104: =O104*I104 -> 3008.88 | Q104: =P104+N104 -> 11945.254 | S104: =((((N104*(1+$D$7))+(P104*(1+$D$5+$D$6)))*(1+$D$8)))/I104 -> 1.9624903 | T104: =S104*I104 -> 14762.245
A106: =IF(J106<>"",1+MAX($A$18:A104),"") | F106: Base Paint
A107: =IF(J107<>"",1+MAX($A$18:A106),"") -> 49 | D107: DIV-09 | E107: Interior Painter | F107: WDB, Paint On Wood Base, Manufacturer: Sherwin Williams, Model: SW 7004 Snowbond, Finish: Flat | G107: =275*9 -> 2475 | H107: =IF(VLOOKUP(J107,'HOURLY RATES'!B$116:C$124,2,0)=0,$J$3,VLOOKUP(J107,'HOURLY RATES'!B$116:C$124,2,0)) -> 0.05 | I107: =(G107*(1+H107)) -> 2598.75 | J107: LF | K107: 0.018 | L107: =K107*I107 -> 46.7775 | M107: =IF(VLOOKUP(E107,'HOURLY RATES'!C$6:D$105,2,0)=0,$E$3,VLOOKUP(E107,'HOURLY RATES'!C$6:D$105,2,0)) -> 54 | N107: =M107*L107 -> 2525.985 | O107: 0.8 | P107: =O107*I107 -> 2079 | Q107: =P107+N107 -> 4604.985 | S107: =((((N107*(1+$D$7))+(P107*(1+$D$5+$D$6)))*(1+$D$8)))/I107 -> 2.2149086 | T107: =S107*I107 -> 5755.9938
...

Sheet BUILDING 4
A1: ITEM # | B1: REF. SHEET | C1: DETAIL | D1: CSI SECT | E1: Sub Contractor | F1: DESCRIPTION | G1: QTY. | H1: WASTAGE | I1: QTY WITH WASTAGE | J1: UNIT | K1: UNIT LABOR HOURS | L1: TOTAL LABOR HOURS | M1: PER HOUR LABOR RATE | N1: TOTAL LABOR COST | O1: UNIT MATERIAL COST | P1: TOTAL MATERIAL COST | Q1: ITEM COST | R1: TRADE COST | S1: UNIT ITEM COST WITH MARKUPS | T1: TOTAL ITEM COST WITH MARKUPS
A2: Estimate of Materials Quantities and Cost of Construction
B3: CLICK HERE TO GO BACK TO COST SUMMARY
D4: Sub-Total | E4: =Q107 -> 101027.18 | J4: Date: | K4: 46076
C5: Material Sales Tax | D5: 0.06972 | E5: =P107*D5 -> 1945.3133 | F5: (Adjust the percentage for Material tax as required) | J5: Project: | K5: Cline Mission Propities
C6: Overhead & Profit / Inflation (Material) | D6: 0.2 | E6: =P107*D6 -> 5580.3593 | F6: (Adjust the percentage for Overhead & Profit as required) | J6: Project Location: | K6: Stumptown Rd, Huntersville
C7: Overhead & Profit (Labor) | D7: 0.2 | E7: =N107*D7 -> 14625.077 | F7: (Adjust the percentage for Overhead & Profit as required) | J7: Project and Wage Type: | K7: Private (Non-Prevailing wage)
C8: Bond Fee | D8: 0.015 | E8: =(E4+E5+E6+E7)*D8 -> 1847.669 | F8: (Adjust the percentage for Bond Fee as required) | K8: BUILDING 4
D9: Total Bid | E9: =E4+E5+E6+E7+E8 -> 125025.6 | J9: Gross Internal Area of Structure (SF) | K9: 5281
J10: Covered Area of Structure (SF) | K10: 5281
C11: Material Wastage 1 | D11: 0 | E11: ( for Quantities in Each & LS) | J11: No. of Units | K11: 8
C12: Material Wastage 2 | D12: 0.05 | E12: ( for Quantities in LF, SF, SY, CY, LBS, TONS) | J12: No. of Floors and Overall Height | K12: 2 (25'-4")
B13: (Changing the wastage percentage here will update the wastage for whole tab) | J13: Hardscaping Area (SF) | K13: 0
J14: Soft scaping Area (SF) | K14: 0
B15: To change hourly rates for any trade please go to "Hourly Rates" Tab
A17: ITEM # | B17: REF. SHEET | C17: DETAIL | D17: CSI SECT | E17: Sub Contractor | F17: DESCRIPTION | G17: QTY. | H17: WASTAGE | I17: QTY WITH WASTAGE | J17: UNIT | K17: UNIT LABOR HOURS | L17: TOTAL LABOR HOURS | M17: PER HOUR LABOR RATE | N17: TOTAL LABOR COST | O17: UNIT MATERIAL COST | P17: TOTAL MATERIAL COST | Q17: ITEM COST | R17: TRADE COST | S17: UNIT COST WITH MARKUPS | T17: TOTAL COST WITH MARKUPS
D18: DIV-01 | F18: General | R18: =SUM(Q19:Q65) -> 7071.5693 | S18: =U18 -> 93955.615 | U18: =SUM(Q67:Q106) -> 93955.615
F20: Plan Design And Permitting
A21: =IF(J21<>"",1+MAX($A$18:A20),"") -> 1 | D21: DIV-01 | E21: General Requirements | F21: Architecture (Assumed By Owner) | G21: 1 | H21: =IF(VLOOKUP(J21,'HOURLY RATES'!B$116:C$124,2,0)=0,$J$3,VLOOKUP(J21,'HOURLY RATES'!B$116:C$124,2,0)) -> 0 | I21: =(G21*(1+H21)) -> 1 | J21: LS | L21: =K21*I21 -> 0 | M21: =IF(VLOOKUP(E21,'HOURLY RATES'!C$6:D$105,2,0)=0,$E$3,VLOOKUP(E21,'HOURLY RATES'!C$6:D$105,2,0)) -> 54 | N21: =M21*L21 -> 0 | P21: =O21*I21 -> 0 | Q21: =P21+N21 -> 0 | S21: =((((N21*(1+$D$7))+(P21*(1+$D$5+$D$6)))*(1+$D$8)))/I21 -> 0 | T21: =S21*I21 -> 0
A22: =IF(J22<>"",1+MAX($A$18:A21),"") -> 2 | D22: DIV-01 | E22: General Requirements | F22: Engineering (Assumed By Owner) | G22: 1 | H22: =IF(VLOOKUP(J22,'HOURLY RATES'!B$116:C$124,2,0)=0,$J$3,VLOOKUP(J22,'HOURLY RATES'!B$116:C$124,2,0)) -> 0 | I22: =(G22*(1+H22)) -> 1 | J22: LS | L22: =K22*I22 -> 0 | M22: =IF(VLOOKUP(E22,'HOURLY RATES'!C$6:D$105,2,0)=0,$E$3,VLOOKUP(E22,'HOURLY RATES'!C$6:D$105,2,0)) -> 54 | N22: =M22*L22 -> 0 | P22: =O22*I22 -> 0 | Q22: =P22+N22 -> 0 | S22: =((((N22*(1+$D$7))+(P22*(1+$D$5+$D$6)))*(1+$D$8)))/I22 -> 0 | T22: =S22*I22 -> 0
A23: =IF(J23<>"",1+MAX($A$18:A22),"") -> 3 | D23: DIV-01 | E23: General Requirements | F23: Surveying | G23: 1 | H23: =IF(VLOOKUP(J23,'HOURLY RATES'!B$116:C$124,2,0)=0,$J$3,VLOOKUP(J23,'HOURLY RATES'!B$116:C$124,2,0)) -> 0 | I23: =(G23*(1+H23)) -> 1 | J23: LS | L23: =K23*I23 -> 0 | M23: =IF(VLOOKUP(E23,'HOURLY RATES'!C$6:D$105,2,0)=0,$E$3,VLOOKUP(E23,'HOURLY RATES'!C$6:D$105,2,0)) -> 54 | N23: =M23*L23 -> 0 | P23: =O23*I23 -> 0 | Q23: =P23+N23 -> 0 | S23: =((((N23*(1+$D$7))+(P23*(1+$D$5+$D$6)))*(1+$D$8)))/I23 -> 0 | T23: =S23*I23 -> 0
A24: =IF(J24<>"",1+MAX($A$18:A23),"") -> 4 | D24: DIV-01 | E24: General Requirements | F24: Soils Report (Assumed By Owner) | G24: 1 | H24: =IF(VLOOKUP(J24,'HOURLY RATES'!B$116:C$124,2,0)=0,$J$3,VLOOKUP(J24,'HOURLY RATES'!B$116:C$124,2,0)) -> 0 | I24: =(G24*(1+H24)) -> 1 | J24: LS | L24: =K24*I24 -> 0 | M24: =IF(VLOOKUP(E24,'HOURLY RATES'!C$6:D$105,2,0)=0,$E$3,VLOOKUP(E24,'HOURLY RATES'!C$6:D$105,2,0)) -> 54 | N24: =M24*L24 -> 0 | P24: =O24*I24 -> 0 | Q24: =P24+N24 -> 0 | S24: =((((N24*(1+$D$7))+(P24*(1+$D$5+$D$6)))*(1+$D$8)))/I24 -> 0 | T24: =S24*I24 -> 0
A25: =IF(J25<>"",1+MAX($A$18:A24),"") -> 5 | D25: DIV-01 | E25: General Requirements | F25: Geological Report (Assumed By Owner) | G25: 1 | H25: =IF(VLOOKUP(J25,'HOURLY RATES'!B$116:C$124,2,0)=0,$J$3,VLOOKUP(J25,'HOURLY RATES'!B$116:C$124,2,0)) -> 0 | I25: =(G25*(1+H25)) -> 1 | J25: LS | L25: =K25*I25 -> 0 | M25: =IF(VLOOKUP(E25,'HOURLY RATES'!C$6:D$105,2,0)=0,$E$3,VLOOKUP(E25,'HOURLY RATES'!C$6:D$105,2,0)) -> 54 | N25: =M25*L25 -> 0 | P25: =O25*I25 -> 0 | Q25: =P25+N25 -> 0 | S25: =((((N25*(1+$D$7))+(P25*(1+$D$5+$D$6)))*(1+$D$8)))/I25 -> 0 | T25: =S25*I25 -> 0
A26: =IF(J26<>"",1+MAX($A$18:A25),"") -> 6 | D26: DIV-01 | E26: General Requirements | F26: Concrete Testing | G26: 1 | H26: =IF(VLOOKUP(J26,'HOURLY RATES'!B$116:C$124,2,0)=0,$J$3,VLOOKUP(J26,'HOURLY RATES'!B$116:C$124,2,0)) -> 0 | I26: =(G26*(1+H26)) -> 1 | J26: LS | L26: =K26*I26 -> 0 | M26: =IF(VLOOKUP(E26,'HOURLY RATES'!C$6:D$105,2,0)=0,$E$3,VLOOKUP(E26,'HOURLY RATES'!C$6:D$105,2,0)) -> 54 | N26: =M26*L26 -> 0 | P26: =O26*I26 -> 0 | Q26: =P26+N26 -> 0 | S26: =((((N26*(1+$D$7))+(P26*(1+$D$5+$D$6)))*(1+$D$8)))/I26 -> 0 | T26: =S26*I26 -> 0
A27: =IF(J27<>"",1+MAX($A$18:A26),"") -> 7 | D27: DIV-01 | E27: General Requirements | F27: Permit Fee | G27: 1 | H27: =IF(VLOOKUP(J27,'HOURLY RATES'!B$116:C$124,2,0)=0,$J$3,VLOOKUP(J27,'HOURLY RATES'!B$116:C$124,2,0)) -> 0 | I27: =(G27*(1+H27)) -> 1 | J27: LS | K27: =1%*($S$18)/M27 -> 17.399188 | L27: =K27*I27 -> 17.399188 | M27: =IF(VLOOKUP(E27,'HOURLY RATES'!C$6:D$105,2,0)=0,$E$3,VLOOKUP(E27,'HOURLY RATES'!C$6:D$105,2,0)) -> 54 | N27: =M27*L27 -> 939.55615 | P27: =O27*I27 -> 0 | Q27: =P27+N27 -> 939.55615 | S27: =((((N27*(1+$D$7))+(P27*(1+$D$5+$D$6)))*(1+$D$8)))/I27 -> 1144.3794 | T27: =S27*I27 -> 1144.3794
A28: =IF(J28<>"",1+MAX($A$18:A27),"") -> 8 | D28: DIV-01 | E28: General Requirements | F28: Permits (Based On Interior Finish Area) | G28: 1 | H28: =IF(VLOOKUP(J28,'HOURLY RATES'!B$116:C$124,2,0)=0,$J$3,VLOOKUP(J28,'HOURLY RATES'!B$116:C$124,2,0)) -> 0 | I28: =(G28*(1+H28)) -> 1 | J28: LS | L28: =K28*I28 -> 0 | M28: =IF(VLOOKUP(E28,'HOURLY RATES'!C$6:D$105,2,0)=0,$E$3,VLOOKUP(E28,'HOURLY RATES'!C$6:D$105,2,0)) -> 54 | N28: =M28*L28 -> 0 | P28: =O28*I28 -> 0 | Q28: =P28+N28 -> 0 | S28: =((((N28*(1+$D$7))+(P28*(1+$D$5+$D$6)))*(1+$D$8)))/I28 -> 0 | T28: =S28*I28 -> 0
A29: =IF(J29<>"",1+MAX($A$18:A28),"") -> 9 | D29: DIV-01 | E29: General Requirements | F29: Plan Coordination | G29: 1 | H29: =IF(VLOOKUP(J29,'HOURLY RATES'!B$116:C$124,2,0)=0,$J$3,VLOOKUP(J29,'HOURLY RATES'!B$116:C$124,2,0)) -> 0 | I29: =(G29*(1+H29)) -> 1 | J29: LS | L29: =K29*I29 -> 0 | M29: =IF(VLOOKUP(E29,'HOURLY RATES'!C$6:D$105,2,0)=0,$E$3,VLOOKUP(E29,'HOURLY RATES'!C$6:D$105,2,0)) -> 54 | N29: =M29*L29 -> 0 | P29: =O29*I29 -> 0 | Q29: =P29+N29 -> 0 | S29: =((((N29*(1+$D$7))+(P29*(1+$D$5+$D$6)))*(1+$D$8)))/I29 -> 0 | T29: =S29*I29 -> 0
A30: =IF(J30<>"",1+MAX($A$18:A29),"") -> 10 | D30: DIV-01 | E30: General Requirements | F30: Roof Inspection | G30: 1 | H30: =IF(VLOOKUP(J30,'HOURLY RATES'!B$116:C$124,2,0)=0,$J$3,VLOOKUP(J30,'HOURLY RATES'!B$116:C$124,2,0)) -> 0 | I30: =(G30*(1+H30)) -> 1 | J30: LS | L30: =K30*I30 -> 0 | M30: =IF(VLOOKUP(E30,'HOURLY RATES'!C$6:D$105,2,0)=0,$E$3,VLOOKUP(E30,'HOURLY RATES'!C$6:D$105,2,0)) -> 54 | N30: =M30*L30 -> 0 | P30: =O30*I30 -> 0 | Q30: =P30+N30 -> 0 | S30: =((((N30*(1+$D$7))+(P30*(1+$D$5+$D$6)))*(1+$D$8)))/I30 -> 0 | T30: =S30*I30 -> 0
A31: =IF(J31<>"",1+MAX($A$18:A30),"") -> 11 | D31: DIV-01 | E31: General Requirements | F31: Blueprints (?? Pages) | G31: 1 | H31: =IF(VLOOKUP(J31,'HOURLY RATES'!B$116:C$124,2,0)=0,$J$3,VLOOKUP(J31,'HOURLY RATES'!B$116:C$124,2,0)) -> 0 | I31: =(G31*(1+H31)) -> 1 | J31: LS | L31: =K31*I31 -> 0 | M31: =IF(VLOOKUP(E31,'HOURLY RATES'!C$6:D$105,2,0)=0,$E$3,VLOOKUP(E31,'HOURLY RATES'!C$6:D$105,2,0)) -> 54 | N31: =M31*L31 -> 0 | P31: =O31*I31 -> 0 | Q31: =P31+N31 -> 0 | S31: =((((N31*(1+$D$7))+(P31*(1+$D$5+$D$6)))*(1+$D$8)))/I31 -> 0 | T31: =S31*I31 -> 0
A32: =IF(J32<>"",1+MAX($A$18:A31),"")
A33: =IF(J33<>"",1+MAX($A$18:A32),"") | F33: Utilities
A34: =IF(J34<>"",1+MAX($A$18:A33),"") -> 12 | D34: DIV-01 | E34: General Requirements | F34: Utilities During Construction (Based On Interior Finish Area) | G34: 1 | H34: =IF(VLOOKUP(J34,'HOURLY RATES'!B$116:C$124,2,0)=0,$J$3,VLOOKUP(J34,'HOURLY RATES'!B$116:C$124,2,0)) -> 0 | I34: =(G34*(1+H34)) -> 1 | J34: LS | K34: =(0.288%*(S18)/M34)*2 -> 10.021932 | L34: =K34*I34 -> 10.021932 | M34: =IF(VLOOKUP(E34,'HOURLY RATES'!C$6:D$105,2,0)=0,$E$3,VLOOKUP(E34,'HOURLY RATES'!C$6:D$105,2,0)) -> 54 | N34: =M34*L34 -> 541.18434 | P34: =O34*I34 -> 0 | Q34: =P34+N34 -> 541.18434 | S34: =((((N34*(1+$D$7))+(P34*(1+$D$5+$D$6)))*(1+$D$8)))/I34 -> 659.16253 | T34: =S34*I34 -> 659.16253
A35: =IF(J35<>"",1+MAX($A$18:A34),"") -> 13 | D35: DIV-01 | E35: General Requirements | F35: Port-O-Potty (Based On Interior Finish Area) | G35: 1 | H35: =IF(VLOOKUP(J35,'HOURLY RATES'!B$116:C$124,2,0)=0,$J$3,VLOOKUP(J35,'HOURLY RATES'!B$116:C$124,2,0)) -> 0 | I35: =(G35*(1+H35)) -> 1 | J35: LS | L35: =K35*I35 -> 0 | M35: =IF(VLOOKUP(E35,'HOURLY RATES'!C$6:D$105,2,0)=0,$E$3,VLOOKUP(E35,'HOURLY RATES'!C$6:D$105,2,0)) -> 54 | N35: =M35*L35 -> 0 | P35: =O35*I35 -> 0 | Q35: =P35+N35 -> 0 | S35: =((((N35*(1+$D$7))+(P35*(1+$D$5+$D$6)))*(1+$D$8)))/I35 -> 0 | T35: =S35*I35 -> 0
A36: =IF(J36<>"",1+MAX($A$18:A35),"") -> 14 | D36: DIV-01 | E36: General Requirements | F36: Temporary Power (Based On Interior Finish Area) | G36: 1 | H36: =IF(VLOOKUP(J36,'HOURLY RATES'!B$116:C$124,2,0)=0,$J$3,VLOOKUP(J36,'HOURLY RATES'!B$116:C$124,2,0)) -> 0 | I36: =(G36*(1+H36)) -> 1 | J36: LS | K36: =(0.65%*(S18)/M36)*1.77 -> 20.017766 | L36: =K36*I36 -> 20.017766 | M36: =IF(VLOOKUP(E36,'HOURLY RATES'!C$6:D$105,2,0)=0,$E$3,VLOOKUP(E36,'HOURLY RATES'!C$6:D$105,2,0)) -> 54 | N36: =M36*L36 -> 1080.9593 | P36: =O36*I36 -> 0 | Q36: =P36+N36 -> 1080.9593 | S36: =((((N36*(1+$D$7))+(P36*(1+$D$5+$D$6)))*(1+$D$8)))/I36 -> 1316.6085 | T36: =S36*I36 -> 1316.6085
A37: =IF(J37<>"",1+MAX($A$18:A36),"")
A38: =IF(J38<>"",1+MAX($A$18:A37),"") | F38: Equipment And Tools
A39: =IF(J39<>"",1+MAX($A$18:A38),"") -> 15 | D39: DIV-01 | E39: General Requirements | F39: Tool Rentals | G39: 1 | H39: =IF(VLOOKUP(J39,'HOURLY RATES'!B$116:C$124,2,0)=0,$J$3,VLOOKUP(J39,'HOURLY RATES'!B$116:C$124,2,0)) -> 0 | I39: =(G39*(1+H39)) -> 1 | J39: LS | L39: =K39*I39 -> 0 | M39: =IF(VLOOKUP(E39,'HOURLY RATES'!C$6:D$105,2,0)=0,$E$3,VLOOKUP(E39,'HOURLY RATES'!C$6:D$105,2,0)) -> 54 | N39: =M39*L39 -> 0 | P39: =O39*I39 -> 0 | Q39: =P39+N39 -> 0 | S39: =((((N39*(1+$D$7))+(P39*(1+$D$5+$D$6)))*(1+$D$8)))/I39 -> 0 | T39: =S39*I39 -> 0
A40: =IF(J40<>"",1+MAX($A$18:A39),"") -> 16 | D40: DIV-01 | E40: General Requirements | F40: Tool Shed | G40: 1 | H40: =IF(VLOOKUP(J40,'HOURLY RATES'!B$116:C$124,2,0)=0,$J$3,VLOOKUP(J40,'HOURLY RATES'!B$116:C$124,2,0)) -> 0 | I40: =(G40*(1+H40)) -> 1 | J40: LS | L40: =K40*I40 -> 0 | M40: =IF(VLOOKUP(E40,'HOURLY RATES'!C$6:D$105,2,0)=0,$E$3,VLOOKUP(E40,'HOURLY RATES'!C$6:D$105,2,0)) -> 54 | N40: =M40*L40 -> 0 | P40: =O40*I40 -> 0 | Q40: =P40+N40 -> 0 | S40: =((((N40*(1+$D$7))+(P40*(1+$D$5+$D$6)))*(1+$D$8)))/I40 -> 0 | T40: =S40*I40 -> 0
A41: =IF(J41<>"",1+MAX($A$18:A40),"") -> 17 | D41: DIV-01 | E41: General Requirements | F41: Dust Control | G41: 1 | H41: =IF(VLOOKUP(J41,'HOURLY RATES'!B$116:C$124,2,0)=0,$J$3,VLOOKUP(J41,'HOURLY RATES'!B$116:C$124,2,0)) -> 0 | I41: =(G41*(1+H41)) -> 1 | J41: LS | L41: =K41*I41 -> 0 | M41: =IF(VLOOKUP(E41,'HOURLY RATES'!C$6:D$105,2,0)=0,$E$3,VLOOKUP(E41,'HOURLY RATES'!C$6:D$105,2,0)) -> 54 | N41: =M41*L41 -> 0 | P41: =O41*I41 -> 0 | Q41: =P41+N41 -> 0 | S41: =((((N41*(1+$D$7))+(P41*(1+$D$5+$D$6)))*(1+$D$8)))/I41 -> 0 | T41: =S41*I41 -> 0
A42: =IF(J42<>"",1+MAX($A$18:A41),"") -> 18 | D42: DIV-01 | E42: General Requirements | F42: Ice, Water, Beverages | G42: 1 | H42: =IF(VLOOKUP(J42,'HOURLY RATES'!B$116:C$124,2,0)=0,$J$3,VLOOKUP(J42,'HOURLY RATES'!B$116:C$124,2,0)) -> 0 | I42: =(G42*(1+H42)) -> 1 | J42: LS | L42: =K42*I42 -> 0 | M42: =IF(VLOOKUP(E42,'HOURLY RATES'!C$6:D$105,2,0)=0,$E$3,VLOOKUP(E42,'HOURLY RATES'!C$6:D$105,2,0)) -> 54 | N42: =M42*L42 -> 0 | P42: =O42*I42 -> 0 | Q42: =P42+N42 -> 0 | S42: =((((N42*(1+$D$7))+(P42*(1+$D$5+$D$6)))*(1+$D$8)))/I42 -> 0 | T42: =S42*I42 -> 0
A43: =IF(J43<>"",1+MAX($A$18:A42),"") -> 19 | D43: DIV-01 | E43: General Requirements | F43: Garbage Dumpster / Trash Containers | G43: 1 | H43: =IF(VLOOKUP(J43,'HOURLY RATES'!B$116:C$124,2,0)=0,$J$3,VLOOKUP(J43,'HOURLY RATES'!B$116:C$124,2,0)) -> 0 | I43: =(G43*(1+H43)) -> 1 | J43: LS | L43: =K43*I43 -> 0 | M43: =IF(VLOOKUP(E43,'HOURLY RATES'!C$6:D$105,2,0)=0,$E$3,VLOOKUP(E43,'HOURLY RATES'!C$6:D$105,2,0)) -> 54 | N43: =M43*L43 -> 0 | P43: =O43*I43 -> 0 | Q43: =P43+N43 -> 0 | S43: =((((N43*(1+$D$7))+(P43*(1+$D$5+$D$6)))*(1+$D$8)))/I43 -> 0 | T43: =S43*I43 -> 0
A44: =IF(J44<>"",1+MAX($A$18:A43),"") -> 20 | D44: DIV-01 | E44: General Requirements | F44: Mobilization/Demobilization (Temporary Control & Facilities) | G44: 1 | H44: =IF(VLOOKUP(J44,'HOURLY RATES'!B$116:C$124,2,0)=0,$J$3,VLOOKUP(J44,'HOURLY RATES'!B$116:C$124,2,0)) -> 0 | I44: =(G44*(1+H44)) -> 1 | J44: LS | K44: =2.2%*($S$18)/M44 -> 38.278213 | L44: =K44*I44 -> 38.278213 | M44: =IF(VLOOKUP(E44,'HOURLY RATES'!C$6:D$105,2,0)=0,$E$3,VLOOKUP(E44,'HOURLY RATES'!C$6:D$105,2,0)) -> 54 | N44: =M44*L44 -> 2067.0235 | P44: =O44*I44 -> 0 | Q44: =P44+N44 -> 2067.0235 | S44: =((((N44*(1+$D$7))+(P44*(1+$D$5+$D$6)))*(1+$D$8)))/I44 -> 2517.6346 | T44: =S44*I44 -> 2517.6346
A45: =IF(J45<>"",1+MAX($A$18:A44),"")
A46: =IF(J46<>"",1+MAX($A$18:A45),"") | F46: Signage And Promotion
A47: =IF(J47<>"",1+MAX($A$18:A46),"") -> 21 | D47: DIV-01 | E47: General Requirements | F47: Job Signs | G47: 1 | H47: =IF(VLOOKUP(J47,'HOURLY RATES'!B$116:C$124,2,0)=0,$J$3,VLOOKUP(J47,'HOURLY RATES'!B$116:C$124,2,0)) -> 0 | I47: =(G47*(1+H47)) -> 1 | J47: LS | L47: =K47*I47 -> 0 | M47: =IF(VLOOKUP(E47,'HOURLY RATES'!C$6:D$105,2,0)=0,$E$3,VLOOKUP(E47,'HOURLY RATES'!C$6:D$105,2,0)) -> 54 | N47: =M47*L47 -> 0 | P47: =O47*I47 -> 0 | Q47: =P47+N47 -> 0 | S47: =((((N47*(1+$D$7))+(P47*(1+$D$5+$D$6)))*(1+$D$8)))/I47 -> 0 | T47: =S47*I47 -> 0
A48: =IF(J48<>"",1+MAX($A$18:A47),"") -> 22 | D48: DIV-01 | E48: General Requirements | F48: Job Photos | G48: 1 | H48: =IF(VLOOKUP(J48,'HOURLY RATES'!B$116:C$124,2,0)=0,$J$3,VLOOKUP(J48,'HOURLY RATES'!B$116:C$124,2,0)) -> 0 | I48: =(G48*(1+H48)) -> 1 | J48: LS | L48: =K48*I48 -> 0 | M48: =IF(VLOOKUP(E48,'HOURLY RATES'!C$6:D$105,2,0)=0,$E$3,VLOOKUP(E48,'HOURLY RATES'!C$6:D$105,2,0)) -> 54 | N48: =M48*L48 -> 0 | P48: =O48*I48 -> 0 | Q48: =P48+N48 -> 0 | S48: =((((N48*(1+$D$7))+(P48*(1+$D$5+$D$6)))*(1+$D$8)))/I48 -> 0 | T48: =S48*I48 -> 0
A49: =IF(J49<>"",1+MAX($A$18:A48),"") -> 23 | D49: DIV-01 | E49: General Requirements | F49: Signage | G49: 1 | H49: =IF(VLOOKUP(J49,'HOURLY RATES'!B$116:C$124,2,0)=0,$J$3,VLOOKUP(J49,'HOURLY RATES'!B$116:C$124,2,0)) -> 0 | I49: =(G49*(1+H49)) -> 1 | J49: LS | L49: =K49*I49 -> 0 | M49: =IF(VLOOKUP(E49,'HOURLY RATES'!C$6:D$105,2,0)=0,$E$3,VLOOKUP(E49,'HOURLY RATES'!C$6:D$105,2,0)) -> 54 | N49: =M49*L49 -> 0 | P49: =O49*I49 -> 0 | Q49: =P49+N49 -> 0 | S49: =((((N49*(1+$D$7))+(P49*(1+$D$5+$D$6)))*(1+$D$8)))/I49 -> 0 | T49: =S49*I49 -> 0
A50: =IF(J50<>"",1+MAX($A$18:A49),"") -> 24 | D50: DIV-01 | E50: General Requirements | F50: Promotion/Entertainment | G50: 1 | H50: =IF(VLOOKUP(J50,'HOURLY RATES'!B$116:C$124,2,0)=0,$J$3,VLOOKUP(J50,'HOURLY RATES'!B$116:C$124,2,0)) -> 0 | I50: =(G50*(1+H50)) -> 1 | J50: LS | L50: =K50*I50 -> 0 | M50: =IF(VLOOKUP(E50,'HOURLY RATES'!C$6:D$105,2,0)=0,$E$3,VLOOKUP(E50,'HOURLY RATES'!C$6:D$105,2,0)) -> 54 | N50: =M50*L50 -> 0 | P50: =O50*I50 -> 0 | Q50: =P50+N50 -> 0 | S50: =((((N50*(1+$D$7))+(P50*(1+$D$5+$D$6)))*(1+$D$8)))/I50 -> 0 | T50: =S50*I50 -> 0
A51: =IF(J51<>"",1+MAX($A$18:A50),"") -> 25 | D51: DIV-01 | E51: General Requirements | F51: Misc. | G51: 1 | H51: =IF(VLOOKUP(J51,'HOURLY RATES'!B$116:C$124,2,0)=0,$J$3,VLOOKUP(J51,'HOURLY RATES'!B$116:C$124,2,0)) -> 0 | I51: =(G51*(1+H51)) -> 1 | J51: LS | L51: =K51*I51 -> 0 | M51: =IF(VLOOKUP(E51,'HOURLY RATES'!C$6:D$105,2,0)=0,$E$3,VLOOKUP(E51,'HOURLY RATES'!C$6:D$105,2,0)) -> 54 | N51: =M51*L51 -> 0 | P51: =O51*I51 -> 0 | Q51: =P51+N51 -> 0 | S51: =((((N51*(1+$D$7))+(P51*(1+$D$5+$D$6)))*(1+$D$8)))/I51 -> 0 | T51: =S51*I51 -> 0
A52: =IF(J52<>"",1+MAX($A$18:A51),"")
A53: =IF(J53<>"",1+MAX($A$18:A52),"") | F53: Cleaning And Final
A54: =IF(J54<>"",1+MAX($A$18:A53),"") -> 26 | D54: DIV-01 | E54: General Requirements | F54: Trash | G54: 1 | H54: =IF(VLOOKUP(J54,'HOURLY RATES'!B$116:C$124,2,0)=0,$J$3,VLOOKUP(J54,'HOURLY RATES'!B$116:C$124,2,0)) -> 0 | I54: =(G54*(1+H54)) -> 1 | J54: LS | L54: =K54*I54 -> 0 | M54: =IF(VLOOKUP(E54,'HOURLY RATES'!C$6:D$105,2,0)=0,$E$3,VLOOKUP(E54,'HOURLY RATES'!C$6:D$105,2,0)) -> 54 | N54: =M54*L54 -> 0 | P54: =O54*I54 -> 0 | Q54: =P54+N54 -> 0 | S54: =((((N54*(1+$D$7))+(P54*(1+$D$5+$D$6)))*(1+$D$8)))/I54 -> 0 | T54: =S54*I54 -> 0
A55: =IF(J55<>"",1+MAX($A$18:A54),"") -> 27 | D55: DIV-01 | E55: General Requirements | F55: Final Cleaning | G55: 1 | H55: =IF(VLOOKUP(J55,'HOURLY RATES'!B$116:C$124,2,0)=0,$J$3,VLOOKUP(J55,'HOURLY RATES'!B$116:C$124,2,0)) -> 0 | I55: =(G55*(1+H55)) -> 1 | J55: LS | L55: =K55*I55 -> 0 | M55: =IF(VLOOKUP(E55,'HOURLY RATES'!C$6:D$105,2,0)=0,$E$3,VLOOKUP(E55,'HOURLY RATES'!C$6:D$105,2,0)) -> 54 | N55: =M55*L55 -> 0 | P55: =O55*I55 -> 0 | Q55: =P55+N55 -> 0 | S55: =((((N55*(1+$D$7))+(P55*(1+$D$5+$D$6)))*(1+$D$8)))/I55 -> 0 | T55: =S55*I55 -> 0
A56: =IF(J56<>"",1+MAX($A$18:A55),"") -> 28 | D56: DIV-01 | E56: General Requirements | F56: Window Washing (Rough # Of Windows ) | G56: 1 | H56: =IF(VLOOKUP(J56,'HOURLY RATES'!B$116:C$124,2,0)=0,$J$3,VLOOKUP(J56,'HOURLY RATES'!B$116:C$124,2,0)) -> 0 | I56: =(G56*(1+H56)) -> 1 | J56: LS | L56: =K56*I56 -> 0 | M56: =IF(VLOOKUP(E56,'HOURLY RATES'!C$6:D$105,2,0)=0,$E$3,VLOOKUP(E56,'HOURLY RATES'!C$6:D$105,2,0)) -> 54 | N56: =M56*L56 -> 0 | P56: =O56*I56 -> 0 | Q56: =P56+N56 -> 0 | S56: =((((N56*(1+$D$7))+(P56*(1+$D$5+$D$6)))*(1+$D$8)))/I56 -> 0 | T56: =S56*I56 -> 0
A57: =IF(J57<>"",1+MAX($A$18:A56),"") -> 29 | D57: DIV-01 | E57: General Requirements | F57: Punch List Items | G57: 1 | H57: =IF(VLOOKUP(J57,'HOURLY RATES'!B$116:C$124,2,0)=0,$J$3,VLOOKUP(J57,'HOURLY RATES'!B$116:C$124,2,0)) -> 0 | I57: =(G57*(1+H57)) -> 1 | J57: LS | L57: =K57*I57 -> 0 | M57: =IF(VLOOKUP(E57,'HOURLY RATES'!C$6:D$105,2,0)=0,$E$3,VLOOKUP(E57,'HOURLY RATES'!C$6:D$105,2,0)) -> 54 | N57: =M57*L57 -> 0 | P57: =O57*I57 -> 0 | Q57: =P57+N57 -> 0 | S57: =((((N57*(1+$D$7))+(P57*(1+$D$5+$D$6)))*(1+$D$8)))/I57 -> 0 | T57: =S57*I57 -> 0
A58: =IF(J58<>"",1+MAX($A$18:A57),"")
A59: =IF(J59<>"",1+MAX($A$18:A58),"") | F59: Bonds, Insurance, Legal
A60: =IF(J60<>"",1+MAX($A$18:A59),"") -> 30 | D60: DIV-01 | E60: General Requirements | F60: Casualty Insurance | G60: 1 | H60: =IF(VLOOKUP(J60,'HOURLY RATES'!B$116:C$124,2,0)=0,$J$3,VLOOKUP(J60,'HOURLY RATES'!B$116:C$124,2,0)) -> 0 | I60: =(G60*(1+H60)) -> 1 | J60: LS | L60: =K60*I60 -> 0 | M60: =IF(VLOOKUP(E60,'HOURLY RATES'!C$6:D$105,2,0)=0,$E$3,VLOOKUP(E60,'HOURLY RATES'!C$6:D$105,2,0)) -> 54 | N60: =M60*L60 -> 0 | P60: =O60*I60 -> 0 | Q60: =P60+N60 -> 0 | S60: =((((N60*(1+$D$7))+(P60*(1+$D$5+$D$6)))*(1+$D$8)))/I60 -> 0 | T60: =S60*I60 -> 0
A61: =IF(J61<>"",1+MAX($A$18:A60),"") -> 31 | D61: DIV-01 | E61: General Requirements | F61: Medical Insurance | G61: 1 | H61: =IF(VLOOKUP(J61,'HOURLY RATES'!B$116:C$124,2,0)=0,$J$3,VLOOKUP(J61,'HOURLY RATES'!B$116:C$124,2,0)) -> 0 | I61: =(G61*(1+H61)) -> 1 | J61: LS | L61: =K61*I61 -> 0 | M61: =IF(VLOOKUP(E61,'HOURLY RATES'!C$6:D$105,2,0)=0,$E$3,VLOOKUP(E61,'HOURLY RATES'!C$6:D$105,2,0)) -> 54 | N61: =M61*L61 -> 0 | P61: =O61*I61 -> 0 | Q61: =P61+N61 -> 0 | S61: =((((N61*(1+$D$7))+(P61*(1+$D$5+$D$6)))*(1+$D$8)))/I61 -> 0 | T61: =S61*I61 -> 0
A62: =IF(J62<>"",1+MAX($A$18:A61),"") -> 32 | D62: DIV-01 | E62: General Requirements | F62: General Liability Insurance | G62: 1 | H62: =IF(VLOOKUP(J62,'HOURLY RATES'!B$116:C$124,2,0)=0,$J$3,VLOOKUP(J62,'HOURLY RATES'!B$116:C$124,2,0)) -> 0 | I62: =(G62*(1+H62)) -> 1 | J62: LS | L62: =K62*I62 -> 0 | M62: =IF(VLOOKUP(E62,'HOURLY RATES'!C$6:D$105,2,0)=0,$E$3,VLOOKUP(E62,'HOURLY RATES'!C$6:D$105,2,0)) -> 54 | N62: =M62*L62 -> 0 | P62: =O62*I62 -> 0 | Q62: =P62+N62 -> 0 | S62: =((((N62*(1+$D$7))+(P62*(1+$D$5+$D$6)))*(1+$D$8)))/I62 -> 0 | T62: =S62*I62 -> 0
A63: =IF(J63<>"",1+MAX($A$18:A62),"")
A64: =IF(J64<>"",1+MAX($A$18:A63),"") | F64: Project Management & Supervision
A65: =IF(J65<>"",1+MAX($A$18:A64),"") -> 33 | D65: DIV-01 | E65: General Requirements | F65: Project Management & Supervision | G65: 1 | H65: =IF(VLOOKUP(J65,'HOURLY RATES'!B$116:C$124,2,0)=0,$J$3,VLOOKUP(J65,'HOURLY RATES'!B$116:C$124,2,0)) -> 0 | I65: =(G65*(1+H65)) -> 1 | J65: LS | K65: =2.6%*($S$18)/M65 -> 45.237889 | L65: =K65*I65 -> 45.237889 | M65: =IF(VLOOKUP(E65,'HOURLY RATES'!C$6:D$105,2,0)=0,$E$3,VLOOKUP(E65,'HOURLY RATES'!C$6:D$105,2,0)) -> 54 | N65: =M65*L65 -> 2442.846 | P65: =O65*I65 -> 0 | Q65: =P65+N65 -> 2442.846 | S65: =((((N65*(1+$D$7))+(P65*(1+$D$5+$D$6)))*(1+$D$8)))/I65 -> 2975.3864 | T65: =S65*I65 -> 2975.3864
A66: =IF(J66<>"",1+MAX($A$18:A65),"")
A67: =IF(J67<>"",1+MAX($A$18:A66),"") | D67: DIV-09 | F67: Finishes | R67: =SUM(Q68:Q105) -> 93955.615
A68: =IF(J68<>"",1+MAX($A$18:A67),"")
A69: =IF(J69<>"",1+MAX($A$18:A68),"") | F69: Common Areas
A70: =IF(J70<>"",1+MAX($A$18:A69),"") | F70: Painting
A71: =IF(J71<>"",1+MAX($A$18:A70),"") | F71: Ceiling Paint
A72: =IF(J72<>"",1+MAX($A$18:A71),"") -> 34 | D72: DIV-09 | E72: Interior Painter | F72: Paint On Exosed Ceiling, Manufacturer: Sherwin Williams | G72: 3349 | H72: =IF(VLOOKUP(J72,'HOURLY RATES'!B$116:C$124,2,0)=0,$J$3,VLOOKUP(J72,'HOURLY RATES'!B$116:C$124,2,0)) -> 0.05 | I72: =(G72*(1+H72)) -> 3516.45 | J72: SF | K72: 0.022 | L72: =K72*I72 -> 77.3619 | M72: =IF(VLOOKUP(E72,'HOURLY RATES'!C$6:D$105,2,0)=0,$E$3,VLOOKUP(E72,'HOURLY RATES'!C$6:D$105,2,0)) -> 54 | N72: =M72*L72 -> 4177.5426 | O72: 0.4 | P72: =O72*I72 -> 1406.58 | Q72: =P72+N72 -> 5584.1226 | S72: =((((N72*(1+$D$7))+(P72*(1+$D$5+$D$6)))*(1+$D$8)))/I72 -> 1.9624903 | T72: =S72*I72 -> 6900.9991
A73: =IF(J73<>"",1+MAX($A$18:A71),"")
A74: =IF(J74<>"",1+MAX($A$18:A73),"") | F74: Wall Paint
A75: =IF(J75<>"",1+MAX($A$18:A74),"") -> 35 | D75: DIV-09 | E75: Interior Painter | F75: Pt-1, Paint On Walls, Manufacturer: Benjamin Moore, Model: Seapearl (961), Color: Eggshell | G75: 6041 | H75: =IF(VLOOKUP(J75,'HOURLY RATES'!B$116:C$124,2,0)=0,$J$3,VLOOKUP(J75,'HOURLY RATES'!B$116:C$124,2,0)) -> 0.05 | I75: =(G75*(1+H75)) -> 6343.05 | J75: SF | K75: 0.02 | L75: =K75*I75 -> 126.861 | M75: =IF(VLOOKUP(E75,'HOURLY RATES'!C$6:D$105,2,0)=0,$E$3,VLOOKUP(E75,'HOURLY RATES'!C$6:D$105,2,0)) -> 54 | N75: =M75*L75 -> 6850.494 | O75: 0.4 | P75: =O75*I75 -> 2537.22 | Q75: =P75+N75 -> 9387.714 | S75: =((((N75*(1+$D$7))+(P75*(1+$D$5+$D$6)))*(1+$D$8)))/I75 -> 1.8309463 | T75: =S75*I75 -> 11613.784
A77: =IF(J77<>"",1+MAX($A$18:A75),"") | F77: Miscellaneous
A78: =IF(J78<>"",1+MAX($A$18:A77),"") -> 36 | D78: DIV-09 | E78: Interior Painter | F78: Paint On 36" H Handrail (1 - Coat Primer + 2 - Coat Paint) | G78: 29.42 | H78: =IF(VLOOKUP(J78,'HOURLY RATES'!B$116:C$124,2,0)=0,$J$3,VLOOKUP(J78,'HOURLY RATES'!B$116:C$124,2,0)) -> 0.05 | I78: =(G78*(1+H78)) -> 30.891 | J78: LF | K78: 0.044 | L78: =K78*I78 -> 1.359204 | M78: =IF(VLOOKUP(E78,'HOURLY RATES'!C$6:D$105,2,0)=0,$E$3,VLOOKUP(E78,'HOURLY RATES'!C$6:D$105,2,0)) -> 54 | N78: =M78*L78 -> 73.397016 | O78: 1.5 | P78: =O78*I78 -> 46.3365 | Q78: =P78+N78 -> 119.73352 | S78: =((((N78*(1+$D$7))+(P78*(1+$D$5+$D$6)))*(1+$D$8)))/I78 -> 4.8271167 | T78: =S78*I78 -> 149.11446
A80: =IF(J80<>"",1+MAX($A$18:A77),"") | F80: Opening Paint
A81: =IF(J81<>"",1+MAX($A$18:A80),"") -> 37 | D81: DIV-09 | E81: Interior Painter | F81: Paint On Door, Manufacturer: Sherwin Williams, Model: SW 7004 Snowbond, Finish: Semi-Gloss | G81: 7 | H81: =IF(VLOOKUP(J81,'HOURLY RATES'!B$116:C$124,2,0)=0,$J$3,VLOOKUP(J81,'HOURLY RATES'!B$116:C$124,2,0)) -> 0 | I81: =(G81*(1+H81)) -> 7 | J81: EA | K81: 1.23 | L81: =K81*I81 -> 8.61 | M81: =IF(VLOOKUP(E81,'HOURLY RATES'!C$6:D$105,2,0)=0,$E$3,VLOOKUP(E81,'HOURLY RATES'!C$6:D$105,2,0)) -> 54 | N81: =M81*L81 -> 464.94 | O81: 28 | P81: =O81*I81 -> 196 | Q81: =P81+N81 -> 660.94 | S81: =((((N81*(1+$D$7))+(P81*(1+$D$5+$D$6)))*(1+$D$8)))/I81 -> 116.985 | T81: =S81*I81 -> 818.89502
A82: =IF(J82<>"",1+MAX($A$18:A81),"") -> 38 | D82: DIV-09 | E82: Interior Painter | F82: Paint On Door Frame, Manufacturer: Sherwin Williams, Model: SW 7004 Snowbond, Finish: Semi-Gloss | G82: =G83/2 -> 166.5 | H82: =IF(VLOOKUP(J82,'HOURLY RATES'!B$116:C$124,2,0)=0,$J$3,VLOOKUP(J82,'HOURLY RATES'!B$116:C$124,2,0)) -> 0.05 | I82: =(G82*(1+H82)) -> 174.825 | J82: LF | K82: 0.018 | L82: =K82*I82 -> 3.14685 | M82: =IF(VLOOKUP(E82,'HOURLY RATES'!C$6:D$105,2,0)=0,$E$3,VLOOKUP(E82,'HOURLY RATES'!C$6:D$105,2,0)) -> 54 | N82: =M82*L82 -> 169.9299 | O82: 0.8 | P82: =O82*I82 -> 139.86 | Q82: =P82+N82 -> 309.7899 | S82: =((((N82*(1+$D$7))+(P82*(1+$D$5+$D$6)))*(1+$D$8)))/I82 -> 2.2149086 | T82: =S82*I82 -> 387.2214
A83: =IF(J83<>"",1+MAX($A$18:A82),"") -> 39 | D83: DIV-09 | E83: Interior Painter | F83: Paint On Door Trim, Manufacturer: Sherwin Williams, Model: SW 7004 Snowbond, Finish: Semi-Gloss | G83: 333 | H83: =IF(VLOOKUP(J83,'HOURLY RATES'!B$116:C$124,2,0)=0,$J$3,VLOOKUP(J83,'HOURLY RATES'!B$116:C$124,2,0)) -> 0.05 | I83: =(G83*(1+H83)) -> 349.65 | J83: LF | K83: 0.018 | L83: =K83*I83 -> 6.2937 | M83: =IF(VLOOKUP(E83,'HOURLY RATES'!C$6:D$105,2,0)=0,$E$3,VLOOKUP(E83,'HOURLY RATES'!C$6:D$105,2,0)) -> 54 | N83: =M83*L83 -> 339.8598 | O83: 0.8 | P83: =O83*I83 -> 279.72 | Q83: =P83+N83 -> 619.5798 | S83: =((((N83*(1+$D$7))+(P83*(1+$D$5+$D$6)))*(1+$D$8)))/I83 -> 2.2149086 | T83: =S83*I83 -> 774.44281
A85: =IF(J85<>"",1+MAX($A$18:A84),"") | F85: Exterior Paint
A86: =IF(J86<>"",1+MAX($A$18:A84),"") -> 40 | D86: DIV-09 | E86: Exterior Painter | F86: Pt-1 Paint @ Fiber Cement Lap Siding Manufacture: Sherwin Williams Finish: Tbd | G86: 3315 | H86: 0.05 | I86: =(G86*(1+H86)) -> 3480.75 | J86: SF | K86: 0.02 | L86: =K86*I86 -> 69.615 | M86: =IF(VLOOKUP(E86,'HOURLY RATES'!C$6:D$105,2,0)=0,$E$3,VLOOKUP(E86,'HOURLY RATES'!C$6:D$105,2,0)) -> 54 | N86: =M86*L86 -> 3759.21 | O86: 0.8 | P86: =O86*I86 -> 2784.6 | Q86: =P86+N86 -> 6543.81 | S86: =((((N86*(1+$D$7))+(P86*(1+$D$5+$D$6)))*(1+$D$8)))/I86 -> 2.3464526 | T86: =S86*I86 -> 8167.415
A87: =IF(J87<>"",1+MAX($A$18:A86),"") -> 41 | D87: DIV-09 | E87: Exterior Painter | F87: Pt-2 Paint @ Fiber Cement Panel Manufacture: Sherwin Williams Finish: Tbd | G87: 785 | H87: 0.05 | I87: =(G87*(1+H87)) -> 824.25 | J87: SF | K87: 0.02 | L87: =K87*I87 -> 16.485 | M87: =IF(VLOOKUP(E87,'HOURLY RATES'!C$6:D$105,2,0)=0,$E$3,VLOOKUP(E87,'HOURLY RATES'!C$6:D$105,2,0)) -> 54 | N87: =M87*L87 -> 890.19 | O87: 0.8 | P87: =O87*I87 -> 659.4 | Q87: =P87+N87 -> 1549.59 | S87: =((((N87*(1+$D$7))+(P87*(1+$D$5+$D$6)))*(1+$D$8)))/I87 -> 2.3464526 | T87: =S87*I87 -> 1934.0636
A88: =IF(J88<>"",1+MAX($A$18:A86),"") -> 41 | D88: DIV-09 | E88: Exterior Painter | F88: Pt-1 Paint @ Fiber Cement Trim Manufacture: Sherwin Williams Finish: Tbd | G88: 700 | H88: 0.05 | I88: =(G88*(1+H88)) -> 735 | J88: LF | K88: 0.018 | L88: =K88*I88 -> 13.23 | M88: =IF(VLOOKUP(E88,'HOURLY RATES'!C$6:D$105,2,0)=0,$E$3,VLOOKUP(E88,'HOURLY RATES'!C$6:D$105,2,0)) -> 54 | N88: =M88*L88 -> 714.42 | O88: 0.8 | P88: =O88*I88 -> 588 | Q88: =P88+N88 -> 1302.42 | S88: =((((N88*(1+$D$7))+(P88*(1+$D$5+$D$6)))*(1+$D$8)))/I88 -> 2.2149086 | T88: =S88*I88 -> 1627.9579
A89: =IF(J89<>"",1+MAX($A$18:A86),"") -> 41 | D89: DIV-09 | E89: Exterior Painter | F89: Pt-2 Paint @ Fiber Cement Trim Manufacture: Sherwin Williams Finish: Tbd | G89: 258 | H89: 0.05 | I89: =(G89*(1+H89)) -> 270.9 | J89: LF | K89: 0.018 | L89: =K89*I89 -> 4.8762 | M89: =IF(VLOOKUP(E89,'HOURLY RATES'!C$6:D$105,2,0)=0,$E$3,VLOOKUP(E89,'HOURLY RATES'!C$6:D$105,2,0)) -> 54 | N89: =M89*L89 -> 263.3148 | O89: 0.8 | P89: =O89*I89 -> 216.72 | Q89: =P89+N89 -> 480.0348 | S89: =((((N89*(1+$D$7))+(P89*(1+$D$5+$D$6)))*(1+$D$8)))/I89 -> 2.2149086 | T89: =S89*I89 -> 600.01875
A90: =IF(J90<>"",1+MAX($A$18:A89),"")
A91: =IF(J91<>"",1+MAX($A$18:A90),"") | F91: Units
A92: =IF(J92<>"",1+MAX($A$18:A91),"") -> 42 | F92: Unit B4 | G92: 8 | J92: EA
A93: =IF(J93<>"",1+MAX($A$18:A92),"") | F93: Ceiling Paint
A94: =IF(J94<>"",1+MAX($A$18:A93),"") -> 43 | D94: DIV-09 | E94: Interior Painter | F94: UPT-3, Paint On Ceiing, Manufacturer: Sherwin Williams, Model: SW 7004 Snowbond, Finish: Flat | G94: =1225*8 -> 9800 | H94: =IF(VLOOKUP(J94,'HOURLY RATES'!B$116:C$124,2,0)=0,$J$3,VLOOKUP(J94,'HOURLY RATES'!B$116:C$124,2,0)) -> 0.05 | I94: =(G94*(1+H94)) -> 10290 | J94: SF | K94: 0.022 | L94: =K94*I94 -> 226.38 | M94: =IF(VLOOKUP(E94,'HOURLY RATES'!C$6:D$105,2,0)=0,$E$3,VLOOKUP(E94,'HOURLY RATES'!C$6:D$105,2,0)) -> 54 | N94: =M94*L94 -> 12224.52 | O94: 0.4 | P94: =O94*I94 -> 4116 | Q94: =P94+N94 -> 16340.52 | S94: =((((N94*(1+$D$7))+(P94*(1+$D$5+$D$6)))*(1+$D$8)))/I94 -> 1.9624903 | T94: =S94*I94 -> 20194.025
A96: =IF(J96<>"",1+MAX($A$18:A94),"") | F96: Base Paint
A97: =IF(J97<>"",1+MAX($A$18:A96),"") -> 44 | D97: DIV-09 | E97: Interior Painter | F97: WDB, Paint On Wood Base, Manufacturer: Sherwin Williams, Model: SW 7004 Snowbond, Finish: Flat | G97: =320*8 -> 2560 | H97: =IF(VLOOKUP(J97,'HOURLY RATES'!B$116:C$124,2,0)=0,$J$3,VLOOKUP(J97,'HOURLY RATES'!B$116:C$124,2,0)) -> 0.05 | I97: =(G97*(1+H97)) -> 2688 | J97: LF | K97: 0.018 | L97: =K97*I97 -> 48.384 | M97: =IF(VLOOKUP(E97,'HOURLY RATES'!C$6:D$105,2,0)=0,$E$3,VLOOKUP(E97,'HOURLY RATES'!C$6:D$105,2,0)) -> 54 | N97: =M97*L97 -> 2612.736 | O97: 0.8 | P97: =O97*I97 -> 2150.4 | Q97: =P97+N97 -> 4763.136 | S97: =((((N97*(1+$D$7))+(P97*(1+$D$5+$D$6)))*(1+$D$8)))/I97 -> 2.2149086 | T97: =S97*I97 -> 5953.6744
A99: =IF(J99<>"",1+MAX($A$18:A97),"") | F99: Wall Paint
A100: =IF(J100<>"",1+MAX($A$18:A98),"") -> 45 | D100: DIV-09 | E100: Interior Painter | F100: UPT-1, Paint On Walls, Manufacturer: Sherwin Williams, Model: SW 7004 Snowbond, Finish: Eggshell | G100: =2528*8 -> 20224 | H100: =IF(VLOOKUP(J100,'HOURLY RATES'!B$116:C$124,2,0)=0,$J$3,VLOOKUP(J100,'HOURLY RATES'!B$116:C$124,2,0)) -> 0.05 | I100: =(G100*(1+H100)) -> 21235.2 | J100: SF | K100: 0.02 | L100: =K100*I100 -> 424.704 | M100: =IF(VLOOKUP(E100,'HOURLY RATES'!C$6:D$105,2,0)=0,$E$3,VLOOKUP(E100,'HOURLY RATES'!C$6:D$105,2,0)) -> 54 | N100: =M100*L100 -> 22934.016 | O100: 0.4 | P100: =O100*I100 -> 8494.08 | Q100: =P100+N100 -> 31428.096 | S100: =((((N100*(1+$D$7))+(P100*(1+$D$5+$D$6)))*(1+$D$8)))/I100 -> 1.8309463 | T100: =S100*I100 -> 38880.511
A101: =IF(J101<>"",1+MAX($A$18:A99),"") -> 45 | D101: DIV-09 | E101: Interior Painter | F101: UPT-2, Paint On Walls, Manufacturer: Sherwin Williams, Model: SW 7004 Snowbond, Finish: SEMI-Gloss | G101: =453*8 -> 3624 | H101: =IF(VLOOKUP(J101,'HOURLY RATES'!B$116:C$124,2,0)=0,$J$3,VLOOKUP(J101,'HOURLY RATES'!B$116:C$124,2,0)) -> 0.05 | I101: =(G101*(1+H101)) -> 3805.2 | J101: SF | K101: 0.02 | L101: =K101*I101 -> 76.104 | M101: =IF(VLOOKUP(E101,'HOURLY RATES'!C$6:D$105,2,0)=0,$E$3,VLOOKUP(E101,'HOURLY RATES'!C$6:D$105,2,0)) -> 54 | N101: =M101*L101 -> 4109.616 | O101: 0.4 | P101: =O101*I101 -> 1522.08 | Q101: =P101+N101 -> 5631.696 | S101: =((((N101*(1+$D$7))+(P101*(1+$D$5+$D$6)))*(1+$D$8)))/I101 -> 1.8309463 | T101: =S101*I101 -> 6967.1169
A103: =IF(J103<>"",1+MAX($A$18:A101),"") | F103: Opening Paint
A104: =IF(J104<>"",1+MAX($A$18:A103),"") -> 46 | D104: DIV-09 | E104: Interior Painter | F104: D-600U, Paint On Door, Manufacturer: Sherwin Williams, Model: Promar 200 Zero Voc Latex Paint B30-2600, Color: Series/Finish Sw 7035 Aesthetic White / Semi Gloss | G104: =12*8 -> 96 | H104: =IF(VLOOKUP(J104,'HOURLY RATES'!B$116:C$124,2,0)=0,$J$3,VLOOKUP(J104,'HOURLY RATES'!B$116:C$124,2,0)) -> 0 | I104: =(G104*(1+H104)) -> 96 | J104: EA | K104: 1.23 | L104: =K104*I104 -> 118.08 | M104: =IF(VLOOKUP(E104,'HOURLY RATES'!C$6:D$105,2,0)=0,$E$3,VLOOKUP(E104,'HOURLY RATES'!C$6:D$105,2,0)) -> 54 | N104: =M104*L104 -> 6376.32 | O104: 28 | P104: =O104*I104 -> 2688 | Q104: =P104+N104 -> 9064.32 | S104: =((((N104*(1+$D$7))+(P104*(1+$D$5+$D$6)))*(1+$D$8)))/I104 -> 116.985 | T104: =S104*I104 -> 11230.56
A105: =IF(J105<>"",1+MAX($A$18:A104),"") -> 47 | D105: DIV-09 | E105: Interior Painter | F105: D-600U, Paint On Door Frame, Manufacturer: Sherwin Williams, Model: Promar 200 Zero Voc Latex Paint B30-2600, Color: Series/Finish Sw 7035 Aesthetic White / Semi Gloss | G105: =12*8 -> 96 | H105: =IF(VLOOKUP(J105,'HOURLY RATES'!B$116:C$124,2,0)=0,$J$3,VLOOKUP(J105,'HOURLY RATES'!B$116:C$124,2,0)) -> 0 | I105: =(G105*(1+H105)) -> 96 | J105: EA | K105: 0.018 | L105: =K105*I105 -> 1.728 | M105: =IF(VLOOKUP(E105,'HOURLY RATES'!C$6:D$105,2,0)=0,$E$3,VLOOKUP(E105,'HOURLY RATES'!C$6:D$105,2,0)) -> 54 | N105: =M105*L105 -> 93.312 | O105: 0.8 | P105: =O105*I105 -> 76.8 | Q105: =P105+N105 -> 170.112 | S105: =((((N105*(1+$D$7))+(P105*(1+$D$5+$D$6)))*(1+$D$8)))/I105 -> 2.2149086 | T105: =S105*I105 -> 212.63123
A106: =IF(J106<>"",1+MAX($A$18:A105),"")
A107: SUB TOTAL | K107: Total Lab. Hours = | L107: =SUM(L18:L106) -> 1354.1738 | M107: Total Lab. Cost = | N107: =SUM(N18:N106) -> 73125.387 | O107: Total Mat. Cost = | P107: =SUM(P18:P106) -> 27901.797 | Q107: =SUM(Q18:Q106) -> 101027.18 | R107: =SUM(R18:R106) -> 101027.18 | T107: =SUM(T18:T106) -> 125025.6
A108: MATERIAL TAX | M108: =D5 -> 0.06972 | P108: =P107*M108 -> 1945.3133 | Q108: =P108+N108 -> 1945.3133 | R108: =Q108 -> 1945.3133
...

Sheet BUILDING 5
A1: ITEM # | B1: REF. SHEET | C1: DETAIL | D1: CSI SECT | E1: Sub Contractor | F1: DESCRIPTION | G1: QTY. | H1: WASTAGE | I1: QTY WITH WASTAGE | J1: UNIT | K1: UNIT LABOR HOURS | L1: TOTAL LABOR HOURS | M1: PER HOUR LABOR RATE | N1: TOTAL LABOR COST | O1: UNIT MATERIAL COST | P1: TOTAL MATERIAL COST | Q1: ITEM COST | R1: TRADE COST | S1: UNIT ITEM COST WITH MARKUPS | T1: TOTAL ITEM COST WITH MARKUPS
A2: Estimate of Materials Quantities and Cost of Construction
B3: CLICK HERE TO GO BACK TO COST SUMMARY
D4: Sub-Total | E4: =Q107 -> 101027.18 | J4: Date: | K4: 46076
C5: Material Sales Tax | D5: 0.06972 | E5: =P107*D5 -> 1945.3133 | F5: (Adjust the percentage for Material tax as required) | J5: Project: | K5: Cline Mission Propities
C6: Overhead & Profit / Inflation (Material) | D6: 0.2 | E6: =P107*D6 -> 5580.3593 | F6: (Adjust the percentage for Overhead & Profit as required) | J6: Project Location: | K6: Stumptown Rd, Huntersville
C7: Overhead & Profit (Labor) | D7: 0.2 | E7: =N107*D7 -> 14625.077 | F7: (Adjust the percentage for Overhead & Profit as required) | J7: Project and Wage Type: | K7: Private (Non-Prevailing wage)
C8: Bond Fee | D8: 0.015 | E8: =(E4+E5+E6+E7)*D8 -> 1847.669 | F8: (Adjust the percentage for Bond Fee as required) | K8: BUILDING 5
D9: Total Bid | E9: =E4+E5+E6+E7+E8 -> 125025.6 | J9: Gross Internal Area of Structure (SF) | K9: 5281
J10: Covered Area of Structure (SF) | K10: 5281
C11: Material Wastage 1 | D11: 0 | E11: ( for Quantities in Each & LS) | J11: No. of Units | K11: 8
C12: Material Wastage 2 | D12: 0.05 | E12: ( for Quantities in LF, SF, SY, CY, LBS, TONS) | J12: No. of Floors and Overall Height | K12: 2 (25'-4")
B13: (Changing the wastage percentage here will update the wastage for whole tab) | J13: Hardscaping Area (SF) | K13: 0
J14: Soft scaping Area (SF) | K14: 0
B15: To change hourly rates for any trade please go to "Hourly Rates" Tab
A17: ITEM # | B17: REF. SHEET | C17: DETAIL | D17: CSI SECT | E17: Sub Contractor | F17: DESCRIPTION | G17: QTY. | H17: WASTAGE | I17: QTY WITH WASTAGE | J17: UNIT | K17: UNIT LABOR HOURS | L17: TOTAL LABOR HOURS | M17: PER HOUR LABOR RATE | N17: TOTAL LABOR COST | O17: UNIT MATERIAL COST | P17: TOTAL MATERIAL COST | Q17: ITEM COST | R17: TRADE COST | S17: UNIT COST WITH MARKUPS | T17: TOTAL COST WITH MARKUPS
D18: DIV-01 | F18: General | R18: =SUM(Q19:Q65) -> 7071.5693 | S18: =U18 -> 93955.615 | U18: =SUM(Q67:Q106) -> 93955.615
F20: Plan Design And Permitting
A21: =IF(J21<>"",1+MAX($A$18:A20),"") -> 1 | D21: DIV-01 | E21: General Requirements | F21: Architecture (Assumed By Owner) | G21: 1 | H21: =IF(VLOOKUP(J21,'HOURLY RATES'!B$116:C$124,2,0)=0,$J$3,VLOOKUP(J21,'HOURLY RATES'!B$116:C$124,2,0)) -> 0 | I21: =(G21*(1+H21)) -> 1 | J21: LS | L21: =K21*I21 -> 0 | M21: =IF(VLOOKUP(E21,'HOURLY RATES'!C$6:D$105,2,0)=0,$E$3,VLOOKUP(E21,'HOURLY RATES'!C$6:D$105,2,0)) -> 54 | N21: =M21*L21 -> 0 | P21: =O21*I21 -> 0 | Q21: =P21+N21 -> 0 | S21: =((((N21*(1+$D$7))+(P21*(1+$D$5+$D$6)))*(1+$D$8)))/I21 -> 0 | T21: =S21*I21 -> 0
A22: =IF(J22<>"",1+MAX($A$18:A21),"") -> 2 | D22: DIV-01 | E22: General Requirements | F22: Engineering (Assumed By Owner) | G22: 1 | H22: =IF(VLOOKUP(J22,'HOURLY RATES'!B$116:C$124,2,0)=0,$J$3,VLOOKUP(J22,'HOURLY RATES'!B$116:C$124,2,0)) -> 0 | I22: =(G22*(1+H22)) -> 1 | J22: LS | L22: =K22*I22 -> 0 | M22: =IF(VLOOKUP(E22,'HOURLY RATES'!C$6:D$105,2,0)=0,$E$3,VLOOKUP(E22,'HOURLY RATES'!C$6:D$105,2,0)) -> 54 | N22: =M22*L22 -> 0 | P22: =O22*I22 -> 0 | Q22: =P22+N22 -> 0 | S22: =((((N22*(1+$D$7))+(P22*(1+$D$5+$D$6)))*(1+$D$8)))/I22 -> 0 | T22: =S22*I22 -> 0
A23: =IF(J23<>"",1+MAX($A$18:A22),"") -> 3 | D23: DIV-01 | E23: General Requirements | F23: Surveying | G23: 1 | H23: =IF(VLOOKUP(J23,'HOURLY RATES'!B$116:C$124,2,0)=0,$J$3,VLOOKUP(J23,'HOURLY RATES'!B$116:C$124,2,0)) -> 0 | I23: =(G23*(1+H23)) -> 1 | J23: LS | L23: =K23*I23 -> 0 | M23: =IF(VLOOKUP(E23,'HOURLY RATES'!C$6:D$105,2,0)=0,$E$3,VLOOKUP(E23,'HOURLY RATES'!C$6:D$105,2,0)) -> 54 | N23: =M23*L23 -> 0 | P23: =O23*I23 -> 0 | Q23: =P23+N23 -> 0 | S23: =((((N23*(1+$D$7))+(P23*(1+$D$5+$D$6)))*(1+$D$8)))/I23 -> 0 | T23: =S23*I23 -> 0
A24: =IF(J24<>"",1+MAX($A$18:A23),"") -> 4 | D24: DIV-01 | E24: General Requirements | F24: Soils Report (Assumed By Owner) | G24: 1 | H24: =IF(VLOOKUP(J24,'HOURLY RATES'!B$116:C$124,2,0)=0,$J$3,VLOOKUP(J24,'HOURLY RATES'!B$116:C$124,2,0)) -> 0 | I24: =(G24*(1+H24)) -> 1 | J24: LS | L24: =K24*I24 -> 0 | M24: =IF(VLOOKUP(E24,'HOURLY RATES'!C$6:D$105,2,0)=0,$E$3,VLOOKUP(E24,'HOURLY RATES'!C$6:D$105,2,0)) -> 54 | N24: =M24*L24 -> 0 | P24: =O24*I24 -> 0 | Q24: =P24+N24 -> 0 | S24: =((((N24*(1+$D$7))+(P24*(1+$D$5+$D$6)))*(1+$D$8)))/I24 -> 0 | T24: =S24*I24 -> 0
A25: =IF(J25<>"",1+MAX($A$18:A24),"") -> 5 | D25: DIV-01 | E25: General Requirements | F25: Geological Report (Assumed By Owner) | G25: 1 | H25: =IF(VLOOKUP(J25,'HOURLY RATES'!B$116:C$124,2,0)=0,$J$3,VLOOKUP(J25,'HOURLY RATES'!B$116:C$124,2,0)) -> 0 | I25: =(G25*(1+H25)) -> 1 | J25: LS | L25: =K25*I25 -> 0 | M25: =IF(VLOOKUP(E25,'HOURLY RATES'!C$6:D$105,2,0)=0,$E$3,VLOOKUP(E25,'HOURLY RATES'!C$6:D$105,2,0)) -> 54 | N25: =M25*L25 -> 0 | P25: =O25*I25 -> 0 | Q25: =P25+N25 -> 0 | S25: =((((N25*(1+$D$7))+(P25*(1+$D$5+$D$6)))*(1+$D$8)))/I25 -> 0 | T25: =S25*I25 -> 0
A26: =IF(J26<>"",1+MAX($A$18:A25),"") -> 6 | D26: DIV-01 | E26: General Requirements | F26: Concrete Testing | G26: 1 | H26: =IF(VLOOKUP(J26,'HOURLY RATES'!B$116:C$124,2,0)=0,$J$3,VLOOKUP(J26,'HOURLY RATES'!B$116:C$124,2,0)) -> 0 | I26: =(G26*(1+H26)) -> 1 | J26: LS | L26: =K26*I26 -> 0 | M26: =IF(VLOOKUP(E26,'HOURLY RATES'!C$6:D$105,2,0)=0,$E$3,VLOOKUP(E26,'HOURLY RATES'!C$6:D$105,2,0)) -> 54 | N26: =M26*L26 -> 0 | P26: =O26*I26 -> 0 | Q26: =P26+N26 -> 0 | S26: =((((N26*(1+$D$7))+(P26*(1+$D$5+$D$6)))*(1+$D$8)))/I26 -> 0 | T26: =S26*I26 -> 0
A27: =IF(J27<>"",1+MAX($A$18:A26),"") -> 7 | D27: DIV-01 | E27: General Requirements | F27: Permit Fee | G27: 1 | H27: =IF(VLOOKUP(J27,'HOURLY RATES'!B$116:C$124,2,0)=0,$J$3,VLOOKUP(J27,'HOURLY RATES'!B$116:C$124,2,0)) -> 0 | I27: =(G27*(1+H27)) -> 1 | J27: LS | K27: =1%*($S$18)/M27 -> 17.399188 | L27: =K27*I27 -> 17.399188 | M27: =IF(VLOOKUP(E27,'HOURLY RATES'!C$6:D$105,2,0)=0,$E$3,VLOOKUP(E27,'HOURLY RATES'!C$6:D$105,2,0)) -> 54 | N27: =M27*L27 -> 939.55615 | P27: =O27*I27 -> 0 | Q27: =P27+N27 -> 939.55615 | S27: =((((N27*(1+$D$7))+(P27*(1+$D$5+$D$6)))*(1+$D$8)))/I27 -> 1144.3794 | T27: =S27*I27 -> 1144.3794
A28: =IF(J28<>"",1+MAX($A$18:A27),"") -> 8 | D28: DIV-01 | E28: General Requirements | F28: Permits (Based On Interior Finish Area) | G28: 1 | H28: =IF(VLOOKUP(J28,'HOURLY RATES'!B$116:C$124,2,0)=0,$J$3,VLOOKUP(J28,'HOURLY RATES'!B$116:C$124,2,0)) -> 0 | I28: =(G28*(1+H28)) -> 1 | J28: LS | L28: =K28*I28 -> 0 | M28: =IF(VLOOKUP(E28,'HOURLY RATES'!C$6:D$105,2,0)=0,$E$3,VLOOKUP(E28,'HOURLY RATES'!C$6:D$105,2,0)) -> 54 | N28: =M28*L28 -> 0 | P28: =O28*I28 -> 0 | Q28: =P28+N28 -> 0 | S28: =((((N28*(1+$D$7))+(P28*(1+$D$5+$D$6)))*(1+$D$8)))/I28 -> 0 | T28: =S28*I28 -> 0
A29: =IF(J29<>"",1+MAX($A$18:A28),"") -> 9 | D29: DIV-01 | E29: General Requirements | F29: Plan Coordination | G29: 1 | H29: =IF(VLOOKUP(J29,'HOURLY RATES'!B$116:C$124,2,0)=0,$J$3,VLOOKUP(J29,'HOURLY RATES'!B$116:C$124,2,0)) -> 0 | I29: =(G29*(1+H29)) -> 1 | J29: LS | L29: =K29*I29 -> 0 | M29: =IF(VLOOKUP(E29,'HOURLY RATES'!C$6:D$105,2,0)=0,$E$3,VLOOKUP(E29,'HOURLY RATES'!C$6:D$105,2,0)) -> 54 | N29: =M29*L29 -> 0 | P29: =O29*I29 -> 0 | Q29: =P29+N29 -> 0 | S29: =((((N29*(1+$D$7))+(P29*(1+$D$5+$D$6)))*(1+$D$8)))/I29 -> 0 | T29: =S29*I29 -> 0
A30: =IF(J30<>"",1+MAX($A$18:A29),"") -> 10 | D30: DIV-01 | E30: General Requirements | F30: Roof Inspection | G30: 1 | H30: =IF(VLOOKUP(J30,'HOURLY RATES'!B$116:C$124,2,0)=0,$J$3,VLOOKUP(J30,'HOURLY RATES'!B$116:C$124,2,0)) -> 0 | I30: =(G30*(1+H30)) -> 1 | J30: LS | L30: =K30*I30 -> 0 | M30: =IF(VLOOKUP(E30,'HOURLY RATES'!C$6:D$105,2,0)=0,$E$3,VLOOKUP(E30,'HOURLY RATES'!C$6:D$105,2,0)) -> 54 | N30: =M30*L30 -> 0 | P30: =O30*I30 -> 0 | Q30: =P30+N30 -> 0 | S30: =((((N30*(1+$D$7))+(P30*(1+$D$5+$D$6)))*(1+$D$8)))/I30 -> 0 | T30: =S30*I30 -> 0
A31: =IF(J31<>"",1+MAX($A$18:A30),"") -> 11 | D31: DIV-01 | E31: General Requirements | F31: Blueprints (?? Pages) | G31: 1 | H31: =IF(VLOOKUP(J31,'HOURLY RATES'!B$116:C$124,2,0)=0,$J$3,VLOOKUP(J31,'HOURLY RATES'!B$116:C$124,2,0)) -> 0 | I31: =(G31*(1+H31)) -> 1 | J31: LS | L31: =K31*I31 -> 0 | M31: =IF(VLOOKUP(E31,'HOURLY RATES'!C$6:D$105,2,0)=0,$E$3,VLOOKUP(E31,'HOURLY RATES'!C$6:D$105,2,0)) -> 54 | N31: =M31*L31 -> 0 | P31: =O31*I31 -> 0 | Q31: =P31+N31 -> 0 | S31: =((((N31*(1+$D$7))+(P31*(1+$D$5+$D$6)))*(1+$D$8)))/I31 -> 0 | T31: =S31*I31 -> 0
A32: =IF(J32<>"",1+MAX($A$18:A31),"")
A33: =IF(J33<>"",1+MAX($A$18:A32),"") | F33: Utilities
A34: =IF(J34<>"",1+MAX($A$18:A33),"") -> 12 | D34: DIV-01 | E34: General Requirements | F34: Utilities During Construction (Based On Interior Finish Area) | G34: 1 | H34: =IF(VLOOKUP(J34,'HOURLY RATES'!B$116:C$124,2,0)=0,$J$3,VLOOKUP(J34,'HOURLY RATES'!B$116:C$124,2,0)) -> 0 | I34: =(G34*(1+H34)) -> 1 | J34: LS | K34: =(0.288%*(S18)/M34)*2 -> 10.021932 | L34: =K34*I34 -> 10.021932 | M34: =IF(VLOOKUP(E34,'HOURLY RATES'!C$6:D$105,2,0)=0,$E$3,VLOOKUP(E34,'HOURLY RATES'!C$6:D$105,2,0)) -> 54 | N34: =M34*L34 -> 541.18434 | P34: =O34*I34 -> 0 | Q34: =P34+N34 -> 541.18434 | S34: =((((N34*(1+$D$7))+(P34*(1+$D$5+$D$6)))*(1+$D$8)))/I34 -> 659.16253 | T34: =S34*I34 -> 659.16253
A35: =IF(J35<>"",1+MAX($A$18:A34),"") -> 13 | D35: DIV-01 | E35: General Requirements | F35: Port-O-Potty (Based On Interior Finish Area) | G35: 1 | H35: =IF(VLOOKUP(J35,'HOURLY RATES'!B$116:C$124,2,0)=0,$J$3,VLOOKUP(J35,'HOURLY RATES'!B$116:C$124,2,0)) -> 0 | I35: =(G35*(1+H35)) -> 1 | J35: LS | L35: =K35*I35 -> 0 | M35: =IF(VLOOKUP(E35,'HOURLY RATES'!C$6:D$105,2,0)=0,$E$3,VLOOKUP(E35,'HOURLY RATES'!C$6:D$105,2,0)) -> 54 | N35: =M35*L35 -> 0 | P35: =O35*I35 -> 0 | Q35: =P35+N35 -> 0 | S35: =((((N35*(1+$D$7))+(P35*(1+$D$5+$D$6)))*(1+$D$8)))/I35 -> 0 | T35: =S35*I35 -> 0
A36: =IF(J36<>"",1+MAX($A$18:A35),"") -> 14 | D36: DIV-01 | E36: General Requirements | F36: Temporary Power (Based On Interior Finish Area) | G36: 1 | H36: =IF(VLOOKUP(J36,'HOURLY RATES'!B$116:C$124,2,0)=0,$J$3,VLOOKUP(J36,'HOURLY RATES'!B$116:C$124,2,0)) -> 0 | I36: =(G36*(1+H36)) -> 1 | J36: LS | K36: =(0.65%*(S18)/M36)*1.77 -> 20.017766 | L36: =K36*I36 -> 20.017766 | M36: =IF(VLOOKUP(E36,'HOURLY RATES'!C$6:D$105,2,0)=0,$E$3,VLOOKUP(E36,'HOURLY RATES'!C$6:D$105,2,0)) -> 54 | N36: =M36*L36 -> 1080.9593 | P36: =O36*I36 -> 0 | Q36: =P36+N36 -> 1080.9593 | S36: =((((N36*(1+$D$7))+(P36*(1+$D$5+$D$6)))*(1+$D$8)))/I36 -> 1316.6085 | T36: =S36*I36 -> 1316.6085
A37: =IF(J37<>"",1+MAX($A$18:A36),"")
A38: =IF(J38<>"",1+MAX($A$18:A37),"") | F38: Equipment And Tools
A39: =IF(J39<>"",1+MAX($A$18:A38),"") -> 15 | D39: DIV-01 | E39: General Requirements | F39: Tool Rentals | G39: 1 | H39: =IF(VLOOKUP(J39,'HOURLY RATES'!B$116:C$124,2,0)=0,$J$3,VLOOKUP(J39,'HOURLY RATES'!B$116:C$124,2,0)) -> 0 | I39: =(G39*(1+H39)) -> 1 | J39: LS | L39: =K39*I39 -> 0 | M39: =IF(VLOOKUP(E39,'HOURLY RATES'!C$6:D$105,2,0)=0,$E$3,VLOOKUP(E39,'HOURLY RATES'!C$6:D$105,2,0)) -> 54 | N39: =M39*L39 -> 0 | P39: =O39*I39 -> 0 | Q39: =P39+N39 -> 0 | S39: =((((N39*(1+$D$7))+(P39*(1+$D$5+$D$6)))*(1+$D$8)))/I39 -> 0 | T39: =S39*I39 -> 0
A40: =IF(J40<>"",1+MAX($A$18:A39),"") -> 16 | D40: DIV-01 | E40: General Requirements | F40: Tool Shed | G40: 1 | H40: =IF(VLOOKUP(J40,'HOURLY RATES'!B$116:C$124,2,0)=0,$J$3,VLOOKUP(J40,'HOURLY RATES'!B$116:C$124,2,0)) -> 0 | I40: =(G40*(1+H40)) -> 1 | J40: LS | L40: =K40*I40 -> 0 | M40: =IF(VLOOKUP(E40,'HOURLY RATES'!C$6:D$105,2,0)=0,$E$3,VLOOKUP(E40,'HOURLY RATES'!C$6:D$105,2,0)) -> 54 | N40: =M40*L40 -> 0 | P40: =O40*I40 -> 0 | Q40: =P40+N40 -> 0 | S40: =((((N40*(1+$D$7))+(P40*(1+$D$5+$D$6)))*(1+$D$8)))/I40 -> 0 | T40: =S40*I40 -> 0
A41: =IF(J41<>"",1+MAX($A$18:A40),"") -> 17 | D41: DIV-01 | E41: General Requirements | F41: Dust Control | G41: 1 | H41: =IF(VLOOKUP(J41,'HOURLY RATES'!B$116:C$124,2,0)=0,$J$3,VLOOKUP(J41,'HOURLY RATES'!B$116:C$124,2,0)) -> 0 | I41: =(G41*(1+H41)) -> 1 | J41: LS | L41: =K41*I41 -> 0 | M41: =IF(VLOOKUP(E41,'HOURLY RATES'!C$6:D$105,2,0)=0,$E$3,VLOOKUP(E41,'HOURLY RATES'!C$6:D$105,2,0)) -> 54 | N41: =M41*L41 -> 0 | P41: =O41*I41 -> 0 | Q41: =P41+N41 -> 0 | S41: =((((N41*(1+$D$7))+(P41*(1+$D$5+$D$6)))*(1+$D$8)))/I41 -> 0 | T41: =S41*I41 -> 0
A42: =IF(J42<>"",1+MAX($A$18:A41),"") -> 18 | D42: DIV-01 | E42: General Requirements | F42: Ice, Water, Beverages | G42: 1 | H42: =IF(VLOOKUP(J42,'HOURLY RATES'!B$116:C$124,2,0)=0,$J$3,VLOOKUP(J42,'HOURLY RATES'!B$116:C$124,2,0)) -> 0 | I42: =(G42*(1+H42)) -> 1 | J42: LS | L42: =K42*I42 -> 0 | M42: =IF(VLOOKUP(E42,'HOURLY RATES'!C$6:D$105,2,0)=0,$E$3,VLOOKUP(E42,'HOURLY RATES'!C$6:D$105,2,0)) -> 54 | N42: =M42*L42 -> 0 | P42: =O42*I42 -> 0 | Q42: =P42+N42 -> 0 | S42: =((((N42*(1+$D$7))+(P42*(1+$D$5+$D$6)))*(1+$D$8)))/I42 -> 0 | T42: =S42*I42 -> 0
A43: =IF(J43<>"",1+MAX($A$18:A42),"") -> 19 | D43: DIV-01 | E43: General Requirements | F43: Garbage Dumpster / Trash Containers | G43: 1 | H43: =IF(VLOOKUP(J43,'HOURLY RATES'!B$116:C$124,2,0)=0,$J$3,VLOOKUP(J43,'HOURLY RATES'!B$116:C$124,2,0)) -> 0 | I43: =(G43*(1+H43)) -> 1 | J43: LS | L43: =K43*I43 -> 0 | M43: =IF(VLOOKUP(E43,'HOURLY RATES'!C$6:D$105,2,0)=0,$E$3,VLOOKUP(E43,'HOURLY RATES'!C$6:D$105,2,0)) -> 54 | N43: =M43*L43 -> 0 | P43: =O43*I43 -> 0 | Q43: =P43+N43 -> 0 | S43: =((((N43*(1+$D$7))+(P43*(1+$D$5+$D$6)))*(1+$D$8)))/I43 -> 0 | T43: =S43*I43 -> 0
A44: =IF(J44<>"",1+MAX($A$18:A43),"") -> 20 | D44: DIV-01 | E44: General Requirements | F44: Mobilization/Demobilization (Temporary Control & Facilities) | G44: 1 | H44: =IF(VLOOKUP(J44,'HOURLY RATES'!B$116:C$124,2,0)=0,$J$3,VLOOKUP(J44,'HOURLY RATES'!B$116:C$124,2,0)) -> 0 | I44: =(G44*(1+H44)) -> 1 | J44: LS | K44: =2.2%*($S$18)/M44 -> 38.278213 | L44: =K44*I44 -> 38.278213 | M44: =IF(VLOOKUP(E44,'HOURLY RATES'!C$6:D$105,2,0)=0,$E$3,VLOOKUP(E44,'HOURLY RATES'!C$6:D$105,2,0)) -> 54 | N44: =M44*L44 -> 2067.0235 | P44: =O44*I44 -> 0 | Q44: =P44+N44 -> 2067.0235 | S44: =((((N44*(1+$D$7))+(P44*(1+$D$5+$D$6)))*(1+$D$8)))/I44 -> 2517.6346 | T44: =S44*I44 -> 2517.6346
A45: =IF(J45<>"",1+MAX($A$18:A44),"")
A46: =IF(J46<>"",1+MAX($A$18:A45),"") | F46: Signage And Promotion
A47: =IF(J47<>"",1+MAX($A$18:A46),"") -> 21 | D47: DIV-01 | E47: General Requirements | F47: Job Signs | G47: 1 | H47: =IF(VLOOKUP(J47,'HOURLY RATES'!B$116:C$124,2,0)=0,$J$3,VLOOKUP(J47,'HOURLY RATES'!B$116:C$124,2,0)) -> 0 | I47: =(G47*(1+H47)) -> 1 | J47: LS | L47: =K47*I47 -> 0 | M47: =IF(VLOOKUP(E47,'HOURLY RATES'!C$6:D$105,2,0)=0,$E$3,VLOOKUP(E47,'HOURLY RATES'!C$6:D$105,2,0)) -> 54 | N47: =M47*L47 -> 0 | P47: =O47*I47 -> 0 | Q47: =P47+N47 -> 0 | S47: =((((N47*(1+$D$7))+(P47*(1+$D$5+$D$6)))*(1+$D$8)))/I47 -> 0 | T47: =S47*I47 -> 0
A48: =IF(J48<>"",1+MAX($A$18:A47),"") -> 22 | D48: DIV-01 | E48: General Requirements | F48: Job Photos | G48: 1 | H48: =IF(VLOOKUP(J48,'HOURLY RATES'!B$116:C$124,2,0)=0,$J$3,VLOOKUP(J48,'HOURLY RATES'!B$116:C$124,2,0)) -> 0 | I48: =(G48*(1+H48)) -> 1 | J48: LS | L48: =K48*I48 -> 0 | M48: =IF(VLOOKUP(E48,'HOURLY RATES'!C$6:D$105,2,0)=0,$E$3,VLOOKUP(E48,'HOURLY RATES'!C$6:D$105,2,0)) -> 54 | N48: =M48*L48 -> 0 | P48: =O48*I48 -> 0 | Q48: =P48+N48 -> 0 | S48: =((((N48*(1+$D$7))+(P48*(1+$D$5+$D$6)))*(1+$D$8)))/I48 -> 0 | T48: =S48*I48 -> 0
A49: =IF(J49<>"",1+MAX($A$18:A48),"") -> 23 | D49: DIV-01 | E49: General Requirements | F49: Signage | G49: 1 | H49: =IF(VLOOKUP(J49,'HOURLY RATES'!B$116:C$124,2,0)=0,$J$3,VLOOKUP(J49,'HOURLY RATES'!B$116:C$124,2,0)) -> 0 | I49: =(G49*(1+H49)) -> 1 | J49: LS | L49: =K49*I49 -> 0 | M49: =IF(VLOOKUP(E49,'HOURLY RATES'!C$6:D$105,2,0)=0,$E$3,VLOOKUP(E49,'HOURLY RATES'!C$6:D$105,2,0)) -> 54 | N49: =M49*L49 -> 0 | P49: =O49*I49 -> 0 | Q49: =P49+N49 -> 0 | S49: =((((N49*(1+$D$7))+(P49*(1+$D$5+$D$6)))*(1+$D$8)))/I49 -> 0 | T49: =S49*I49 -> 0
A50: =IF(J50<>"",1+MAX($A$18:A49),"") -> 24 | D50: DIV-01 | E50: General Requirements | F50: Promotion/Entertainment | G50: 1 | H50: =IF(VLOOKUP(J50,'HOURLY RATES'!B$116:C$124,2,0)=0,$J$3,VLOOKUP(J50,'HOURLY RATES'!B$116:C$124,2,0)) -> 0 | I50: =(G50*(1+H50)) -> 1 | J50: LS | L50: =K50*I50 -> 0 | M50: =IF(VLOOKUP(E50,'HOURLY RATES'!C$6:D$105,2,0)=0,$E$3,VLOOKUP(E50,'HOURLY RATES'!C$6:D$105,2,0)) -> 54 | N50: =M50*L50 -> 0 | P50: =O50*I50 -> 0 | Q50: =P50+N50 -> 0 | S50: =((((N50*(1+$D$7))+(P50*(1+$D$5+$D$6)))*(1+$D$8)))/I50 -> 0 | T50: =S50*I50 -> 0
A51: =IF(J51<>"",1+MAX($A$18:A50),"") -> 25 | D51: DIV-01 | E51: General Requirements | F51: Misc. | G51: 1 | H51: =IF(VLOOKUP(J51,'HOURLY RATES'!B$116:C$124,2,0)=0,$J$3,VLOOKUP(J51,'HOURLY RATES'!B$116:C$124,2,0)) -> 0 | I51: =(G51*(1+H51)) -> 1 | J51: LS | L51: =K51*I51 -> 0 | M51: =IF(VLOOKUP(E51,'HOURLY RATES'!C$6:D$105,2,0)=0,$E$3,VLOOKUP(E51,'HOURLY RATES'!C$6:D$105,2,0)) -> 54 | N51: =M51*L51 -> 0 | P51: =O51*I51 -> 0 | Q51: =P51+N51 -> 0 | S51: =((((N51*(1+$D$7))+(P51*(1+$D$5+$D$6)))*(1+$D$8)))/I51 -> 0 | T51: =S51*I51 -> 0
A52: =IF(J52<>"",1+MAX($A$18:A51),"")
A53: =IF(J53<>"",1+MAX($A$18:A52),"") | F53: Cleaning And Final
A54: =IF(J54<>"",1+MAX($A$18:A53),"") -> 26 | D54: DIV-01 | E54: General Requirements | F54: Trash | G54: 1 | H54: =IF(VLOOKUP(J54,'HOURLY RATES'!B$116:C$124,2,0)=0,$J$3,VLOOKUP(J54,'HOURLY RATES'!B$116:C$124,2,0)) -> 0 | I54: =(G54*(1+H54)) -> 1 | J54: LS | L54: =K54*I54 -> 0 | M54: =IF(VLOOKUP(E54,'HOURLY RATES'!C$6:D$105,2,0)=0,$E$3,VLOOKUP(E54,'HOURLY RATES'!C$6:D$105,2,0)) -> 54 | N54: =M54*L54 -> 0 | P54: =O54*I54 -> 0 | Q54: =P54+N54 -> 0 | S54: =((((N54*(1+$D$7))+(P54*(1+$D$5+$D$6)))*(1+$D$8)))/I54 -> 0 | T54: =S54*I54 -> 0
A55: =IF(J55<>"",1+MAX($A$18:A54),"") -> 27 | D55: DIV-01 | E55: General Requirements | F55: Final Cleaning | G55: 1 | H55: =IF(VLOOKUP(J55,'HOURLY RATES'!B$116:C$124,2,0)=0,$J$3,VLOOKUP(J55,'HOURLY RATES'!B$116:C$124,2,0)) -> 0 | I55: =(G55*(1+H55)) -> 1 | J55: LS | L55: =K55*I55 -> 0 | M55: =IF(VLOOKUP(E55,'HOURLY RATES'!C$6:D$105,2,0)=0,$E$3,VLOOKUP(E55,'HOURLY RATES'!C$6:D$105,2,0)) -> 54 | N55: =M55*L55 -> 0 | P55: =O55*I55 -> 0 | Q55: =P55+N55 -> 0 | S55: =((((N55*(1+$D$7))+(P55*(1+$D$5+$D$6)))*(1+$D$8)))/I55 -> 0 | T55: =S55*I55 -> 0
A56: =IF(J56<>"",1+MAX($A$18:A55),"") -> 28 | D56: DIV-01 | E56: General Requirements | F56: Window Washing (Rough # Of Windows ) | G56: 1 | H56: =IF(VLOOKUP(J56,'HOURLY RATES'!B$116:C$124,2,0)=0,$J$3,VLOOKUP(J56,'HOURLY RATES'!B$116:C$124,2,0)) -> 0 | I56: =(G56*(1+H56)) -> 1 | J56: LS | L56: =K56*I56 -> 0 | M56: =IF(VLOOKUP(E56,'HOURLY RATES'!C$6:D$105,2,0)=0,$E$3,VLOOKUP(E56,'HOURLY RATES'!C$6:D$105,2,0)) -> 54 | N56: =M56*L56 -> 0 | P56: =O56*I56 -> 0 | Q56: =P56+N56 -> 0 | S56: =((((N56*(1+$D$7))+(P56*(1+$D$5+$D$6)))*(1+$D$8)))/I56 -> 0 | T56: =S56*I56 -> 0
A57: =IF(J57<>"",1+MAX($A$18:A56),"") -> 29 | D57: DIV-01 | E57: General Requirements | F57: Punch List Items | G57: 1 | H57: =IF(VLOOKUP(J57,'HOURLY RATES'!B$116:C$124,2,0)=0,$J$3,VLOOKUP(J57,'HOURLY RATES'!B$116:C$124,2,0)) -> 0 | I57: =(G57*(1+H57)) -> 1 | J57: LS | L57: =K57*I57 -> 0 | M57: =IF(VLOOKUP(E57,'HOURLY RATES'!C$6:D$105,2,0)=0,$E$3,VLOOKUP(E57,'HOURLY RATES'!C$6:D$105,2,0)) -> 54 | N57: =M57*L57 -> 0 | P57: =O57*I57 -> 0 | Q57: =P57+N57 -> 0 | S57: =((((N57*(1+$D$7))+(P57*(1+$D$5+$D$6)))*(1+$D$8)))/I57 -> 0 | T57: =S57*I57 -> 0
A58: =IF(J58<>"",1+MAX($A$18:A57),"")
A59: =IF(J59<>"",1+MAX($A$18:A58),"") | F59: Bonds, Insurance, Legal
A60: =IF(J60<>"",1+MAX($A$18:A59),"") -> 30 | D60: DIV-01 | E60: General Requirements | F60: Casualty Insurance | G60: 1 | H60: =IF(VLOOKUP(J60,'HOURLY RATES'!B$116:C$124,2,0)=0,$J$3,VLOOKUP(J60,'HOURLY RATES'!B$116:C$124,2,0)) -> 0 | I60: =(G60*(1+H60)) -> 1 | J60: LS | L60: =K60*I60 -> 0 | M60: =IF(VLOOKUP(E60,'HOURLY RATES'!C$6:D$105,2,0)=0,$E$3,VLOOKUP(E60,'HOURLY RATES'!C$6:D$105,2,0)) -> 54 | N60: =M60*L60 -> 0 | P60: =O60*I60 -> 0 | Q60: =P60+N60 -> 0 | S60: =((((N60*(1+$D$7))+(P60*(1+$D$5+$D$6)))*(1+$D$8)))/I60 -> 0 | T60: =S60*I60 -> 0
A61: =IF(J61<>"",1+MAX($A$18:A60),"") -> 31 | D61: DIV-01 | E61: General Requirements | F61: Medical Insurance | G61: 1 | H61: =IF(VLOOKUP(J61,'HOURLY RATES'!B$116:C$124,2,0)=0,$J$3,VLOOKUP(J61,'HOURLY RATES'!B$116:C$124,2,0)) -> 0 | I61: =(G61*(1+H61)) -> 1 | J61: LS | L61: =K61*I61 -> 0 | M61: =IF(VLOOKUP(E61,'HOURLY RATES'!C$6:D$105,2,0)=0,$E$3,VLOOKUP(E61,'HOURLY RATES'!C$6:D$105,2,0)) -> 54 | N61: =M61*L61 -> 0 | P61: =O61*I61 -> 0 | Q61: =P61+N61 -> 0 | S61: =((((N61*(1+$D$7))+(P61*(1+$D$5+$D$6)))*(1+$D$8)))/I61 -> 0 | T61: =S61*I61 -> 0
A62: =IF(J62<>"",1+MAX($A$18:A61),"") -> 32 | D62: DIV-01 | E62: General Requirements | F62: General Liability Insurance | G62: 1 | H62: =IF(VLOOKUP(J62,'HOURLY RATES'!B$116:C$124,2,0)=0,$J$3,VLOOKUP(J62,'HOURLY RATES'!B$116:C$124,2,0)) -> 0 | I62: =(G62*(1+H62)) -> 1 | J62: LS | L62: =K62*I62 -> 0 | M62: =IF(VLOOKUP(E62,'HOURLY RATES'!C$6:D$105,2,0)=0,$E$3,VLOOKUP(E62,'HOURLY RATES'!C$6:D$105,2,0)) -> 54 | N62: =M62*L62 -> 0 | P62: =O62*I62 -> 0 | Q62: =P62+N62 -> 0 | S62: =((((N62*(1+$D$7))+(P62*(1+$D$5+$D$6)))*(1+$D$8)))/I62 -> 0 | T62: =S62*I62 -> 0
A63: =IF(J63<>"",1+MAX($A$18:A62),"")
A64: =IF(J64<>"",1+MAX($A$18:A63),"") | F64: Project Management & Supervision
A65: =IF(J65<>"",1+MAX($A$18:A64),"") -> 33 | D65: DIV-01 | E65: General Requirements | F65: Project Management & Supervision | G65: 1 | H65: =IF(VLOOKUP(J65,'HOURLY RATES'!B$116:C$124,2,0)=0,$J$3,VLOOKUP(J65,'HOURLY RATES'!B$116:C$124,2,0)) -> 0 | I65: =(G65*(1+H65)) -> 1 | J65: LS | K65: =2.6%*($S$18)/M65 -> 45.237889 | L65: =K65*I65 -> 45.237889 | M65: =IF(VLOOKUP(E65,'HOURLY RATES'!C$6:D$105,2,0)=0,$E$3,VLOOKUP(E65,'HOURLY RATES'!C$6:D$105,2,0)) -> 54 | N65: =M65*L65 -> 2442.846 | P65: =O65*I65 -> 0 | Q65: =P65+N65 -> 2442.846 | S65: =((((N65*(1+$D$7))+(P65*(1+$D$5+$D$6)))*(1+$D$8)))/I65 -> 2975.3864 | T65: =S65*I65 -> 2975.3864
A66: =IF(J66<>"",1+MAX($A$18:A65),"")
A67: =IF(J67<>"",1+MAX($A$18:A66),"") | D67: DIV-09 | F67: Finishes | R67: =SUM(Q68:Q105) -> 93955.615
A68: =IF(J68<>"",1+MAX($A$18:A67),"")
A69: =IF(J69<>"",1+MAX($A$18:A68),"") | F69: Common Areas
A70: =IF(J70<>"",1+MAX($A$18:A69),"") | F70: Painting
A71: =IF(J71<>"",1+MAX($A$18:A70),"") | F71: Ceiling Paint
A72: =IF(J72<>"",1+MAX($A$18:A71),"") -> 34 | D72: DIV-09 | E72: Interior Painter | F72: Paint On Exosed Ceiling, Manufacturer: Sherwin Williams | G72: 3349 | H72: =IF(VLOOKUP(J72,'HOURLY RATES'!B$116:C$124,2,0)=0,$J$3,VLOOKUP(J72,'HOURLY RATES'!B$116:C$124,2,0)) -> 0.05 | I72: =(G72*(1+H72)) -> 3516.45 | J72: SF | K72: 0.022 | L72: =K72*I72 -> 77.3619 | M72: =IF(VLOOKUP(E72,'HOURLY RATES'!C$6:D$105,2,0)=0,$E$3,VLOOKUP(E72,'HOURLY RATES'!C$6:D$105,2,0)) -> 54 | N72: =M72*L72 -> 4177.5426 | O72: 0.4 | P72: =O72*I72 -> 1406.58 | Q72: =P72+N72 -> 5584.1226 | S72: =((((N72*(1+$D$7))+(P72*(1+$D$5+$D$6)))*(1+$D$8)))/I72 -> 1.9624903 | T72: =S72*I72 -> 6900.9991
A73: =IF(J73<>"",1+MAX($A$18:A71),"")
A74: =IF(J74<>"",1+MAX($A$18:A73),"") | F74: Wall Paint
A75: =IF(J75<>"",1+MAX($A$18:A74),"") -> 35 | D75: DIV-09 | E75: Interior Painter | F75: Pt-1, Paint On Walls, Manufacturer: Benjamin Moore, Model: Seapearl (961), Color: Eggshell | G75: 6041 | H75: =IF(VLOOKUP(J75,'HOURLY RATES'!B$116:C$124,2,0)=0,$J$3,VLOOKUP(J75,'HOURLY RATES'!B$116:C$124,2,0)) -> 0.05 | I75: =(G75*(1+H75)) -> 6343.05 | J75: SF | K75: 0.02 | L75: =K75*I75 -> 126.861 | M75: =IF(VLOOKUP(E75,'HOURLY RATES'!C$6:D$105,2,0)=0,$E$3,VLOOKUP(E75,'HOURLY RATES'!C$6:D$105,2,0)) -> 54 | N75: =M75*L75 -> 6850.494 | O75: 0.4 | P75: =O75*I75 -> 2537.22 | Q75: =P75+N75 -> 9387.714 | S75: =((((N75*(1+$D$7))+(P75*(1+$D$5+$D$6)))*(1+$D$8)))/I75 -> 1.8309463 | T75: =S75*I75 -> 11613.784
A77: =IF(J77<>"",1+MAX($A$18:A75),"") | F77: Miscellaneous
A78: =IF(J78<>"",1+MAX($A$18:A77),"") -> 36 | D78: DIV-09 | E78: Interior Painter | F78: Paint On 36" H Handrail (1 - Coat Primer + 2 - Coat Paint) | G78: 29.42 | H78: =IF(VLOOKUP(J78,'HOURLY RATES'!B$116:C$124,2,0)=0,$J$3,VLOOKUP(J78,'HOURLY RATES'!B$116:C$124,2,0)) -> 0.05 | I78: =(G78*(1+H78)) -> 30.891 | J78: LF | K78: 0.044 | L78: =K78*I78 -> 1.359204 | M78: =IF(VLOOKUP(E78,'HOURLY RATES'!C$6:D$105,2,0)=0,$E$3,VLOOKUP(E78,'HOURLY RATES'!C$6:D$105,2,0)) -> 54 | N78: =M78*L78 -> 73.397016 | O78: 1.5 | P78: =O78*I78 -> 46.3365 | Q78: =P78+N78 -> 119.73352 | S78: =((((N78*(1+$D$7))+(P78*(1+$D$5+$D$6)))*(1+$D$8)))/I78 -> 4.8271167 | T78: =S78*I78 -> 149.11446
A80: =IF(J80<>"",1+MAX($A$18:A77),"") | F80: Opening Paint
A81: =IF(J81<>"",1+MAX($A$18:A80),"") -> 37 | D81: DIV-09 | E81: Interior Painter | F81: Paint On Door, Manufacturer: Sherwin Williams, Model: SW 7004 Snowbond, Finish: Semi-Gloss | G81: 7 | H81: =IF(VLOOKUP(J81,'HOURLY RATES'!B$116:C$124,2,0)=0,$J$3,VLOOKUP(J81,'HOURLY RATES'!B$116:C$124,2,0)) -> 0 | I81: =(G81*(1+H81)) -> 7 | J81: EA | K81: 1.23 | L81: =K81*I81 -> 8.61 | M81: =IF(VLOOKUP(E81,'HOURLY RATES'!C$6:D$105,2,0)=0,$E$3,VLOOKUP(E81,'HOURLY RATES'!C$6:D$105,2,0)) -> 54 | N81: =M81*L81 -> 464.94 | O81: 28 | P81: =O81*I81 -> 196 | Q81: =P81+N81 -> 660.94 | S81: =((((N81*(1+$D$7))+(P81*(1+$D$5+$D$6)))*(1+$D$8)))/I81 -> 116.985 | T81: =S81*I81 -> 818.89502
A82: =IF(J82<>"",1+MAX($A$18:A81),"") -> 38 | D82: DIV-09 | E82: Interior Painter | F82: Paint On Door Frame, Manufacturer: Sherwin Williams, Model: SW 7004 Snowbond, Finish: Semi-Gloss | G82: =G83/2 -> 166.5 | H82: =IF(VLOOKUP(J82,'HOURLY RATES'!B$116:C$124,2,0)=0,$J$3,VLOOKUP(J82,'HOURLY RATES'!B$116:C$124,2,0)) -> 0.05 | I82: =(G82*(1+H82)) -> 174.825 | J82: LF | K82: 0.018 | L82: =K82*I82 -> 3.14685 | M82: =IF(VLOOKUP(E82,'HOURLY RATES'!C$6:D$105,2,0)=0,$E$3,VLOOKUP(E82,'HOURLY RATES'!C$6:D$105,2,0)) -> 54 | N82: =M82*L82 -> 169.9299 | O82: 0.8 | P82: =O82*I82 -> 139.86 | Q82: =P82+N82 -> 309.7899 | S82: =((((N82*(1+$D$7))+(P82*(1+$D$5+$D$6)))*(1+$D$8)))/I82 -> 2.2149086 | T82: =S82*I82 -> 387.2214
A83: =IF(J83<>"",1+MAX($A$18:A82),"") -> 39 | D83: DIV-09 | E83: Interior Painter | F83: Paint On Door Trim, Manufacturer: Sherwin Williams, Model: SW 7004 Snowbond, Finish: Semi-Gloss | G83: 333 | H83: =IF(VLOOKUP(J83,'HOURLY RATES'!B$116:C$124,2,0)=0,$J$3,VLOOKUP(J83,'HOURLY RATES'!B$116:C$124,2,0)) -> 0.05 | I83: =(G83*(1+H83)) -> 349.65 | J83: LF | K83: 0.018 | L83: =K83*I83 -> 6.2937 | M83: =IF(VLOOKUP(E83,'HOURLY RATES'!C$6:D$105,2,0)=0,$E$3,VLOOKUP(E83,'HOURLY RATES'!C$6:D$105,2,0)) -> 54 | N83: =M83*L83 -> 339.8598 | O83: 0.8 | P83: =O83*I83 -> 279.72 | Q83: =P83+N83 -> 619.5798 | S83: =((((N83*(1+$D$7))+(P83*(1+$D$5+$D$6)))*(1+$D$8)))/I83 -> 2.2149086 | T83: =S83*I83 -> 774.44281
A85: =IF(J85<>"",1+MAX($A$18:A84),"") | F85: Exterior Paint
A86: =IF(J86<>"",1+MAX($A$18:A84),"") -> 40 | D86: DIV-09 | E86: Exterior Painter | F86: Pt-1 Paint @ Fiber Cement Lap Siding Manufacture: Sherwin Williams Finish: Tbd | G86: 3315 | H86: 0.05 | I86: =(G86*(1+H86)) -> 3480.75 | J86: SF | K86: 0.02 | L86: =K86*I86 -> 69.615 | M86: =IF(VLOOKUP(E86,'HOURLY RATES'!C$6:D$105,2,0)=0,$E$3,VLOOKUP(E86,'HOURLY RATES'!C$6:D$105,2,0)) -> 54 | N86: =M86*L86 -> 3759.21 | O86: 0.8 | P86: =O86*I86 -> 2784.6 | Q86: =P86+N86 -> 6543.81 | S86: =((((N86*(1+$D$7))+(P86*(1+$D$5+$D$6)))*(1+$D$8)))/I86 -> 2.3464526 | T86: =S86*I86 -> 8167.415
A87: =IF(J87<>"",1+MAX($A$18:A86),"") -> 41 | D87: DIV-09 | E87: Exterior Painter | F87: Pt-2 Paint @ Fiber Cement Panel Manufacture: Sherwin Williams Finish: Tbd | G87: 785 | H87: 0.05 | I87: =(G87*(1+H87)) -> 824.25 | J87: SF | K87: 0.02 | L87: =K87*I87 -> 16.485 | M87: =IF(VLOOKUP(E87,'HOURLY RATES'!C$6:D$105,2,0)=0,$E$3,VLOOKUP(E87,'HOURLY RATES'!C$6:D$105,2,0)) -> 54 | N87: =M87*L87 -> 890.19 | O87: 0.8 | P87: =O87*I87 -> 659.4 | Q87: =P87+N87 -> 1549.59 | S87: =((((N87*(1+$D$7))+(P87*(1+$D$5+$D$6)))*(1+$D$8)))/I87 -> 2.3464526 | T87: =S87*I87 -> 1934.0636
A88: =IF(J88<>"",1+MAX($A$18:A86),"") -> 41 | D88: DIV-09 | E88: Exterior Painter | F88: Pt-1 Paint @ Fiber Cement Trim Manufacture: Sherwin Williams Finish: Tbd | G88: 700 | H88: 0.05 | I88: =(G88*(1+H88)) -> 735 | J88: LF | K88: 0.018 | L88: =K88*I88 -> 13.23 | M88: =IF(VLOOKUP(E88,'HOURLY RATES'!C$6:D$105,2,0)=0,$E$3,VLOOKUP(E88,'HOURLY RATES'!C$6:D$105,2,0)) -> 54 | N88: =M88*L88 -> 714.42 | O88: 0.8 | P88: =O88*I88 -> 588 | Q88: =P88+N88 -> 1302.42 | S88: =((((N88*(1+$D$7))+(P88*(1+$D$5+$D$6)))*(1+$D$8)))/I88 -> 2.2149086 | T88: =S88*I88 -> 1627.9579
A89: =IF(J89<>"",1+MAX($A$18:A86),"") -> 41 | D89: DIV-09 | E89: Exterior Painter | F89: Pt-2 Paint @ Fiber Cement Trim Manufacture: Sherwin Williams Finish: Tbd | G89: 258 | H89: 0.05 | I89: =(G89*(1+H89)) -> 270.9 | J89: LF | K89: 0.018 | L89: =K89*I89 -> 4.8762 | M89: =IF(VLOOKUP(E89,'HOURLY RATES'!C$6:D$105,2,0)=0,$E$3,VLOOKUP(E89,'HOURLY RATES'!C$6:D$105,2,0)) -> 54 | N89: =M89*L89 -> 263.3148 | O89: 0.8 | P89: =O89*I89 -> 216.72 | Q89: =P89+N89 -> 480.0348 | S89: =((((N89*(1+$D$7))+(P89*(1+$D$5+$D$6)))*(1+$D$8)))/I89 -> 2.2149086 | T89: =S89*I89 -> 600.01875
A90: =IF(J90<>"",1+MAX($A$18:A89),"")
A91: =IF(J91<>"",1+MAX($A$18:A90),"") | F91: Units
A92: =IF(J92<>"",1+MAX($A$18:A91),"") -> 42 | F92: Unit B4 | G92: 8 | J92: EA
A93: =IF(J93<>"",1+MAX($A$18:A92),"") | F93: Ceiling Paint
A94: =IF(J94<>"",1+MAX($A$18:A93),"") -> 43 | D94: DIV-09 | E94: Interior Painter | F94: UPT-3, Paint On Ceiing, Manufacturer: Sherwin Williams, Model: SW 7004 Snowbond, Finish: Flat | G94: =1225*8 -> 9800 | H94: =IF(VLOOKUP(J94,'HOURLY RATES'!B$116:C$124,2,0)=0,$J$3,VLOOKUP(J94,'HOURLY RATES'!B$116:C$124,2,0)) -> 0.05 | I94: =(G94*(1+H94)) -> 10290 | J94: SF | K94: 0.022 | L94: =K94*I94 -> 226.38 | M94: =IF(VLOOKUP(E94,'HOURLY RATES'!C$6:D$105,2,0)=0,$E$3,VLOOKUP(E94,'HOURLY RATES'!C$6:D$105,2,0)) -> 54 | N94: =M94*L94 -> 12224.52 | O94: 0.4 | P94: =O94*I94 -> 4116 | Q94: =P94+N94 -> 16340.52 | S94: =((((N94*(1+$D$7))+(P94*(1+$D$5+$D$6)))*(1+$D$8)))/I94 -> 1.9624903 | T94: =S94*I94 -> 20194.025
A96: =IF(J96<>"",1+MAX($A$18:A94),"") | F96: Base Paint
A97: =IF(J97<>"",1+MAX($A$18:A96),"") -> 44 | D97: DIV-09 | E97: Interior Painter | F97: WDB, Paint On Wood Base, Manufacturer: Sherwin Williams, Model: SW 7004 Snowbond, Finish: Flat | G97: =320*8 -> 2560 | H97: =IF(VLOOKUP(J97,'HOURLY RATES'!B$116:C$124,2,0)=0,$J$3,VLOOKUP(J97,'HOURLY RATES'!B$116:C$124,2,0)) -> 0.05 | I97: =(G97*(1+H97)) -> 2688 | J97: LF | K97: 0.018 | L97: =K97*I97 -> 48.384 | M97: =IF(VLOOKUP(E97,'HOURLY RATES'!C$6:D$105,2,0)=0,$E$3,VLOOKUP(E97,'HOURLY RATES'!C$6:D$105,2,0)) -> 54 | N97: =M97*L97 -> 2612.736 | O97: 0.8 | P97: =O97*I97 -> 2150.4 | Q97: =P97+N97 -> 4763.136 | S97: =((((N97*(1+$D$7))+(P97*(1+$D$5+$D$6)))*(1+$D$8)))/I97 -> 2.2149086 | T97: =S97*I97 -> 5953.6744
A99: =IF(J99<>"",1+MAX($A$18:A97),"") | F99: Wall Paint
A100: =IF(J100<>"",1+MAX($A$18:A98),"") -> 45 | D100: DIV-09 | E100: Interior Painter | F100: UPT-1, Paint On Walls, Manufacturer: Sherwin Williams, Model: SW 7004 Snowbond, Finish: Eggshell | G100: =2528*8 -> 20224 | H100: =IF(VLOOKUP(J100,'HOURLY RATES'!B$116:C$124,2,0)=0,$J$3,VLOOKUP(J100,'HOURLY RATES'!B$116:C$124,2,0)) -> 0.05 | I100: =(G100*(1+H100)) -> 21235.2 | J100: SF | K100: 0.02 | L100: =K100*I100 -> 424.704 | M100: =IF(VLOOKUP(E100,'HOURLY RATES'!C$6:D$105,2,0)=0,$E$3,VLOOKUP(E100,'HOURLY RATES'!C$6:D$105,2,0)) -> 54 | N100: =M100*L100 -> 22934.016 | O100: 0.4 | P100: =O100*I100 -> 8494.08 | Q100: =P100+N100 -> 31428.096 | S100: =((((N100*(1+$D$7))+(P100*(1+$D$5+$D$6)))*(1+$D$8)))/I100 -> 1.8309463 | T100: =S100*I100 -> 38880.511
A101: =IF(J101<>"",1+MAX($A$18:A99),"") -> 45 | D101: DIV-09 | E101: Interior Painter | F101: UPT-2, Paint On Walls, Manufacturer: Sherwin Williams, Model: SW 7004 Snowbond, Finish: SEMI-Gloss | G101: =453*8 -> 3624 | H101: =IF(VLOOKUP(J101,'HOURLY RATES'!B$116:C$124,2,0)=0,$J$3,VLOOKUP(J101,'HOURLY RATES'!B$116:C$124,2,0)) -> 0.05 | I101: =(G101*(1+H101)) -> 3805.2 | J101: SF | K101: 0.02 | L101: =K101*I101 -> 76.104 | M101: =IF(VLOOKUP(E101,'HOURLY RATES'!C$6:D$105,2,0)=0,$E$3,VLOOKUP(E101,'HOURLY RATES'!C$6:D$105,2,0)) -> 54 | N101: =M101*L101 -> 4109.616 | O101: 0.4 | P101: =O101*I101 -> 1522.08 | Q101: =P101+N101 -> 5631.696 | S101: =((((N101*(1+$D$7))+(P101*(1+$D$5+$D$6)))*(1+$D$8)))/I101 -> 1.8309463 | T101: =S101*I101 -> 6967.1169
A103: =IF(J103<>"",1+MAX($A$18:A101),"") | F103: Opening Paint
A104: =IF(J104<>"",1+MAX($A$18:A103),"") -> 46 | D104: DIV-09 | E104: Interior Painter | F104: D-600U, Paint On Door, Manufacturer: Sherwin Williams, Model: Promar 200 Zero Voc Latex Paint B30-2600, Color: Series/Finish Sw 7035 Aesthetic White / Semi Gloss | G104: =12*8 -> 96 | H104: =IF(VLOOKUP(J104,'HOURLY RATES'!B$116:C$124,2,0)=0,$J$3,VLOOKUP(J104,'HOURLY RATES'!B$116:C$124,2,0)) -> 0 | I104: =(G104*(1+H104)) -> 96 | J104: EA | K104: 1.23 | L104: =K104*I104 -> 118.08 | M104: =IF(VLOOKUP(E104,'HOURLY RATES'!C$6:D$105,2,0)=0,$E$3,VLOOKUP(E104,'HOURLY RATES'!C$6:D$105,2,0)) -> 54 | N104: =M104*L104 -> 6376.32 | O104: 28 | P104: =O104*I104 -> 2688 | Q104: =P104+N104 -> 9064.32 | S104: =((((N104*(1+$D$7))+(P104*(1+$D$5+$D$6)))*(1+$D$8)))/I104 -> 116.985 | T104: =S104*I104 -> 11230.56
A105: =IF(J105<>"",1+MAX($A$18:A104),"") -> 47 | D105: DIV-09 | E105: Interior Painter | F105: D-600U, Paint On Door Frame, Manufacturer: Sherwin Williams, Model: Promar 200 Zero Voc Latex Paint B30-2600, Color: Series/Finish Sw 7035 Aesthetic White / Semi Gloss | G105: =12*8 -> 96 | H105: =IF(VLOOKUP(J105,'HOURLY RATES'!B$116:C$124,2,0)=0,$J$3,VLOOKUP(J105,'HOURLY RATES'!B$116:C$124,2,0)) -> 0 | I105: =(G105*(1+H105)) -> 96 | J105: EA | K105: 0.018 | L105: =K105*I105 -> 1.728 | M105: =IF(VLOOKUP(E105,'HOURLY RATES'!C$6:D$105,2,0)=0,$E$3,VLOOKUP(E105,'HOURLY RATES'!C$6:D$105,2,0)) -> 54 | N105: =M105*L105 -> 93.312 | O105: 0.8 | P105: =O105*I105 -> 76.8 | Q105: =P105+N105 -> 170.112 | S105: =((((N105*(1+$D$7))+(P105*(1+$D$5+$D$6)))*(1+$D$8)))/I105 -> 2.2149086 | T105: =S105*I105 -> 212.63123
A106: =IF(J106<>"",1+MAX($A$18:A105),"")
A107: SUB TOTAL | K107: Total Lab. Hours = | L107: =SUM(L18:L106) -> 1354.1738 | M107: Total Lab. Cost = | N107: =SUM(N18:N106) -> 73125.387 | O107: Total Mat. Cost = | P107: =SUM(P18:P106) -> 27901.797 | Q107: =SUM(Q18:Q106) -> 101027.18 | R107: =SUM(R18:R106) -> 101027.18 | T107: =SUM(T18:T106) -> 125025.6
A108: MATERIAL TAX | M108: =D5 -> 0.06972 | P108: =P107*M108 -> 1945.3133 | Q108: =P108+N108 -> 1945.3133 | R108: =Q108 -> 1945.3133
...

Sheet BUILDING 6
A1: ITEM # | B1: REF. SHEET | C1: DETAIL | D1: CSI SECT | E1: Sub Contractor | F1: DESCRIPTION | G1: QTY. | H1: WASTAGE | I1: QTY WITH WASTAGE | J1: UNIT | K1: UNIT LABOR HOURS | L1: TOTAL LABOR HOURS | M1: PER HOUR LABOR RATE | N1: TOTAL LABOR COST | O1: UNIT MATERIAL COST | P1: TOTAL MATERIAL COST | Q1: ITEM COST | R1: TRADE COST | S1: UNIT ITEM COST WITH MARKUPS | T1: TOTAL ITEM COST WITH MARKUPS
A2: Estimate of Materials Quantities and Cost of Construction
B3: CLICK HERE TO GO BACK TO COST SUMMARY
D4: Sub-Total | E4: =Q107 -> 101027.18 | J4: Date: | K4: 46076
C5: Material Sales Tax | D5: 0.06972 | E5: =P107*D5 -> 1945.3133 | F5: (Adjust the percentage for Material tax as required) | J5: Project: | K5: Cline Mission Propities
C6: Overhead & Profit / Inflation (Material) | D6: 0.2 | E6: =P107*D6 -> 5580.3593 | F6: (Adjust the percentage for Overhead & Profit as required) | J6: Project Location: | K6: Stumptown Rd, Huntersville
C7: Overhead & Profit (Labor) | D7: 0.2 | E7: =N107*D7 -> 14625.077 | F7: (Adjust the percentage for Overhead & Profit as required) | J7: Project and Wage Type: | K7: Private (Non-Prevailing wage)
C8: Bond Fee | D8: 0.015 | E8: =(E4+E5+E6+E7)*D8 -> 1847.669 | F8: (Adjust the percentage for Bond Fee as required) | K8: BUILDING 6
D9: Total Bid | E9: =E4+E5+E6+E7+E8 -> 125025.6 | J9: Gross Internal Area of Structure (SF) | K9: 5281
J10: Covered Area of Structure (SF) | K10: 5281
C11: Material Wastage 1 | D11: 0 | E11: ( for Quantities in Each & LS) | J11: No. of Units | K11: 8
C12: Material Wastage 2 | D12: 0.05 | E12: ( for Quantities in LF, SF, SY, CY, LBS, TONS) | J12: No. of Floors and Overall Height | K12: 2 (25'-4")
B13: (Changing the wastage percentage here will update the wastage for whole tab) | J13: Hardscaping Area (SF) | K13: 0
J14: Soft scaping Area (SF) | K14: 0
B15: To change hourly rates for any trade please go to "Hourly Rates" Tab
A17: ITEM # | B17: REF. SHEET | C17: DETAIL | D17: CSI SECT | E17: Sub Contractor | F17: DESCRIPTION | G17: QTY. | H17: WASTAGE | I17: QTY WITH WASTAGE | J17: UNIT | K17: UNIT LABOR HOURS | L17: TOTAL LABOR HOURS | M17: PER HOUR LABOR RATE | N17: TOTAL LABOR COST | O17: UNIT MATERIAL COST | P17: TOTAL MATERIAL COST | Q17: ITEM COST | R17: TRADE COST | S17: UNIT COST WITH MARKUPS | T17: TOTAL COST WITH MARKUPS
D18: DIV-01 | F18: General | R18: =SUM(Q19:Q65) -> 7071.5693 | S18: =U18 -> 93955.615 | U18: =SUM(Q67:Q106) -> 93955.615
F20: Plan Design And Permitting
A21: =IF(J21<>"",1+MAX($A$18:A20),"") -> 1 | D21: DIV-01 | E21: General Requirements | F21: Architecture (Assumed By Owner) | G21: 1 | H21: =IF(VLOOKUP(J21,'HOURLY RATES'!B$116:C$124,2,0)=0,$J$3,VLOOKUP(J21,'HOURLY RATES'!B$116:C$124,2,0)) -> 0 | I21: =(G21*(1+H21)) -> 1 | J21: LS | L21: =K21*I21 -> 0 | M21: =IF(VLOOKUP(E21,'HOURLY RATES'!C$6:D$105,2,0)=0,$E$3,VLOOKUP(E21,'HOURLY RATES'!C$6:D$105,2,0)) -> 54 | N21: =M21*L21 -> 0 | P21: =O21*I21 -> 0 | Q21: =P21+N21 -> 0 | S21: =((((N21*(1+$D$7))+(P21*(1+$D$5+$D$6)))*(1+$D$8)))/I21 -> 0 | T21: =S21*I21 -> 0
A22: =IF(J22<>"",1+MAX($A$18:A21),"") -> 2 | D22: DIV-01 | E22: General Requirements | F22: Engineering (Assumed By Owner) | G22: 1 | H22: =IF(VLOOKUP(J22,'HOURLY RATES'!B$116:C$124,2,0)=0,$J$3,VLOOKUP(J22,'HOURLY RATES'!B$116:C$124,2,0)) -> 0 | I22: =(G22*(1+H22)) -> 1 | J22: LS | L22: =K22*I22 -> 0 | M22: =IF(VLOOKUP(E22,'HOURLY RATES'!C$6:D$105,2,0)=0,$E$3,VLOOKUP(E22,'HOURLY RATES'!C$6:D$105,2,0)) -> 54 | N22: =M22*L22 -> 0 | P22: =O22*I22 -> 0 | Q22: =P22+N22 -> 0 | S22: =((((N22*(1+$D$7))+(P22*(1+$D$5+$D$6)))*(1+$D$8)))/I22 -> 0 | T22: =S22*I22 -> 0
A23: =IF(J23<>"",1+MAX($A$18:A22),"") -> 3 | D23: DIV-01 | E23: General Requirements | F23: Surveying | G23: 1 | H23: =IF(VLOOKUP(J23,'HOURLY RATES'!B$116:C$124,2,0)=0,$J$3,VLOOKUP(J23,'HOURLY RATES'!B$116:C$124,2,0)) -> 0 | I23: =(G23*(1+H23)) -> 1 | J23: LS | L23: =K23*I23 -> 0 | M23: =IF(VLOOKUP(E23,'HOURLY RATES'!C$6:D$105,2,0)=0,$E$3,VLOOKUP(E23,'HOURLY RATES'!C$6:D$105,2,0)) -> 54 | N23: =M23*L23 -> 0 | P23: =O23*I23 -> 0 | Q23: =P23+N23 -> 0 | S23: =((((N23*(1+$D$7))+(P23*(1+$D$5+$D$6)))*(1+$D$8)))/I23 -> 0 | T23: =S23*I23 -> 0
A24: =IF(J24<>"",1+MAX($A$18:A23),"") -> 4 | D24: DIV-01 | E24: General Requirements | F24: Soils Report (Assumed By Owner) | G24: 1 | H24: =IF(VLOOKUP(J24,'HOURLY RATES'!B$116:C$124,2,0)=0,$J$3,VLOOKUP(J24,'HOURLY RATES'!B$116:C$124,2,0)) -> 0 | I24: =(G24*(1+H24)) -> 1 | J24: LS | L24: =K24*I24 -> 0 | M24: =IF(VLOOKUP(E24,'HOURLY RATES'!C$6:D$105,2,0)=0,$E$3,VLOOKUP(E24,'HOURLY RATES'!C$6:D$105,2,0)) -> 54 | N24: =M24*L24 -> 0 | P24: =O24*I24 -> 0 | Q24: =P24+N24 -> 0 | S24: =((((N24*(1+$D$7))+(P24*(1+$D$5+$D$6)))*(1+$D$8)))/I24 -> 0 | T24: =S24*I24 -> 0
A25: =IF(J25<>"",1+MAX($A$18:A24),"") -> 5 | D25: DIV-01 | E25: General Requirements | F25: Geological Report (Assumed By Owner) | G25: 1 | H25: =IF(VLOOKUP(J25,'HOURLY RATES'!B$116:C$124,2,0)=0,$J$3,VLOOKUP(J25,'HOURLY RATES'!B$116:C$124,2,0)) -> 0 | I25: =(G25*(1+H25)) -> 1 | J25: LS | L25: =K25*I25 -> 0 | M25: =IF(VLOOKUP(E25,'HOURLY RATES'!C$6:D$105,2,0)=0,$E$3,VLOOKUP(E25,'HOURLY RATES'!C$6:D$105,2,0)) -> 54 | N25: =M25*L25 -> 0 | P25: =O25*I25 -> 0 | Q25: =P25+N25 -> 0 | S25: =((((N25*(1+$D$7))+(P25*(1+$D$5+$D$6)))*(1+$D$8)))/I25 -> 0 | T25: =S25*I25 -> 0
A26: =IF(J26<>"",1+MAX($A$18:A25),"") -> 6 | D26: DIV-01 | E26: General Requirements | F26: Concrete Testing | G26: 1 | H26: =IF(VLOOKUP(J26,'HOURLY RATES'!B$116:C$124,2,0)=0,$J$3,VLOOKUP(J26,'HOURLY RATES'!B$116:C$124,2,0)) -> 0 | I26: =(G26*(1+H26)) -> 1 | J26: LS | L26: =K26*I26 -> 0 | M26: =IF(VLOOKUP(E26,'HOURLY RATES'!C$6:D$105,2,0)=0,$E$3,VLOOKUP(E26,'HOURLY RATES'!C$6:D$105,2,0)) -> 54 | N26: =M26*L26 -> 0 | P26: =O26*I26 -> 0 | Q26: =P26+N26 -> 0 | S26: =((((N26*(1+$D$7))+(P26*(1+$D$5+$D$6)))*(1+$D$8)))/I26 -> 0 | T26: =S26*I26 -> 0
A27: =IF(J27<>"",1+MAX($A$18:A26),"") -> 7 | D27: DIV-01 | E27: General Requirements | F27: Permit Fee | G27: 1 | H27: =IF(VLOOKUP(J27,'HOURLY RATES'!B$116:C$124,2,0)=0,$J$3,VLOOKUP(J27,'HOURLY RATES'!B$116:C$124,2,0)) -> 0 | I27: =(G27*(1+H27)) -> 1 | J27: LS | K27: =1%*($S$18)/M27 -> 17.399188 | L27: =K27*I27 -> 17.399188 | M27: =IF(VLOOKUP(E27,'HOURLY RATES'!C$6:D$105,2,0)=0,$E$3,VLOOKUP(E27,'HOURLY RATES'!C$6:D$105,2,0)) -> 54 | N27: =M27*L27 -> 939.55615 | P27: =O27*I27 -> 0 | Q27: =P27+N27 -> 939.55615 | S27: =((((N27*(1+$D$7))+(P27*(1+$D$5+$D$6)))*(1+$D$8)))/I27 -> 1144.3794 | T27: =S27*I27 -> 1144.3794
A28: =IF(J28<>"",1+MAX($A$18:A27),"") -> 8 | D28: DIV-01 | E28: General Requirements | F28: Permits (Based On Interior Finish Area) | G28: 1 | H28: =IF(VLOOKUP(J28,'HOURLY RATES'!B$116:C$124,2,0)=0,$J$3,VLOOKUP(J28,'HOURLY RATES'!B$116:C$124,2,0)) -> 0 | I28: =(G28*(1+H28)) -> 1 | J28: LS | L28: =K28*I28 -> 0 | M28: =IF(VLOOKUP(E28,'HOURLY RATES'!C$6:D$105,2,0)=0,$E$3,VLOOKUP(E28,'HOURLY RATES'!C$6:D$105,2,0)) -> 54 | N28: =M28*L28 -> 0 | P28: =O28*I28 -> 0 | Q28: =P28+N28 -> 0 | S28: =((((N28*(1+$D$7))+(P28*(1+$D$5+$D$6)))*(1+$D$8)))/I28 -> 0 | T28: =S28*I28 -> 0
A29: =IF(J29<>"",1+MAX($A$18:A28),"") -> 9 | D29: DIV-01 | E29: General Requirements | F29: Plan Coordination | G29: 1 | H29: =IF(VLOOKUP(J29,'HOURLY RATES'!B$116:C$124,2,0)=0,$J$3,VLOOKUP(J29,'HOURLY RATES'!B$116:C$124,2,0)) -> 0 | I29: =(G29*(1+H29)) -> 1 | J29: LS | L29: =K29*I29 -> 0 | M29: =IF(VLOOKUP(E29,'HOURLY RATES'!C$6:D$105,2,0)=0,$E$3,VLOOKUP(E29,'HOURLY RATES'!C$6:D$105,2,0)) -> 54 | N29: =M29*L29 -> 0 | P29: =O29*I29 -> 0 | Q29: =P29+N29 -> 0 | S29: =((((N29*(1+$D$7))+(P29*(1+$D$5+$D$6)))*(1+$D$8)))/I29 -> 0 | T29: =S29*I29 -> 0
A30: =IF(J30<>"",1+MAX($A$18:A29),"") -> 10 | D30: DIV-01 | E30: General Requirements | F30: Roof Inspection | G30: 1 | H30: =IF(VLOOKUP(J30,'HOURLY RATES'!B$116:C$124,2,0)=0,$J$3,VLOOKUP(J30,'HOURLY RATES'!B$116:C$124,2,0)) -> 0 | I30: =(G30*(1+H30)) -> 1 | J30: LS | L30: =K30*I30 -> 0 | M30: =IF(VLOOKUP(E30,'HOURLY RATES'!C$6:D$105,2,0)=0,$E$3,VLOOKUP(E30,'HOURLY RATES'!C$6:D$105,2,0)) -> 54 | N30: =M30*L30 -> 0 | P30: =O30*I30 -> 0 | Q30: =P30+N30 -> 0 | S30: =((((N30*(1+$D$7))+(P30*(1+$D$5+$D$6)))*(1+$D$8)))/I30 -> 0 | T30: =S30*I30 -> 0
A31: =IF(J31<>"",1+MAX($A$18:A30),"") -> 11 | D31: DIV-01 | E31: General Requirements | F31: Blueprints (?? Pages) | G31: 1 | H31: =IF(VLOOKUP(J31,'HOURLY RATES'!B$116:C$124,2,0)=0,$J$3,VLOOKUP(J31,'HOURLY RATES'!B$116:C$124,2,0)) -> 0 | I31: =(G31*(1+H31)) -> 1 | J31: LS | L31: =K31*I31 -> 0 | M31: =IF(VLOOKUP(E31,'HOURLY RATES'!C$6:D$105,2,0)=0,$E$3,VLOOKUP(E31,'HOURLY RATES'!C$6:D$105,2,0)) -> 54 | N31: =M31*L31 -> 0 | P31: =O31*I31 -> 0 | Q31: =P31+N31 -> 0 | S31: =((((N31*(1+$D$7))+(P31*(1+$D$5+$D$6)))*(1+$D$8)))/I31 -> 0 | T31: =S31*I31 -> 0
A32: =IF(J32<>"",1+MAX($A$18:A31),"")
A33: =IF(J33<>"",1+MAX($A$18:A32),"") | F33: Utilities
A34: =IF(J34<>"",1+MAX($A$18:A33),"") -> 12 | D34: DIV-01 | E34: General Requirements | F34: Utilities During Construction (Based On Interior Finish Area) | G34: 1 | H34: =IF(VLOOKUP(J34,'HOURLY RATES'!B$116:C$124,2,0)=0,$J$3,VLOOKUP(J34,'HOURLY RATES'!B$116:C$124,2,0)) -> 0 | I34: =(G34*(1+H34)) -> 1 | J34: LS | K34: =(0.288%*(S18)/M34)*2 -> 10.021932 | L34: =K34*I34 -> 10.021932 | M34: =IF(VLOOKUP(E34,'HOURLY RATES'!C$6:D$105,2,0)=0,$E$3,VLOOKUP(E34,'HOURLY RATES'!C$6:D$105,2,0)) -> 54 | N34: =M34*L34 -> 541.18434 | P34: =O34*I34 -> 0 | Q34: =P34+N34 -> 541.18434 | S34: =((((N34*(1+$D$7))+(P34*(1+$D$5+$D$6)))*(1+$D$8)))/I34 -> 659.16253 | T34: =S34*I34 -> 659.16253
A35: =IF(J35<>"",1+MAX($A$18:A34),"") -> 13 | D35: DIV-01 | E35: General Requirements | F35: Port-O-Potty (Based On Interior Finish Area) | G35: 1 | H35: =IF(VLOOKUP(J35,'HOURLY RATES'!B$116:C$124,2,0)=0,$J$3,VLOOKUP(J35,'HOURLY RATES'!B$116:C$124,2,0)) -> 0 | I35: =(G35*(1+H35)) -> 1 | J35: LS | L35: =K35*I35 -> 0 | M35: =IF(VLOOKUP(E35,'HOURLY RATES'!C$6:D$105,2,0)=0,$E$3,VLOOKUP(E35,'HOURLY RATES'!C$6:D$105,2,0)) -> 54 | N35: =M35*L35 -> 0 | P35: =O35*I35 -> 0 | Q35: =P35+N35 -> 0 | S35: =((((N35*(1+$D$7))+(P35*(1+$D$5+$D$6)))*(1+$D$8)))/I35 -> 0 | T35: =S35*I35 -> 0
A36: =IF(J36<>"",1+MAX($A$18:A35),"") -> 14 | D36: DIV-01 | E36: General Requirements | F36: Temporary Power (Based On Interior Finish Area) | G36: 1 | H36: =IF(VLOOKUP(J36,'HOURLY RATES'!B$116:C$124,2,0)=0,$J$3,VLOOKUP(J36,'HOURLY RATES'!B$116:C$124,2,0)) -> 0 | I36: =(G36*(1+H36)) -> 1 | J36: LS | K36: =(0.65%*(S18)/M36)*1.77 -> 20.017766 | L36: =K36*I36 -> 20.017766 | M36: =IF(VLOOKUP(E36,'HOURLY RATES'!C$6:D$105,2,0)=0,$E$3,VLOOKUP(E36,'HOURLY RATES'!C$6:D$105,2,0)) -> 54 | N36: =M36*L36 -> 1080.9593 | P36: =O36*I36 -> 0 | Q36: =P36+N36 -> 1080.9593 | S36: =((((N36*(1+$D$7))+(P36*(1+$D$5+$D$6)))*(1+$D$8)))/I36 -> 1316.6085 | T36: =S36*I36 -> 1316.6085
A37: =IF(J37<>"",1+MAX($A$18:A36),"")
A38: =IF(J38<>"",1+MAX($A$18:A37),"") | F38: Equipment And Tools
A39: =IF(J39<>"",1+MAX($A$18:A38),"") -> 15 | D39: DIV-01 | E39: General Requirements | F39: Tool Rentals | G39: 1 | H39: =IF(VLOOKUP(J39,'HOURLY RATES'!B$116:C$124,2,0)=0,$J$3,VLOOKUP(J39,'HOURLY RATES'!B$116:C$124,2,0)) -> 0 | I39: =(G39*(1+H39)) -> 1 | J39: LS | L39: =K39*I39 -> 0 | M39: =IF(VLOOKUP(E39,'HOURLY RATES'!C$6:D$105,2,0)=0,$E$3,VLOOKUP(E39,'HOURLY RATES'!C$6:D$105,2,0)) -> 54 | N39: =M39*L39 -> 0 | P39: =O39*I39 -> 0 | Q39: =P39+N39 -> 0 | S39: =((((N39*(1+$D$7))+(P39*(1+$D$5+$D$6)))*(1+$D$8)))/I39 -> 0 | T39: =S39*I39 -> 0
A40: =IF(J40<>"",1+MAX($A$18:A39),"") -> 16 | D40: DIV-01 | E40: General Requirements | F40: Tool Shed | G40: 1 | H40: =IF(VLOOKUP(J40,'HOURLY RATES'!B$116:C$124,2,0)=0,$J$3,VLOOKUP(J40,'HOURLY RATES'!B$116:C$124,2,0)) -> 0 | I40: =(G40*(1+H40)) -> 1 | J40: LS | L40: =K40*I40 -> 0 | M40: =IF(VLOOKUP(E40,'HOURLY RATES'!C$6:D$105,2,0)=0,$E$3,VLOOKUP(E40,'HOURLY RATES'!C$6:D$105,2,0)) -> 54 | N40: =M40*L40 -> 0 | P40: =O40*I40 -> 0 | Q40: =P40+N40 -> 0 | S40: =((((N40*(1+$D$7))+(P40*(1+$D$5+$D$6)))*(1+$D$8)))/I40 -> 0 | T40: =S40*I40 -> 0
A41: =IF(J41<>"",1+MAX($A$18:A40),"") -> 17 | D41: DIV-01 | E41: General Requirements | F41: Dust Control | G41: 1 | H41: =IF(VLOOKUP(J41,'HOURLY RATES'!B$116:C$124,2,0)=0,$J$3,VLOOKUP(J41,'HOURLY RATES'!B$116:C$124,2,0)) -> 0 | I41: =(G41*(1+H41)) -> 1 | J41: LS | L41: =K41*I41 -> 0 | M41: =IF(VLOOKUP(E41,'HOURLY RATES'!C$6:D$105,2,0)=0,$E$3,VLOOKUP(E41,'HOURLY RATES'!C$6:D$105,2,0)) -> 54 | N41: =M41*L41 -> 0 | P41: =O41*I41 -> 0 | Q41: =P41+N41 -> 0 | S41: =((((N41*(1+$D$7))+(P41*(1+$D$5+$D$6)))*(1+$D$8)))/I41 -> 0 | T41: =S41*I41 -> 0
A42: =IF(J42<>"",1+MAX($A$18:A41),"") -> 18 | D42: DIV-01 | E42: General Requirements | F42: Ice, Water, Beverages | G42: 1 | H42: =IF(VLOOKUP(J42,'HOURLY RATES'!B$116:C$124,2,0)=0,$J$3,VLOOKUP(J42,'HOURLY RATES'!B$116:C$124,2,0)) -> 0 | I42: =(G42*(1+H42)) -> 1 | J42: LS | L42: =K42*I42 -> 0 | M42: =IF(VLOOKUP(E42,'HOURLY RATES'!C$6:D$105,2,0)=0,$E$3,VLOOKUP(E42,'HOURLY RATES'!C$6:D$105,2,0)) -> 54 | N42: =M42*L42 -> 0 | P42: =O42*I42 -> 0 | Q42: =P42+N42 -> 0 | S42: =((((N42*(1+$D$7))+(P42*(1+$D$5+$D$6)))*(1+$D$8)))/I42 -> 0 | T42: =S42*I42 -> 0
A43: =IF(J43<>"",1+MAX($A$18:A42),"") -> 19 | D43: DIV-01 | E43: General Requirements | F43: Garbage Dumpster / Trash Containers | G43: 1 | H43: =IF(VLOOKUP(J43,'HOURLY RATES'!B$116:C$124,2,0)=0,$J$3,VLOOKUP(J43,'HOURLY RATES'!B$116:C$124,2,0)) -> 0 | I43: =(G43*(1+H43)) -> 1 | J43: LS | L43: =K43*I43 -> 0 | M43: =IF(VLOOKUP(E43,'HOURLY RATES'!C$6:D$105,2,0)=0,$E$3,VLOOKUP(E43,'HOURLY RATES'!C$6:D$105,2,0)) -> 54 | N43: =M43*L43 -> 0 | P43: =O43*I43 -> 0 | Q43: =P43+N43 -> 0 | S43: =((((N43*(1+$D$7))+(P43*(1+$D$5+$D$6)))*(1+$D$8)))/I43 -> 0 | T43: =S43*I43 -> 0
A44: =IF(J44<>"",1+MAX($A$18:A43),"") -> 20 | D44: DIV-01 | E44: General Requirements | F44: Mobilization/Demobilization (Temporary Control & Facilities) | G44: 1 | H44: =IF(VLOOKUP(J44,'HOURLY RATES'!B$116:C$124,2,0)=0,$J$3,VLOOKUP(J44,'HOURLY RATES'!B$116:C$124,2,0)) -> 0 | I44: =(G44*(1+H44)) -> 1 | J44: LS | K44: =2.2%*($S$18)/M44 -> 38.278213 | L44: =K44*I44 -> 38.278213 | M44: =IF(VLOOKUP(E44,'HOURLY RATES'!C$6:D$105,2,0)=0,$E$3,VLOOKUP(E44,'HOURLY RATES'!C$6:D$105,2,0)) -> 54 | N44: =M44*L44 -> 2067.0235 | P44: =O44*I44 -> 0 | Q44: =P44+N44 -> 2067.0235 | S44: =((((N44*(1+$D$7))+(P44*(1+$D$5+$D$6)))*(1+$D$8)))/I44 -> 2517.6346 | T44: =S44*I44 -> 2517.6346
A45: =IF(J45<>"",1+MAX($A$18:A44),"")
A46: =IF(J46<>"",1+MAX($A$18:A45),"") | F46: Signage And Promotion
A47: =IF(J47<>"",1+MAX($A$18:A46),"") -> 21 | D47: DIV-01 | E47: General Requirements | F47: Job Signs | G47: 1 | H47: =IF(VLOOKUP(J47,'HOURLY RATES'!B$116:C$124,2,0)=0,$J$3,VLOOKUP(J47,'HOURLY RATES'!B$116:C$124,2,0)) -> 0 | I47: =(G47*(1+H47)) -> 1 | J47: LS | L47: =K47*I47 -> 0 | M47: =IF(VLOOKUP(E47,'HOURLY RATES'!C$6:D$105,2,0)=0,$E$3,VLOOKUP(E47,'HOURLY RATES'!C$6:D$105,2,0)) -> 54 | N47: =M47*L47 -> 0 | P47: =O47*I47 -> 0 | Q47: =P47+N47 -> 0 | S47: =((((N47*(1+$D$7))+(P47*(1+$D$5+$D$6)))*(1+$D$8)))/I47 -> 0 | T47: =S47*I47 -> 0
A48: =IF(J48<>"",1+MAX($A$18:A47),"") -> 22 | D48: DIV-01 | E48: General Requirements | F48: Job Photos | G48: 1 | H48: =IF(VLOOKUP(J48,'HOURLY RATES'!B$116:C$124,2,0)=0,$J$3,VLOOKUP(J48,'HOURLY RATES'!B$116:C$124,2,0)) -> 0 | I48: =(G48*(1+H48)) -> 1 | J48: LS | L48: =K48*I48 -> 0 | M48: =IF(VLOOKUP(E48,'HOURLY RATES'!C$6:D$105,2,0)=0,$E$3,VLOOKUP(E48,'HOURLY RATES'!C$6:D$105,2,0)) -> 54 | N48: =M48*L48 -> 0 | P48: =O48*I48 -> 0 | Q48: =P48+N48 -> 0 | S48: =((((N48*(1+$D$7))+(P48*(1+$D$5+$D$6)))*(1+$D$8)))/I48 -> 0 | T48: =S48*I48 -> 0
A49: =IF(J49<>"",1+MAX($A$18:A48),"") -> 23 | D49: DIV-01 | E49: General Requirements | F49: Signage | G49: 1 | H49: =IF(VLOOKUP(J49,'HOURLY RATES'!B$116:C$124,2,0)=0,$J$3,VLOOKUP(J49,'HOURLY RATES'!B$116:C$124,2,0)) -> 0 | I49: =(G49*(1+H49)) -> 1 | J49: LS | L49: =K49*I49 -> 0 | M49: =IF(VLOOKUP(E49,'HOURLY RATES'!C$6:D$105,2,0)=0,$E$3,VLOOKUP(E49,'HOURLY RATES'!C$6:D$105,2,0)) -> 54 | N49: =M49*L49 -> 0 | P49: =O49*I49 -> 0 | Q49: =P49+N49 -> 0 | S49: =((((N49*(1+$D$7))+(P49*(1+$D$5+$D$6)))*(1+$D$8)))/I49 -> 0 | T49: =S49*I49 -> 0
A50: =IF(J50<>"",1+MAX($A$18:A49),"") -> 24 | D50: DIV-01 | E50: General Requirements | F50: Promotion/Entertainment | G50: 1 | H50: =IF(VLOOKUP(J50,'HOURLY RATES'!B$116:C$124,2,0)=0,$J$3,VLOOKUP(J50,'HOURLY RATES'!B$116:C$124,2,0)) -> 0 | I50: =(G50*(1+H50)) -> 1 | J50: LS | L50: =K50*I50 -> 0 | M50: =IF(VLOOKUP(E50,'HOURLY RATES'!C$6:D$105,2,0)=0,$E$3,VLOOKUP(E50,'HOURLY RATES'!C$6:D$105,2,0)) -> 54 | N50: =M50*L50 -> 0 | P50: =O50*I50 -> 0 | Q50: =P50+N50 -> 0 | S50: =((((N50*(1+$D$7))+(P50*(1+$D$5+$D$6)))*(1+$D$8)))/I50 -> 0 | T50: =S50*I50 -> 0
A51: =IF(J51<>"",1+MAX($A$18:A50),"") -> 25 | D51: DIV-01 | E51: General Requirements | F51: Misc. | G51: 1 | H51: =IF(VLOOKUP(J51,'HOURLY RATES'!B$116:C$124,2,0)=0,$J$3,VLOOKUP(J51,'HOURLY RATES'!B$116:C$124,2,0)) -> 0 | I51: =(G51*(1+H51)) -> 1 | J51: LS | L51: =K51*I51 -> 0 | M51: =IF(VLOOKUP(E51,'HOURLY RATES'!C$6:D$105,2,0)=0,$E$3,VLOOKUP(E51,'HOURLY RATES'!C$6:D$105,2,0)) -> 54 | N51: =M51*L51 -> 0 | P51: =O51*I51 -> 0 | Q51: =P51+N51 -> 0 | S51: =((((N51*(1+$D$7))+(P51*(1+$D$5+$D$6)))*(1+$D$8)))/I51 -> 0 | T51: =S51*I51 -> 0
A52: =IF(J52<>"",1+MAX($A$18:A51),"")
A53: =IF(J53<>"",1+MAX($A$18:A52),"") | F53: Cleaning And Final
A54: =IF(J54<>"",1+MAX($A$18:A53),"") -> 26 | D54: DIV-01 | E54: General Requirements | F54: Trash | G54: 1 | H54: =IF(VLOOKUP(J54,'HOURLY RATES'!B$116:C$124,2,0)=0,$J$3,VLOOKUP(J54,'HOURLY RATES'!B$116:C$124,2,0)) -> 0 | I54: =(G54*(1+H54)) -> 1 | J54: LS | L54: =K54*I54 -> 0 | M54: =IF(VLOOKUP(E54,'HOURLY RATES'!C$6:D$105,2,0)=0,$E$3,VLOOKUP(E54,'HOURLY RATES'!C$6:D$105,2,0)) -> 54 | N54: =M54*L54 -> 0 | P54: =O54*I54 -> 0 | Q54: =P54+N54 -> 0 | S54: =((((N54*(1+$D$7))+(P54*(1+$D$5+$D$6)))*(1+$D$8)))/I54 -> 0 | T54: =S54*I54 -> 0
A55: =IF(J55<>"",1+MAX($A$18:A54),"") -> 27 | D55: DIV-01 | E55: General Requirements | F55: Final Cleaning | G55: 1 | H55: =IF(VLOOKUP(J55,'HOURLY RATES'!B$116:C$124,2,0)=0,$J$3,VLOOKUP(J55,'HOURLY RATES'!B$116:C$124,2,0)) -> 0 | I55: =(G55*(1+H55)) -> 1 | J55: LS | L55: =K55*I55 -> 0 | M55: =IF(VLOOKUP(E55,'HOURLY RATES'!C$6:D$105,2,0)=0,$E$3,VLOOKUP(E55,'HOURLY RATES'!C$6:D$105,2,0)) -> 54 | N55: =M55*L55 -> 0 | P55: =O55*I55 -> 0 | Q55: =P55+N55 -> 0 | S55: =((((N55*(1+$D$7))+(P55*(1+$D$5+$D$6)))*(1+$D$8)))/I55 -> 0 | T55: =S55*I55 -> 0
A56: =IF(J56<>"",1+MAX($A$18:A55),"") -> 28 | D56: DIV-01 | E56: General Requirements | F56: Window Washing (Rough # Of Windows ) | G56: 1 | H56: =IF(VLOOKUP(J56,'HOURLY RATES'!B$116:C$124,2,0)=0,$J$3,VLOOKUP(J56,'HOURLY RATES'!B$116:C$124,2,0)) -> 0 | I56: =(G56*(1+H56)) -> 1 | J56: LS | L56: =K56*I56 -> 0 | M56: =IF(VLOOKUP(E56,'HOURLY RATES'!C$6:D$105,2,0)=0,$E$3,VLOOKUP(E56,'HOURLY RATES'!C$6:D$105,2,0)) -> 54 | N56: =M56*L56 -> 0 | P56: =O56*I56 -> 0 | Q56: =P56+N56 -> 0 | S56: =((((N56*(1+$D$7))+(P56*(1+$D$5+$D$6)))*(1+$D$8)))/I56 -> 0 | T56: =S56*I56 -> 0
A57: =IF(J57<>"",1+MAX($A$18:A56),"") -> 29 | D57: DIV-01 | E57: General Requirements | F57: Punch List Items | G57: 1 | H57: =IF(VLOOKUP(J57,'HOURLY RATES'!B$116:C$124,2,0)=0,$J$3,VLOOKUP(J57,'HOURLY RATES'!B$116:C$124,2,0)) -> 0 | I57: =(G57*(1+H57)) -> 1 | J57: LS | L57: =K57*I57 -> 0 | M57: =IF(VLOOKUP(E57,'HOURLY RATES'!C$6:D$105,2,0)=0,$E$3,VLOOKUP(E57,'HOURLY RATES'!C$6:D$105,2,0)) -> 54 | N57: =M57*L57 -> 0 | P57: =O57*I57 -> 0 | Q57: =P57+N57 -> 0 | S57: =((((N57*(1+$D$7))+(P57*(1+$D$5+$D$6)))*(1+$D$8)))/I57 -> 0 | T57: =S57*I57 -> 0
A58: =IF(J58<>"",1+MAX($A$18:A57),"")
A59: =IF(J59<>"",1+MAX($A$18:A58),"") | F59: Bonds, Insurance, Legal
